Workbook

Sheet 第８号様式（交付決定）
A2: 【第8号様式別紙】事業費経費別明細 | H2: （単位：円）
A4: 申請コース | F4: 助成率
F5: 交付決定額（単位：円）
A6: 【総事業費】 | B6: =$F$54 -> 0
A7: 【助成対象経費】 | B7: =$G$54 -> 0
A8: 【助成金の予定額】 | C8: 申請対象経費総合計×助成率※（千円未満切捨）
C9: ※助成率：江戸の伝統文化コースは４分の３、伝統文化コースは３分の２
A10: ■資金調達実績（単位:円）
A11: 自己資金（①）
A12: 借入金（②）
A13: その他（③）
A14: 合計（①＋②＋③） | B14: =SUM(B11:B13) -> 0
A16: ■収益（単位:円）
A17: 事業の実施に伴う収入（①）
A18: 自主財源分（②）
A19: 収益（①－②） | B19: =B17-B18 -> 0
A21: ■支出詳細 | F21: ※自動計算 （単位×数量）
A22: 支払予定先 （契約予定先） | B22: 経費区分 （リストから選択） | C22: 経費名称 | D22: 単 価 （単位：円） | E22: 数量 | F22: 総額 （単位：円） | G22: 内 助成対象経費 （単位：円） | H22: 備 考
F24: =D24*E24 -> 0
F25: =D25*E25 -> 0
F26: =D26*E26 -> 0
F27: =D27*E27 -> 0
F28: =D28*E28 -> 0
F29: =D29*E29 -> 0
F30: =D30*E30 -> 0
F31: =D31*E31 -> 0
F32: =D32*E32 -> 0
F33: =D33*E33 -> 0
F34: =D34*E34 -> 0
F35: =D35*E35 -> 0
... F53: =D53*E53 -> 0
A54: 合計 | F54: =SUM(F24:F53) -> 0 | G54: =SUM(G24:G53) -> 0
F55: 【総事業費】 | G55: 【助成対象経費】
A57: ※参加費等収入ある場合は下記へ記入すること。
A58: 収入項目名： | F58: 収入額：
A59: ＊記入欄が足りない場合は、適宜追加して記入すること。

Sheet 【記入例】参考
A1: 【事業計画書別紙】事業費経費別明細
A3: 申請コース | B3: 江戸の伝統文化コース
A5: 【総事業費】 | B5: =$F$66 -> 2574000 | C5: ※自動計算
A6: 【助成対象経費】 | B6: =$G$66 -> 2240000 | C6: ※自動計算
A7: 【助成金交付申請額】 | B7: =IFERROR( MIN(ROUNDDOWN(B6*#REF!,-3),#REF!), 0) -> 0 | C7: ※自動計算（千円未満の端数切捨て）
A9: ■資金調達計画（単位:円）
A10: 自己資金（①） | B10: 4609000
A11: 借入金（②） | B11: 0
A12: その他（③） | B12: 0
A13: 合計（①＋②＋③） | B13: =SUM(B10:B12) -> 4609000 | C13: ※自動計算
A15: ■収益（単位:円）
A16: 事業の実施に伴う収入（①） | B16: =G69 -> 0 | C16: （＝【収入額合計】）
A17: 自主財源分（②） | B17: =$B$5-$B$7 -> 2574000 | C17: （＝【総事業費】－【助成金交付申請額】）
A18: 収益（①－②） | B18: =B16-B17 -> -2574000 | C18: =IF(B18<=0,"※自動計算","【警告】収益が発生しています（交付確定額は収益を控除して算出します）") -> ※自動計算
A20: ■支出詳細 | F20: ※自動計算 (単価×数量) | I20: ※印刷不要
A21: 支払予定先 （契約予定先） | B21: 経費区分 （リストから選択） | C21: 経費名称 | D21: 単価 （単位:円） | E21: 数量 | F21: 総額 （単位:円） | G21: 内 助成対象経費 （単位:円） | H21: 備 考 | I21: 経費種類取得用
A22: △△株式会社 | B22: 会場・設営及び運営に要する経費 | C22: 会場費 | D22: 500000 | E22: 1 | F22: =テーブル4[[#This Row],[単価 （単位:円）]]*テーブル4[[#This Row],[数量]] -> 500000 | G22: 500000 | H22: 会場費２日分 | I22: =IFERROR(VLOOKUP($B22, [1]マスタ!G:H, 2, FALSE), "0") -> 0
B23: 効果測定に係る経費 | C23: アンケート及び人流データ分析 | D23: 500000 | E23: 1 | F23: =テーブル4[[#This Row],[単価 （単位:円）]]*テーブル4[[#This Row],[数量]] -> 500000 | G23: 500000 | I23: =IFERROR(VLOOKUP($B23, [1]マスタ!G:H, 2, FALSE), "0") -> 1
B24: 消費税 | D24: 100000 | E24: 1 | F24: =テーブル4[[#This Row],[単価 （単位:円）]]*テーブル4[[#This Row],[数量]] -> 100000 | I24: =IFERROR(VLOOKUP($B24, [1]マスタ!G:H, 2, FALSE), "0") -> 2
I25: =IFERROR(VLOOKUP($B25, [1]マスタ!G:H, 2, FALSE), "0") -> 0
A26: 株式会社◇◇ | B26: 広告・宣伝費 | C26: SNS広告配信 | D26: 500000 | E26: 2 | F26: =テーブル4[[#This Row],[単価 （単位:円）]]*テーブル4[[#This Row],[数量]] -> 1000000 | G26: 900000 | I26: =IFERROR(VLOOKUP($B26, [1]マスタ!G:H, 2, FALSE), "0") -> 0
B27: 消費税 | D27: 100000 | E27: 1 | F27: =テーブル4[[#This Row],[単価 （単位:円）]]*テーブル4[[#This Row],[数量]] -> 100000 | I27: =IFERROR(VLOOKUP($B27, [1]マスタ!G:H, 2, FALSE), "0") -> 2
I28: =IFERROR(VLOOKUP($B28, [1]マスタ!G:H, 2, FALSE), "0") -> 0
A29: 株式会社×× | B29: ガイド人材の育成に係る経費 | C29: ガイド向け教材費 | D29: 1500 | E29: 200 | F29: =テーブル4[[#This Row],[単価 （単位:円）]]*テーブル4[[#This Row],[数量]] -> 300000 | G29: 300000 | I29: =IFERROR(VLOOKUP($B29, [1]マスタ!G:H, 2, FALSE), "0") -> 1
B30: 消耗品購入経費 | C30: ペン | D30: 200 | E30: 200 | F30: =テーブル4[[#This Row],[単価 （単位:円）]]*テーブル4[[#This Row],[数量]] -> 40000 | G30: 40000 | I30: =IFERROR(VLOOKUP($B30, [1]マスタ!G:H, 2, FALSE), "0") -> 0
B31: 消費税 | D31: 34000 | E31: 1 | F31: =テーブル4[[#This Row],[単価 （単位:円）]]*テーブル4[[#This Row],[数量]] -> 34000 | I31: =IFERROR(VLOOKUP($B31, [1]マスタ!G:H, 2, FALSE), "0") -> 2
I32: =IFERROR(VLOOKUP($B32, [1]マスタ!G:H, 2, FALSE), "0") -> 0
F33: =テーブル4[[#This Row],[単価 （単位:円）]]*テーブル4[[#This Row],[数量]] -> 0 | I33: =IFERROR(VLOOKUP($B33, [1]マスタ!G:H, 2, FALSE), "0") -> 0
F34: =テーブル4[[#This Row],[単価 （単位:円）]]*テーブル4[[#This Row],[数量]] -> 0 | I34: =IFERROR(VLOOKUP($B34, [1]マスタ!G:H, 2, FALSE), "0") -> 0
F35: =テーブル4[[#This Row],[単価 （単位:円）]]*テーブル4[[#This Row],[数量]] -> 0 | I35: =IFERROR(VLOOKUP($B35, [1]マスタ!G:H, 2, FALSE), "0") -> 0
F36: =テーブル4[[#This Row],[単価 （単位:円）]]*テーブル4[[#This Row],[数量]] -> 0 | I36: =IFERROR(VLOOKUP($B36, [1]マスタ!G:H, 2, FALSE), "0") -> 0
F37: =テーブル4[[#This Row],[単価 （単位:円）]]*テーブル4[[#This Row],[数量]] -> 0 | I37: =IFERROR(VLOOKUP($B37, [1]マスタ!G:H, 2, FALSE), "0") -> 0
F38: =テーブル4[[#This Row],[単価 （単位:円）]]*テーブル4[[#This Row],[数量]] -> 0 | I38: =IFERROR(VLOOKUP($B38, [1]マスタ!G:H, 2, FALSE), "0") -> 0
F39: =テーブル4[[#This Row],[単価 （単位:円）]]*テーブル4[[#This Row],[数量]] -> 0 | I39: =IFERROR(VLOOKUP($B39, [1]マスタ!G:H, 2, FALSE), "0") -> 0
F40: =テーブル4[[#This Row],[単価 （単位:円）]]*テーブル4[[#This Row],[数量]] -> 0 | I40: =IFERROR(VLOOKUP($B40, [1]マスタ!G:H, 2, FALSE), "0") -> 0
F41: =テーブル4[[#This Row],[単価 （単位:円）]]*テーブル4[[#This Row],[数量]] -> 0 | I41: =IFERROR(VLOOKUP($B41, [1]マスタ!G:H, 2, FALSE), "0") -> 0
F42: =テーブル4[[#This Row],[単価 （単位:円）]]*テーブル4[[#This Row],[数量]] -> 0 | I42: =IFERROR(VLOOKUP($B42, [1]マスタ!G:H, 2, FALSE), "0") -> 0
F43: =テーブル4[[#This Row],[単価 （単位:円）]]*テーブル4[[#This Row],[数量]] -> 0 | G43: =IF(I43=1, F43, IF(I43=2, "―", IF(AND(I43="0", OR(D43<>"", E43<>"")), "経費区分未選択", "0"))) -> 0 | I43: =IFERROR(VLOOKUP($B43, [1]マスタ!G:H, 2, FALSE), "0") -> 0
F44: =テーブル4[[#This Row],[単価 （単位:円）]]*テーブル4[[#This Row],[数量]] -> 0 | G44: =IF(I44=1, F44, IF(I44=2, "―", IF(AND(I44="0", OR(D44<>"", E44<>"")), "経費区分未選択", "0"))) -> 0 | I44: =IFERROR(VLOOKUP($B44, [1]マスタ!G:H, 2, FALSE), "0") -> 0
F45: =テーブル4[[#This Row],[単価 （単位:円）]]*テーブル4[[#This Row],[数量]] -> 0 | G45: =IF(I45=1, F45, IF(I45=2, "―", IF(AND(I45="0", OR(D45<>"", E45<>"")), "経費区分未選択", "0"))) -> 0 | I45: =IFERROR(VLOOKUP($B45, [1]マスタ!G:H, 2, FALSE), "0") -> 0
F46: =テーブル4[[#This Row],[単価 （単位:円）]]*テーブル4[[#This Row],[数量]] -> 0 | G46: =IF(I46=1, F46, IF(I46=2, "―", IF(AND(I46="0", OR(D46<>"", E46<>"")), "経費区分未選択", "0"))) -> 0 | I46: =IFERROR(VLOOKUP($B46, [1]マスタ!G:H, 2, FALSE), "0") -> 0
F47: =テーブル4[[#This Row],[単価 （単位:円）]]*テーブル4[[#This Row],[数量]] -> 0 | G47: =IF(I47=1, F47, IF(I47=2, "―", IF(AND(I47="0", OR(D47<>"", E47<>"")), "経費区分未選択", "0"))) -> 0 | I47: =IFERROR(VLOOKUP($B47, [1]マスタ!G:H, 2, FALSE), "0") -> 0
F48: =テーブル4[[#This Row],[単価 （単位:円）]]*テーブル4[[#This Row],[数量]] -> 0 | G48: =IF(I48=1, F48, IF(I48=2, "―", IF(AND(I48="0", OR(D48<>"", E48<>"")), "経費区分未選択", "0"))) -> 0 | I48: =IFERROR(VLOOKUP($B48, [1]マスタ!G:H, 2, FALSE), "0") -> 0
F49: =テーブル4[[#This Row],[単価 （単位:円）]]*テーブル4[[#This Row],[数量]] -> 0 | G49: =IF(I49=1, F49, IF(I49=2, "―", IF(AND(I49="0", OR(D49<>"", E49<>"")), "経費区分未選択", "0"))) -> 0 | I49: =IFERROR(VLOOKUP($B49, [1]マスタ!G:H, 2, FALSE), "0") -> 0
F50: =テーブル4[[#This Row],[単価 （単位:円）]]*テーブル4[[#This Row],[数量]] -> 0 | G50: =IF(I50=1, F50, IF(I50=2, "―", IF(AND(I50="0", OR(D50<>"", E50<>"")), "経費区分未選択", "0"))) -> 0 | I50: =IFERROR(VLOOKUP($B50, [1]マスタ!G:H, 2, FALSE), "0") -> 0
F51: =テーブル4[[#This Row],[単価 （単位:円）]]*テーブル4[[#This Row],[数量]] -> 0 | G51: =IF(I51=1, F51, IF(I51=2, "―", IF(AND(I51="0", OR(D51<>"", E51<>"")), "経費区分未選択", "0"))) -> 0 | I51: =IFERROR(VLOOKUP($B51, [1]マスタ!G:H, 2, FALSE), "0") -> 0
F52: =テーブル4[[#This Row],[単価 （単位:円）]]*テーブル4[[#This Row],[数量]] -> 0 | G52: =IF(I52=1, F52, IF(I52=2, "―", IF(AND(I52="0", OR(D52<>"", E52<>"")), "経費区分未選択", "0"))) -> 0 | I52: =IFERROR(VLOOKUP($B52, [1]マスタ!G:H, 2, FALSE), "0") -> 0
F53: =テーブル4[[#This Row],[単価 （単位:円）]]*テーブル4[[#This Row],[数量]] -> 0 | G53: =IF(I53=1, F53, IF(I53=2, "―", IF(AND(I53="0", OR(D53<>"", E53<>"")), "経費区分未選択", "0"))) -> 0 | I53: =IFERROR(VLOOKUP($B53, [1]マスタ!G:H, 2, FALSE), "0") -> 0
F54: =テーブル4[[#This Row],[単価 （単位:円）]]*テーブル4[[#This Row],[数量]] -> 0 | G54: =IF(I54=1, F54, IF(I54=2, "―", IF(AND(I54="0", OR(D54<>"", E54<>"")), "経費区分未選択", "0"))) -> 0 | I54: =IFERROR(VLOOKUP($B54, [1]マスタ!G:H, 2, FALSE), "0") -> 0
... F65: =テーブル4[[#This Row],[単価 （単位:円）]]*テーブル4[[#This Row],[数量]] -> 0 | G65: =IF(I65=1, F65, IF(I65=2, "―", IF(AND(I65="0", OR(D65<>"", E65<>"")), "経費区分未選択", "0"))) -> 0 | I65: =IFERROR(VLOOKUP($B65, [1]マスタ!G:H, 2, FALSE), "0") -> 0
A66: ＊記入欄が足りない場合は、適宜追加して記入すること。 | E66: 合計 | F66: =SUM(F22:F65) -> 2574000 | G66: =SUM(G22:G65) -> 2240000
F67: 【総事業費】 | G67: 【助成対象経費】
A68: ※参加費等収入ある場合は下記へ記入すること。 | I68: ※参加費等収入ある場合は下記へ記入すること。 | Q68: ※参加費等収入ある場合は下記へ記入すること。 | Y68: ※参加費等収入ある場合は下記へ記入すること。 | AG68: ※参加費等収入ある場合は下記へ記入すること。 | AO68: ※参加費等収入ある場合は下記へ記入すること。 | AW68: ※参加費等収入ある場合は下記へ記入すること。 | BE68: ※参加費等収入ある場合は下記へ記入すること。 | BM68: ※参加費等収入ある場合は下記へ記入すること。 | BU68: ※参加費等収入ある場合は下記へ記入すること。 | CC68: ※参加費等収入ある場合は下記へ記入すること。 | CK68: ※参加費等収入ある場合は下記へ記入すること。 | CS68: ※参加費等収入ある場合は下記へ記入すること。 | DA68: ※参加費等収入ある場合は下記へ記入すること。 | DI68: ※参加費等収入ある場合は下記へ記入すること。 | DQ68: ※参加費等収入ある場合は下記へ記入すること。 | DY68: ※参加費等収入ある場合は下記へ記入すること。 | EG68: ※参加費等収入ある場合は下記へ記入すること。 | EO68: ※参加費等収入ある場合は下記へ記入すること。 | EW68: ※参加費等収入ある場合は下記へ記入すること。 | FE68: ※参加費等収入ある場合は下記へ記入すること。 | FM68: ※参加費等収入ある場合は下記へ記入すること。 | FU68: ※参加費等収入ある場合は下記へ記入すること。 | GC68: ※参加費等収入ある場合は下記へ記入すること。 | GK68: ※参加費等収入ある場合は下記へ記入すること。 | GS68: ※参加費等収入ある場合は下記へ記入すること。 | HA68: ※参加費等収入ある場合は下記へ記入すること。 | HI68: ※参加費等収入ある場合は下記へ記入すること。 | HQ68: ※参加費等収入ある場合は下記へ記入すること。 | HY68: ※参加費等収入ある場合は下記へ記入すること。 | IG68: ※参加費等収入ある場合は下記へ記入すること。 | IO68: ※参加費等収入ある場合は下記へ記入すること。 | IW68: ※参加費等収入ある場合は下記へ記入すること。 | JE68: ※参加費等収入ある場合は下記へ記入すること。 | JM68: ※参加費等収入ある場合は下記へ記入すること。 | JU68: ※参加費等収入ある場合は下記へ記入すること。 | KC68: ※参加費等収入ある場合は下記へ記入すること。 | KK68: ※参加費等収入ある場合は下記へ記入すること。 | KS68: ※参加費等収入ある場合は下記へ記入すること。 | LA68: ※参加費等収入ある場合は下記へ記入すること。 | LI68: ※参加費等収入ある場合は下記へ記入すること。 | LQ68: ※参加費等収入ある場合は下記へ記入すること。 | LY68: ※参加費等収入ある場合は下記へ記入すること。 | MG68: ※参加費等収入ある場合は下記へ記入すること。 | MO68: ※参加費等収入ある場合は下記へ記入すること。 | MW68: ※参加費等収入ある場合は下記へ記入すること。 | NE68: ※参加費等収入ある場合は下記へ記入すること。 | NM68: ※参加費等収入ある場合は下記へ記入すること。 | NU68: ※参加費等収入ある場合は下記へ記入すること。 | OC68: ※参加費等収入ある場合は下記へ記入すること。 | OK68: ※参加費等収入ある場合は下記へ記入すること。 | OS68: ※参加費等収入ある場合は下記へ記入すること。 | PA68: ※参加費等収入ある場合は下記へ記入すること。 | PI68: ※参加費等収入ある場合は下記へ記入すること。 | PQ68: ※参加費等収入ある場合は下記へ記入すること。 | PY68: ※参加費等収入ある場合は下記へ記入すること。 | QG68: ※参加費等収入ある場合は下記へ記入すること。 | QO68: ※参加費等収入ある場合は下記へ記入すること。 | QW68: ※参加費等収入ある場合は下記へ記入すること。 | RE68: ※参加費等収入ある場合は下記へ記入すること。 | RM68: ※参加費等収入ある場合は下記へ記入すること。 | RU68: ※参加費等収入ある場合は下記へ記入すること。 | SC68: ※参加費等収入ある場合は下記へ記入すること。 | SK68: ※参加費等収入ある場合は下記へ記入すること。 | SS68: ※参加費等収入ある場合は下記へ記入すること。 | TA68: ※参加費等収入ある場合は下記へ記入すること。 | TI68: ※参加費等収入ある場合は下記へ記入すること。 | TQ68: ※参加費等収入ある場合は下記へ記入すること。 | TY68: ※参加費等収入ある場合は下記へ記入すること。 | UG68: ※参加費等収入ある場合は下記へ記入すること。 | UO68: ※参加費等収入ある場合は下記へ記入すること。 | UW68: ※参加費等収入ある場合は下記へ記入すること。 | VE68: ※参加費等収入ある場合は下記へ記入すること。 | VM68: ※参加費等収入ある場合は下記へ記入すること。 | VU68: ※参加費等収入ある場合は下記へ記入すること。 | WC68: ※参加費等収入ある場合は下記へ記入すること。 | WK68: ※参加費等収入ある場合は下記へ記入すること。 | WS68: ※参加費等収入ある場合は下記へ記入すること。 | XA68: ※参加費等収入ある場合は下記へ記入すること。 | XI68: ※参加費等収入ある場合は下記へ記入すること。 | XQ68: ※参加費等収入ある場合は下記へ記入すること。 | XY68: ※参加費等収入ある場合は下記へ記入すること。 | YG68: ※参加費等収入ある場合は下記へ記入すること。 | YO68: ※参加費等収入ある場合は下記へ記入すること。 | YW68: ※参加費等収入ある場合は下記へ記入すること。 | ZE68: ※参加費等収入ある場合は下記へ記入すること。 | ZM68: ※参加費等収入ある場合は下記へ記入すること。 | ZU68: ※参加費等収入ある場合は下記へ記入すること。 | AAC68: ※参加費等収入ある場合は下記へ記入すること。 | AAK68: ※参加費等収入ある場合は下記へ記入すること。 | AAS68: ※参加費等収入ある場合は下記へ記入すること。 | ABA68: ※参加費等収入ある場合は下記へ記入すること。 | ABI68: ※参加費等収入ある場合は下記へ記入すること。 | ABQ68: ※参加費等収入ある場合は下記へ記入すること。 | ABY68: ※参加費等収入ある場合は下記へ記入すること。 | ACG68: ※参加費等収入ある場合は下記へ記入すること。 | ACO68: ※参加費等収入ある場合は下記へ記入すること。 | ACW68: ※参加費等収入ある場合は下記へ記入すること。 | ADE68: ※参加費等収入ある場合は下記へ記入すること。 | ADM68: ※参加費等収入ある場合は下記へ記入すること。 | ADU68: ※参加費等収入ある場合は下記へ記入すること。 | AEC68: ※参加費等収入ある場合は下記へ記入すること。 | AEK68: ※参加費等収入ある場合は下記へ記入すること。 | AES68: ※参加費等収入ある場合は下記へ記入すること。 | AFA68: ※参加費等収入ある場合は下記へ記入すること。 | AFI68: ※参加費等収入ある場合は下記へ記入すること。 | AFQ68: ※参加費等収入ある場合は下記へ記入すること。 | AFY68: ※参加費等収入ある場合は下記へ記入すること。 | AGG68: ※参加費等収入ある場合は下記へ記入すること。 | AGO68: ※参加費等収入ある場合は下記へ記入すること。 | AGW68: ※参加費等収入ある場合は下記へ記入すること。 | AHE68: ※参加費等収入ある場合は下記へ記入すること。 | AHM68: ※参加費等収入ある場合は下記へ記入すること。 | AHU68: ※参加費等収入ある場合は下記へ記入すること。 | AIC68: ※参加費等収入ある場合は下記へ記入すること。 | AIK68: ※参加費等収入ある場合は下記へ記入すること。 | AIS68: ※参加費等収入ある場合は下記へ記入すること。 | AJA68: ※参加費等収入ある場合は下記へ記入すること。 | AJI68: ※参加費等収入ある場合は下記へ記入すること。 | AJQ68: ※参加費等収入ある場合は下記へ記入すること。 | AJY68: ※参加費等収入ある場合は下記へ記入すること。 | AKG68: ※参加費等収入ある場合は下記へ記入すること。 | AKO68: ※参加費等収入ある場合は下記へ記入すること。 | AKW68: ※参加費等収入ある場合は下記へ記入すること。 | ALE68: ※参加費等収入ある場合は下記へ記入すること。 | ALM68: ※参加費等収入ある場合は下記へ記入すること。 | ALU68: ※参加費等収入ある場合は下記へ記入すること。 | AMC68: ※参加費等収入ある場合は下記へ記入すること。 | AMK68: ※参加費等収入ある場合は下記へ記入すること。 | AMS68: ※参加費等収入ある場合は下記へ記入すること。 | ANA68: ※参加費等収入ある場合は下記へ記入すること。 | ANI68: ※参加費等収入ある場合は下記へ記入すること。 | ANQ68: ※参加費等収入ある場合は下記へ記入すること。 | ANY68: ※参加費等収入ある場合は下記へ記入すること。 | AOG68: ※参加費等収入ある場合は下記へ記入すること。 | AOO68: ※参加費等収入ある場合は下記へ記入すること。 | AOW68: ※参加費等収入ある場合は下記へ記入すること。 | APE68: ※参加費等収入ある場合は下記へ記入すること。 | APM68: ※参加費等収入ある場合は下記へ記入すること。 | APU68: ※参加費等収入ある場合は下記へ記入すること。 | AQC68: ※参加費等収入ある場合は下記へ記入すること。 | AQK68: ※参加費等収入ある場合は下記へ記入すること。 | AQS68: ※参加費等収入ある場合は下記へ記入すること。 | ARA68: ※参加費等収入ある場合は下記へ記入すること。 | ARI68: ※参加費等収入ある場合は下記へ記入すること。 | ARQ68: ※参加費等収入ある場合は下記へ記入すること。 | ARY68: ※参加費等収入ある場合は下記へ記入すること。 | ASG68: ※参加費等収入ある場合は下記へ記入すること。 | ASO68: ※参加費等収入ある場合は下記へ記入すること。 | ASW68: ※参加費等収入ある場合は下記へ記入すること。 | ATE68: ※参加費等収入ある場合は下記へ記入すること。 | ATM68: ※参加費等収入ある場合は下記へ記入すること。 | ATU68: ※参加費等収入ある場合は下記へ記入すること。 | AUC68: ※参加費等収入ある場合は下記へ記入すること。 | AUK68: ※参加費等収入ある場合は下記へ記入すること。 | AUS68: ※参加費等収入ある場合は下記へ記入すること。 | AVA68: ※参加費等収入ある場合は下記へ記入すること。 | AVI68: ※参加費等収入ある場合は下記へ記入すること。 | AVQ68: ※参加費等収入ある場合は下記へ記入すること。 | AVY68: ※参加費等収入ある場合は下記へ記入すること。 | AWG68: ※参加費等収入ある場合は下記へ記入すること。 | AWO68: ※参加費等収入ある場合は下記へ記入すること。 | AWW68: ※参加費等収入ある場合は下記へ記入すること。 | AXE68: ※参加費等収入ある場合は下記へ記入すること。 | AXM68: ※参加費等収入ある場合は下記へ記入すること。 | AXU68: ※参加費等収入ある場合は下記へ記入すること。 | AYC68: ※参加費等収入ある場合は下記へ記入すること。 | AYK68: ※参加費等収入ある場合は下記へ記入すること。 | AYS68: ※参加費等収入ある場合は下記へ記入すること。 | AZA68: ※参加費等収入ある場合は下記へ記入すること。 | AZI68: ※参加費等収入ある場合は下記へ記入すること。 | AZQ68: ※参加費等収入ある場合は下記へ記入すること。 | AZY68: ※参加費等収入ある場合は下記へ記入すること。 | BAG68: ※参加費等収入ある場合は下記へ記入すること。 | BAO68: ※参加費等収入ある場合は下記へ記入すること。 | BAW68: ※参加費等収入ある場合は下記へ記入すること。 | BBE68: ※参加費等収入ある場合は下記へ記入すること。 | BBM68: ※参加費等収入ある場合は下記へ記入すること。 | BBU68: ※参加費等収入ある場合は下記へ記入すること。 | BCC68: ※参加費等収入ある場合は下記へ記入すること。 | BCK68: ※参加費等収入ある場合は下記へ記入すること。 | BCS68: ※参加費等収入ある場合は下記へ記入すること。 | BDA68: ※参加費等収入ある場合は下記へ記入すること。 | BDI68: ※参加費等収入ある場合は下記へ記入すること。 | BDQ68: ※参加費等収入ある場合は下記へ記入すること。 | BDY68: ※参加費等収入ある場合は下記へ記入すること。 | BEG68: ※参加費等収入ある場合は下記へ記入すること。 | BEO68: ※参加費等収入ある場合は下記へ記入すること。 | BEW68: ※参加費等収入ある場合は下記へ記入すること。 | BFE68: ※参加費等収入ある場合は下記へ記入すること。 | BFM68: ※参加費等収入ある場合は下記へ記入すること。 | BFU68: ※参加費等収入ある場合は下記へ記入すること。 | BGC68: ※参加費等収入ある場合は下記へ記入すること。 | BGK68: ※参加費等収入ある場合は下記へ記入すること。 | BGS68: ※参加費等収入ある場合は下記へ記入すること。 | BHA68: ※参加費等収入ある場合は下記へ記入すること。 | BHI68: ※参加費等収入ある場合は下記へ記入すること。 | BHQ68: ※参加費等収入ある場合は下記へ記入すること。 | BHY68: ※参加費等収入ある場合は下記へ記入すること。 | BIG68: ※参加費等収入ある場合は下記へ記入すること。 | BIO68: ※参加費等収入ある場合は下記へ記入すること。 | BIW68: ※参加費等収入ある場合は下記へ記入すること。 | BJE68: ※参加費等収入ある場合は下記へ記入すること。 | BJM68: ※参加費等収入ある場合は下記へ記入すること。 | BJU68: ※参加費等収入ある場合は下記へ記入すること。 | BKC68: ※参加費等収入ある場合は下記へ記入すること。 | BKK68: ※参加費等収入ある場合は下記へ記入すること。 | BKS68: ※参加費等収入ある場合は下記へ記入すること。 | BLA68: ※参加費等収入ある場合は下記へ記入すること。 | BLI68: ※参加費等収入ある場合は下記へ記入すること。 | BLQ68: ※参加費等収入ある場合は下記へ記入すること。 | BLY68: ※参加費等収入ある場合は下記へ記入すること。 | BMG68: ※参加費等収入ある場合は下記へ記入すること。 | BMO68: ※参加費等収入ある場合は下記へ記入すること。 | BMW68: ※参加費等収入ある場合は下記へ記入すること。 | BNE68: ※参加費等収入ある場合は下記へ記入すること。 | BNM68: ※参加費等収入ある場合は下記へ記入すること。 | BNU68: ※参加費等収入ある場合は下記へ記入すること。 | BOC68: ※参加費等収入ある場合は下記へ記入すること。 | BOK68: ※参加費等収入ある場合は下記へ記入すること。 | BOS68: ※参加費等収入ある場合は下記へ記入すること。 | BPA68: ※参加費等収入ある場合は下記へ記入すること。 | BPI68: ※参加費等収入ある場合は下記へ記入すること。 | BPQ68: ※参加費等収入ある場合は下記へ記入すること。 | BPY68: ※参加費等収入ある場合は下記へ記入すること。 | BQG68: ※参加費等収入ある場合は下記へ記入すること。 | BQO68: ※参加費等収入ある場合は下記へ記入すること。 | BQW68: ※参加費等収入ある場合は下記へ記入すること。 | BRE68: ※参加費等収入ある場合は下記へ記入すること。 | BRM68: ※参加費等収入ある場合は下記へ記入すること。 | BRU68: ※参加費等収入ある場合は下記へ記入すること。 | BSC68: ※参加費等収入ある場合は下記へ記入すること。 | BSK68: ※参加費等収入ある場合は下記へ記入すること。 | BSS68: ※参加費等収入ある場合は下記へ記入すること。 | BTA68: ※参加費等収入ある場合は下記へ記入すること。 | BTI68: ※参加費等収入ある場合は下記へ記入すること。 | BTQ68: ※参加費等収入ある場合は下記へ記入すること。 | BTY68: ※参加費等収入ある場合は下記へ記入すること。 | BUG68: ※参加費等収入ある場合は下記へ記入すること。 | BUO68: ※参加費等収入ある場合は下記へ記入すること。 | BUW68: ※参加費等収入ある場合は下記へ記入すること。 | BVE68: ※参加費等収入ある場合は下記へ記入すること。 | BVM68: ※参加費等収入ある場合は下記へ記入すること。 | BVU68: ※参加費等収入ある場合は下記へ記入すること。 | BWC68: ※参加費等収入ある場合は下記へ記入すること。 | BWK68: ※参加費等収入ある場合は下記へ記入すること。 | BWS68: ※参加費等収入ある場合は下記へ記入すること。 | BXA68: ※参加費等収入ある場合は下記へ記入すること。 | BXI68: ※参加費等収入ある場合は下記へ記入すること。 | BXQ68: ※参加費等収入ある場合は下記へ記入すること。 | BXY68: ※参加費等収入ある場合は下記へ記入すること。 | BYG68: ※参加費等収入ある場合は下記へ記入すること。 | BYO68: ※参加費等収入ある場合は下記へ記入すること。 | BYW68: ※参加費等収入ある場合は下記へ記入すること。 | BZE68: ※参加費等収入ある場合は下記へ記入すること。 | BZM68: ※参加費等収入ある場合は下記へ記入すること。 | BZU68: ※参加費等収入ある場合は下記へ記入すること。 | CAC68: ※参加費等収入ある場合は下記へ記入すること。 | CAK68: ※参加費等収入ある場合は下記へ記入すること。 | CAS68: ※参加費等収入ある場合は下記へ記入すること。 | CBA68: ※参加費等収入ある場合は下記へ記入すること。 | CBI68: ※参加費等収入ある場合は下記へ記入すること。 | CBQ68: ※参加費等収入ある場合は下記へ記入すること。 | CBY68: ※参加費等収入ある場合は下記へ記入すること。 | CCG68: ※参加費等収入ある場合は下記へ記入すること。 | CCO68: ※参加費等収入ある場合は下記へ記入すること。 | CCW68: ※参加費等収入ある場合は下記へ記入すること。 | CDE68: ※参加費等収入ある場合は下記へ記入すること。 | CDM68: ※参加費等収入ある場合は下記へ記入すること。 | CDU68: ※参加費等収入ある場合は下記へ記入すること。 | CEC68: ※参加費等収入ある場合は下記へ記入すること。 | CEK68: ※参加費等収入ある場合は下記へ記入すること。 | CES68: ※参加費等収入ある場合は下記へ記入すること。 | CFA68: ※参加費等収入ある場合は下記へ記入すること。 | CFI68: ※参加費等収入ある場合は下記へ記入すること。 | CFQ68: ※参加費等収入ある場合は下記へ記入すること。 | CFY68: ※参加費等収入ある場合は下記へ記入すること。 | CGG68: ※参加費等収入ある場合は下記へ記入すること。 | CGO68: ※参加費等収入ある場合は下記へ記入すること。 | CGW68: ※参加費等収入ある場合は下記へ記入すること。 | CHE68: ※参加費等収入ある場合は下記へ記入すること。 | CHM68: ※参加費等収入ある場合は下記へ記入すること。 | CHU68: ※参加費等収入ある場合は下記へ記入すること。 | CIC68: ※参加費等収入ある場合は下記へ記入すること。 | CIK68: ※参加費等収入ある場合は下記へ記入すること。 | CIS68: ※参加費等収入ある場合は下記へ記入すること。 | CJA68: ※参加費等収入ある場合は下記へ記入すること。 | CJI68: ※参加費等収入ある場合は下記へ記入すること。 | CJQ68: ※参加費等収入ある場合は下記へ記入すること。 | CJY68: ※参加費等収入ある場合は下記へ記入すること。 | CKG68: ※参加費等収入ある場合は下記へ記入すること。 | CKO68: ※参加費等収入ある場合は下記へ記入すること。 | CKW68: ※参加費等収入ある場合は下記へ記入すること。 | CLE68: ※参加費等収入ある場合は下記へ記入すること。 | CLM68: ※参加費等収入ある場合は下記へ記入すること。 | CLU68: ※参加費等収入ある場合は下記へ記入すること。 | CMC68: ※参加費等収入ある場合は下記へ記入すること。 | CMK68: ※参加費等収入ある場合は下記へ記入すること。 | CMS68: ※参加費等収入ある場合は下記へ記入すること。 | CNA68: ※参加費等収入ある場合は下記へ記入すること。 | CNI68: ※参加費等収入ある場合は下記へ記入すること。 | CNQ68: ※参加費等収入ある場合は下記へ記入すること。 | CNY68: ※参加費等収入ある場合は下記へ記入すること。 | COG68: ※参加費等収入ある場合は下記へ記入すること。 | COO68: ※参加費等収入ある場合は下記へ記入すること。 | COW68: ※参加費等収入ある場合は下記へ記入すること。 | CPE68: ※参加費等収入ある場合は下記へ記入すること。 | CPM68: ※参加費等収入ある場合は下記へ記入すること。 | CPU68: ※参加費等収入ある場合は下記へ記入すること。 | CQC68: ※参加費等収入ある場合は下記へ記入すること。 | CQK68: ※参加費等収入ある場合は下記へ記入すること。 | CQS68: ※参加費等収入ある場合は下記へ記入すること。 | CRA68: ※参加費等収入ある場合は下記へ記入すること。 | CRI68: ※参加費等収入ある場合は下記へ記入すること。 | CRQ68: ※参加費等収入ある場合は下記へ記入すること。 | CRY68: ※参加費等収入ある場合は下記へ記入すること。 | CSG68: ※参加費等収入ある場合は下記へ記入すること。 | CSO68: ※参加費等収入ある場合は下記へ記入すること。 | CSW68: ※参加費等収入ある場合は下記へ記入すること。 | CTE68: ※参加費等収入ある場合は下記へ記入すること。 | CTM68: ※参加費等収入ある場合は下記へ記入すること。 | CTU68: ※参加費等収入ある場合は下記へ記入すること。 | CUC68: ※参加費等収入ある場合は下記へ記入すること。 | CUK68: ※参加費等収入ある場合は下記へ記入すること。 | CUS68: ※参加費等収入ある場合は下記へ記入すること。 | CVA68: ※参加費等収入ある場合は下記へ記入すること。 | CVI68: ※参加費等収入ある場合は下記へ記入すること。 | CVQ68: ※参加費等収入ある場合は下記へ記入すること。 | CVY68: ※参加費等収入ある場合は下記へ記入すること。 | CWG68: ※参加費等収入ある場合は下記へ記入すること。 | CWO68: ※参加費等収入ある場合は下記へ記入すること。 | CWW68: ※参加費等収入ある場合は下記へ記入すること。 | CXE68: ※参加費等収入ある場合は下記へ記入すること。 | CXM68: ※参加費等収入ある場合は下記へ記入すること。 | CXU68: ※参加費等収入ある場合は下記へ記入すること。 | CYC68: ※参加費等収入ある場合は下記へ記入すること。 | CYK68: ※参加費等収入ある場合は下記へ記入すること。 | CYS68: ※参加費等収入ある場合は下記へ記入すること。 | CZA68: ※参加費等収入ある場合は下記へ記入すること。 | CZI68: ※参加費等収入ある場合は下記へ記入すること。 | CZQ68: ※参加費等収入ある場合は下記へ記入すること。 | CZY68: ※参加費等収入ある場合は下記へ記入すること。 | DAG68: ※参加費等収入ある場合は下記へ記入すること。 | DAO68: ※参加費等収入ある場合は下記へ記入すること。 | DAW68: ※参加費等収入ある場合は下記へ記入すること。 | DBE68: ※参加費等収入ある場合は下記へ記入すること。 | DBM68: ※参加費等収入ある場合は下記へ記入すること。 | DBU68: ※参加費等収入ある場合は下記へ記入すること。 | DCC68: ※参加費等収入ある場合は下記へ記入すること。 | DCK68: ※参加費等収入ある場合は下記へ記入すること。 | DCS68: ※参加費等収入ある場合は下記へ記入すること。 | DDA68: ※参加費等収入ある場合は下記へ記入すること。 | DDI68: ※参加費等収入ある場合は下記へ記入すること。 | DDQ68: ※参加費等収入ある場合は下記へ記入すること。 | DDY68: ※参加費等収入ある場合は下記へ記入すること。 | DEG68: ※参加費等収入ある場合は下記へ記入すること。 | DEO68: ※参加費等収入ある場合は下記へ記入すること。 | DEW68: ※参加費等収入ある場合は下記へ記入すること。 | DFE68: ※参加費等収入ある場合は下記へ記入すること。 | DFM68: ※参加費等収入ある場合は下記へ記入すること。 | DFU68: ※参加費等収入ある場合は下記へ記入すること。 | DGC68: ※参加費等収入ある場合は下記へ記入すること。 | DGK68: ※参加費等収入ある場合は下記へ記入すること。 | DGS68: ※参加費等収入ある場合は下記へ記入すること。 | DHA68: ※参加費等収入ある場合は下記へ記入すること。 | DHI68: ※参加費等収入ある場合は下記へ記入すること。 | DHQ68: ※参加費等収入ある場合は下記へ記入すること。 | DHY68: ※参加費等収入ある場合は下記へ記入すること。 | DIG68: ※参加費等収入ある場合は下記へ記入すること。 | DIO68: ※参加費等収入ある場合は下記へ記入すること。 | DIW68: ※参加費等収入ある場合は下記へ記入すること。 | DJE68: ※参加費等収入ある場合は下記へ記入すること。 | DJM68: ※参加費等収入ある場合は下記へ記入すること。 | DJU68: ※参加費等収入ある場合は下記へ記入すること。 | DKC68: ※参加費等収入ある場合は下記へ記入すること。 | DKK68: ※参加費等収入ある場合は下記へ記入すること。 | DKS68: ※参加費等収入ある場合は下記へ記入すること。 | DLA68: ※参加費等収入ある場合は下記へ記入すること。 | DLI68: ※参加費等収入ある場合は下記へ記入すること。 | DLQ68: ※参加費等収入ある場合は下記へ記入すること。 | DLY68: ※参加費等収入ある場合は下記へ記入すること。 | DMG68: ※参加費等収入ある場合は下記へ記入すること。 | DMO68: ※参加費等収入ある場合は下記へ記入すること。 | DMW68: ※参加費等収入ある場合は下記へ記入すること。 | DNE68: ※参加費等収入ある場合は下記へ記入すること。 | DNM68: ※参加費等収入ある場合は下記へ記入すること。 | DNU68: ※参加費等収入ある場合は下記へ記入すること。 | DOC68: ※参加費等収入ある場合は下記へ記入すること。 | DOK68: ※参加費等収入ある場合は下記へ記入すること。 | DOS68: ※参加費等収入ある場合は下記へ記入すること。 | DPA68: ※参加費等収入ある場合は下記へ記入すること。 | DPI68: ※参加費等収入ある場合は下記へ記入すること。 | DPQ68: ※参加費等収入ある場合は下記へ記入すること。 | DPY68: ※参加費等収入ある場合は下記へ記入すること。 | DQG68: ※参加費等収入ある場合は下記へ記入すること。 | DQO68: ※参加費等収入ある場合は下記へ記入すること。 | DQW68: ※参加費等収入ある場合は下記へ記入すること。 | DRE68: ※参加費等収入ある場合は下記へ記入すること。 | DRM68: ※参加費等収入ある場合は下記へ記入すること。 | DRU68: ※参加費等収入ある場合は下記へ記入すること。 | DSC68: ※参加費等収入ある場合は下記へ記入すること。 | DSK68: ※参加費等収入ある場合は下記へ記入すること。 | DSS68: ※参加費等収入ある場合は下記へ記入すること。 | DTA68: ※参加費等収入ある場合は下記へ記入すること。 | DTI68: ※参加費等収入ある場合は下記へ記入すること。 | DTQ68: ※参加費等収入ある場合は下記へ記入すること。 | DTY68: ※参加費等収入ある場合は下記へ記入すること。 | DUG68: ※参加費等収入ある場合は下記へ記入すること。 | DUO68: ※参加費等収入ある場合は下記へ記入すること。 | DUW68: ※参加費等収入ある場合は下記へ記入すること。 | DVE68: ※参加費等収入ある場合は下記へ記入すること。 | DVM68: ※参加費等収入ある場合は下記へ記入すること。 | DVU68: ※参加費等収入ある場合は下記へ記入すること。 | DWC68: ※参加費等収入ある場合は下記へ記入すること。 | DWK68: ※参加費等収入ある場合は下記へ記入すること。 | DWS68: ※参加費等収入ある場合は下記へ記入すること。 | DXA68: ※参加費等収入ある場合は下記へ記入すること。 | DXI68: ※参加費等収入ある場合は下記へ記入すること。 | DXQ68: ※参加費等収入ある場合は下記へ記入すること。 | DXY68: ※参加費等収入ある場合は下記へ記入すること。 | DYG68: ※参加費等収入ある場合は下記へ記入すること。 | DYO68: ※参加費等収入ある場合は下記へ記入すること。 | DYW68: ※参加費等収入ある場合は下記へ記入すること。 | DZE68: ※参加費等収入ある場合は下記へ記入すること。 | DZM68: ※参加費等収入ある場合は下記へ記入すること。 | DZU68: ※参加費等収入ある場合は下記へ記入すること。 | EAC68: ※参加費等収入ある場合は下記へ記入すること。 | EAK68: ※参加費等収入ある場合は下記へ記入すること。 | EAS68: ※参加費等収入ある場合は下記へ記入すること。 | EBA68: ※参加費等収入ある場合は下記へ記入すること。 | EBI68: ※参加費等収入ある場合は下記へ記入すること。 | EBQ68: ※参加費等収入ある場合は下記へ記入すること。 | EBY68: ※参加費等収入ある場合は下記へ記入すること。 | ECG68: ※参加費等収入ある場合は下記へ記入すること。 | ECO68: ※参加費等収入ある場合は下記へ記入すること。 | ECW68: ※参加費等収入ある場合は下記へ記入すること。 | EDE68: ※参加費等収入ある場合は下記へ記入すること。 | EDM68: ※参加費等収入ある場合は下記へ記入すること。 | EDU68: ※参加費等収入ある場合は下記へ記入すること。 | EEC68: ※参加費等収入ある場合は下記へ記入すること。 | EEK68: ※参加費等収入ある場合は下記へ記入すること。 | EES68: ※参加費等収入ある場合は下記へ記入すること。 | EFA68: ※参加費等収入ある場合は下記へ記入すること。 | EFI68: ※参加費等収入ある場合は下記へ記入すること。 | EFQ68: ※参加費等収入ある場合は下記へ記入すること。 | EFY68: ※参加費等収入ある場合は下記へ記入すること。 | EGG68: ※参加費等収入ある場合は下記へ記入すること。 | EGO68: ※参加費等収入ある場合は下記へ記入すること。 | EGW68: ※参加費等収入ある場合は下記へ記入すること。 | EHE68: ※参加費等収入ある場合は下記へ記入すること。 | EHM68: ※参加費等収入ある場合は下記へ記入すること。 | EHU68: ※参加費等収入ある場合は下記へ記入すること。 | EIC68: ※参加費等収入ある場合は下記へ記入すること。 | EIK68: ※参加費等収入ある場合は下記へ記入すること。 | EIS68: ※参加費等収入ある場合は下記へ記入すること。 | EJA68: ※参加費等収入ある場合は下記へ記入すること。 | EJI68: ※参加費等収入ある場合は下記へ記入すること。 | EJQ68: ※参加費等収入ある場合は下記へ記入すること。 | EJY68: ※参加費等収入ある場合は下記へ記入すること。 | EKG68: ※参加費等収入ある場合は下記へ記入すること。 | EKO68: ※参加費等収入ある場合は下記へ記入すること。 | EKW68: ※参加費等収入ある場合は下記へ記入すること。 | ELE68: ※参加費等収入ある場合は下記へ記入すること。 | ELM68: ※参加費等収入ある場合は下記へ記入すること。 | ELU68: ※参加費等収入ある場合は下記へ記入すること。 | EMC68: ※参加費等収入ある場合は下記へ記入すること。 | EMK68: ※参加費等収入ある場合は下記へ記入すること。 | EMS68: ※参加費等収入ある場合は下記へ記入すること。 | ENA68: ※参加費等収入ある場合は下記へ記入すること。 | ENI68: ※参加費等収入ある場合は下記へ記入すること。 | ENQ68: ※参加費等収入ある場合は下記へ記入すること。 | ENY68: ※参加費等収入ある場合は下記へ記入すること。 | EOG68: ※参加費等収入ある場合は下記へ記入すること。 | EOO68: ※参加費等収入ある場合は下記へ記入すること。 | EOW68: ※参加費等収入ある場合は下記へ記入すること。 | EPE68: ※参加費等収入ある場合は下記へ記入すること。 | EPM68: ※参加費等収入ある場合は下記へ記入すること。 | EPU68: ※参加費等収入ある場合は下記へ記入すること。 | EQC68: ※参加費等収入ある場合は下記へ記入すること。 | EQK68: ※参加費等収入ある場合は下記へ記入すること。 | EQS68: ※参加費等収入ある場合は下記へ記入すること。 | ERA68: ※参加費等収入ある場合は下記へ記入すること。 | ERI68: ※参加費等収入ある場合は下記へ記入すること。 | ERQ68: ※参加費等収入ある場合は下記へ記入すること。 | ERY68: ※参加費等収入ある場合は下記へ記入すること。 | ESG68: ※参加費等収入ある場合は下記へ記入すること。 | ESO68: ※参加費等収入ある場合は下記へ記入すること。 | ESW68: ※参加費等収入ある場合は下記へ記入すること。 | ETE68: ※参加費等収入ある場合は下記へ記入すること。 | ETM68: ※参加費等収入ある場合は下記へ記入すること。 | ETU68: ※参加費等収入ある場合は下記へ記入すること。 | EUC68: ※参加費等収入ある場合は下記へ記入すること。 | EUK68: ※参加費等収入ある場合は下記へ記入すること。 | EUS68: ※参加費等収入ある場合は下記へ記入すること。 | EVA68: ※参加費等収入ある場合は下記へ記入すること。 | EVI68: ※参加費等収入ある場合は下記へ記入すること。 | EVQ68: ※参加費等収入ある場合は下記へ記入すること。 | EVY68: ※参加費等収入ある場合は下記へ記入すること。 | EWG68: ※参加費等収入ある場合は下記へ記入すること。 | EWO68: ※参加費等収入ある場合は下記へ記入すること。 | EWW68: ※参加費等収入ある場合は下記へ記入すること。 | EXE68: ※参加費等収入ある場合は下記へ記入すること。 | EXM68: ※参加費等収入ある場合は下記へ記入すること。 | EXU68: ※参加費等収入ある場合は下記へ記入すること。 | EYC68: ※参加費等収入ある場合は下記へ記入すること。 | EYK68: ※参加費等収入ある場合は下記へ記入すること。 | EYS68: ※参加費等収入ある場合は下記へ記入すること。 | EZA68: ※参加費等収入ある場合は下記へ記入すること。 | EZI68: ※参加費等収入ある場合は下記へ記入すること。 | EZQ68: ※参加費等収入ある場合は下記へ記入すること。 | EZY68: ※参加費等収入ある場合は下記へ記入すること。 | FAG68: ※参加費等収入ある場合は下記へ記入すること。 | FAO68: ※参加費等収入ある場合は下記へ記入すること。 | FAW68: ※参加費等収入ある場合は下記へ記入すること。 | FBE68: ※参加費等収入ある場合は下記へ記入すること。 | FBM68: ※参加費等収入ある場合は下記へ記入すること。 | FBU68: ※参加費等収入ある場合は下記へ記入すること。 | FCC68: ※参加費等収入ある場合は下記へ記入すること。 | FCK68: ※参加費等収入ある場合は下記へ記入すること。 | FCS68: ※参加費等収入ある場合は下記へ記入すること。 | FDA68: ※参加費等収入ある場合は下記へ記入すること。 | FDI68: ※参加費等収入ある場合は下記へ記入すること。 | FDQ68: ※参加費等収入ある場合は下記へ記入すること。 | FDY68: ※参加費等収入ある場合は下記へ記入すること。 | FEG68: ※参加費等収入ある場合は下記へ記入すること。 | FEO68: ※参加費等収入ある場合は下記へ記入すること。 | FEW68: ※参加費等収入ある場合は下記へ記入すること。 | FFE68: ※参加費等収入ある場合は下記へ記入すること。 | FFM68: ※参加費等収入ある場合は下記へ記入すること。 | FFU68: ※参加費等収入ある場合は下記へ記入すること。 | FGC68: ※参加費等収入ある場合は下記へ記入すること。 | FGK68: ※参加費等収入ある場合は下記へ記入すること。 | FGS68: ※参加費等収入ある場合は下記へ記入すること。 | FHA68: ※参加費等収入ある場合は下記へ記入すること。 | FHI68: ※参加費等収入ある場合は下記へ記入すること。 | FHQ68: ※参加費等収入ある場合は下記へ記入すること。 | FHY68: ※参加費等収入ある場合は下記へ記入すること。 | FIG68: ※参加費等収入ある場合は下記へ記入すること。 | FIO68: ※参加費等収入ある場合は下記へ記入すること。 | FIW68: ※参加費等収入ある場合は下記へ記入すること。 | FJE68: ※参加費等収入ある場合は下記へ記入すること。 | FJM68: ※参加費等収入ある場合は下記へ記入すること。 | FJU68: ※参加費等収入ある場合は下記へ記入すること。 | FKC68: ※参加費等収入ある場合は下記へ記入すること。 | FKK68: ※参加費等収入ある場合は下記へ記入すること。 | FKS68: ※参加費等収入ある場合は下記へ記入すること。 | FLA68: ※参加費等収入ある場合は下記へ記入すること。 | FLI68: ※参加費等収入ある場合は下記へ記入すること。 | FLQ68: ※参加費等収入ある場合は下記へ記入すること。 | FLY68: ※参加費等収入ある場合は下記へ記入すること。 | FMG68: ※参加費等収入ある場合は下記へ記入すること。 | FMO68: ※参加費等収入ある場合は下記へ記入すること。 | FMW68: ※参加費等収入ある場合は下記へ記入すること。 | FNE68: ※参加費等収入ある場合は下記へ記入すること。 | FNM68: ※参加費等収入ある場合は下記へ記入すること。 | FNU68: ※参加費等収入ある場合は下記へ記入すること。 | FOC68: ※参加費等収入ある場合は下記へ記入すること。 | FOK68: ※参加費等収入ある場合は下記へ記入すること。 | FOS68: ※参加費等収入ある場合は下記へ記入すること。 | FPA68: ※参加費等収入ある場合は下記へ記入すること。 | FPI68: ※参加費等収入ある場合は下記へ記入すること。 | FPQ68: ※参加費等収入ある場合は下記へ記入すること。 | FPY68: ※参加費等収入ある場合は下記へ記入すること。 | FQG68: ※参加費等収入ある場合は下記へ記入すること。 | FQO68: ※参加費等収入ある場合は下記へ記入すること。 | FQW68: ※参加費等収入ある場合は下記へ記入すること。 | FRE68: ※参加費等収入ある場合は下記へ記入すること。 | FRM68: ※参加費等収入ある場合は下記へ記入すること。 | FRU68: ※参加費等収入ある場合は下記へ記入すること。 | FSC68: ※参加費等収入ある場合は下記へ記入すること。 | FSK68: ※参加費等収入ある場合は下記へ記入すること。 | FSS68: ※参加費等収入ある場合は下記へ記入すること。 | FTA68: ※参加費等収入ある場合は下記へ記入すること。 | FTI68: ※参加費等収入ある場合は下記へ記入すること。 | FTQ68: ※参加費等収入ある場合は下記へ記入すること。 | FTY68: ※参加費等収入ある場合は下記へ記入すること。 | FUG68: ※参加費等収入ある場合は下記へ記入すること。 | FUO68: ※参加費等収入ある場合は下記へ記入すること。 | FUW68: ※参加費等収入ある場合は下記へ記入すること。 | FVE68: ※参加費等収入ある場合は下記へ記入すること。 | FVM68: ※参加費等収入ある場合は下記へ記入すること。 | FVU68: ※参加費等収入ある場合は下記へ記入すること。 | FWC68: ※参加費等収入ある場合は下記へ記入すること。 | FWK68: ※参加費等収入ある場合は下記へ記入すること。 | FWS68: ※参加費等収入ある場合は下記へ記入すること。 | FXA68: ※参加費等収入ある場合は下記へ記入すること。 | FXI68: ※参加費等収入ある場合は下記へ記入すること。 | FXQ68: ※参加費等収入ある場合は下記へ記入すること。 | FXY68: ※参加費等収入ある場合は下記へ記入すること。 | FYG68: ※参加費等収入ある場合は下記へ記入すること。 | FYO68: ※参加費等収入ある場合は下記へ記入すること。 | FYW68: ※参加費等収入ある場合は下記へ記入すること。 | FZE68: ※参加費等収入ある場合は下記へ記入すること。 | FZM68: ※参加費等収入ある場合は下記へ記入すること。 | FZU68: ※参加費等収入ある場合は下記へ記入すること。 | GAC68: ※参加費等収入ある場合は下記へ記入すること。 | GAK68: ※参加費等収入ある場合は下記へ記入すること。 | GAS68: ※参加費等収入ある場合は下記へ記入すること。 | GBA68: ※参加費等収入ある場合は下記へ記入すること。 | GBI68: ※参加費等収入ある場合は下記へ記入すること。 | GBQ68: ※参加費等収入ある場合は下記へ記入すること。 | GBY68: ※参加費等収入ある場合は下記へ記入すること。 | GCG68: ※参加費等収入ある場合は下記へ記入すること。 | GCO68: ※参加費等収入ある場合は下記へ記入すること。 | GCW68: ※参加費等収入ある場合は下記へ記入すること。 | GDE68: ※参加費等収入ある場合は下記へ記入すること。 | GDM68: ※参加費等収入ある場合は下記へ記入すること。 | GDU68: ※参加費等収入ある場合は下記へ記入すること。 | GEC68: ※参加費等収入ある場合は下記へ記入すること。 | GEK68: ※参加費等収入ある場合は下記へ記入すること。 | GES68: ※参加費等収入ある場合は下記へ記入すること。 | GFA68: ※参加費等収入ある場合は下記へ記入すること。 | GFI68: ※参加費等収入ある場合は下記へ記入すること。 | GFQ68: ※参加費等収入ある場合は下記へ記入すること。 | GFY68: ※参加費等収入ある場合は下記へ記入すること。 | GGG68: ※参加費等収入ある場合は下記へ記入すること。 | GGO68: ※参加費等収入ある場合は下記へ記入すること。 | GGW68: ※参加費等収入ある場合は下記へ記入すること。 | GHE68: ※参加費等収入ある場合は下記へ記入すること。 | GHM68: ※参加費等収入ある場合は下記へ記入すること。 | GHU68: ※参加費等収入ある場合は下記へ記入すること。 | GIC68: ※参加費等収入ある場合は下記へ記入すること。 | GIK68: ※参加費等収入ある場合は下記へ記入すること。 | GIS68: ※参加費等収入ある場合は下記へ記入すること。 | GJA68: ※参加費等収入ある場合は下記へ記入すること。 | GJI68: ※参加費等収入ある場合は下記へ記入すること。 | GJQ68: ※参加費等収入ある場合は下記へ記入すること。 | GJY68: ※参加費等収入ある場合は下記へ記入すること。 | GKG68: ※参加費等収入ある場合は下記へ記入すること。 | GKO68: ※参加費等収入ある場合は下記へ記入すること。 | GKW68: ※参加費等収入ある場合は下記へ記入すること。 | GLE68: ※参加費等収入ある場合は下記へ記入すること。 | GLM68: ※参加費等収入ある場合は下記へ記入すること。 | GLU68: ※参加費等収入ある場合は下記へ記入すること。 | GMC68: ※参加費等収入ある場合は下記へ記入すること。 | GMK68: ※参加費等収入ある場合は下記へ記入すること。 | GMS68: ※参加費等収入ある場合は下記へ記入すること。 | GNA68: ※参加費等収入ある場合は下記へ記入すること。 | GNI68: ※参加費等収入ある場合は下記へ記入すること。 | GNQ68: ※参加費等収入ある場合は下記へ記入すること。 | GNY68: ※参加費等収入ある場合は下記へ記入すること。 | GOG68: ※参加費等収入ある場合は下記へ記入すること。 | GOO68: ※参加費等収入ある場合は下記へ記入すること。 | GOW68: ※参加費等収入ある場合は下記へ記入すること。 | GPE68: ※参加費等収入ある場合は下記へ記入すること。 | GPM68: ※参加費等収入ある場合は下記へ記入すること。 | GPU68: ※参加費等収入ある場合は下記へ記入すること。 | GQC68: ※参加費等収入ある場合は下記へ記入すること。 | GQK68: ※参加費等収入ある場合は下記へ記入すること。 | GQS68: ※参加費等収入ある場合は下記へ記入すること。 | GRA68: ※参加費等収入ある場合は下記へ記入すること。 | GRI68: ※参加費等収入ある場合は下記へ記入すること。 | GRQ68: ※参加費等収入ある場合は下記へ記入すること。 | GRY68: ※参加費等収入ある場合は下記へ記入すること。 | GSG68: ※参加費等収入ある場合は下記へ記入すること。 | GSO68: ※参加費等収入ある場合は下記へ記入すること。 | GSW68: ※参加費等収入ある場合は下記へ記入すること。 | GTE68: ※参加費等収入ある場合は下記へ記入すること。 | GTM68: ※参加費等収入ある場合は下記へ記入すること。 | GTU68: ※参加費等収入ある場合は下記へ記入すること。 | GUC68: ※参加費等収入ある場合は下記へ記入すること。 | GUK68: ※参加費等収入ある場合は下記へ記入すること。 | GUS68: ※参加費等収入ある場合は下記へ記入すること。 | GVA68: ※参加費等収入ある場合は下記へ記入すること。 | GVI68: ※参加費等収入ある場合は下記へ記入すること。 | GVQ68: ※参加費等収入ある場合は下記へ記入すること。 | GVY68: ※参加費等収入ある場合は下記へ記入すること。 | GWG68: ※参加費等収入ある場合は下記へ記入すること。 | GWO68: ※参加費等収入ある場合は下記へ記入すること。 | GWW68: ※参加費等収入ある場合は下記へ記入すること。 | GXE68: ※参加費等収入ある場合は下記へ記入すること。 | GXM68: ※参加費等収入ある場合は下記へ記入すること。 | GXU68: ※参加費等収入ある場合は下記へ記入すること。 | GYC68: ※参加費等収入ある場合は下記へ記入すること。 | GYK68: ※参加費等収入ある場合は下記へ記入すること。 | GYS68: ※参加費等収入ある場合は下記へ記入すること。 | GZA68: ※参加費等収入ある場合は下記へ記入すること。 | GZI68: ※参加費等収入ある場合は下記へ記入すること。 | GZQ68: ※参加費等収入ある場合は下記へ記入すること。 | GZY68: ※参加費等収入ある場合は下記へ記入すること。 | HAG68: ※参加費等収入ある場合は下記へ記入すること。 | HAO68: ※参加費等収入ある場合は下記へ記入すること。 | HAW68: ※参加費等収入ある場合は下記へ記入すること。 | HBE68: ※参加費等収入ある場合は下記へ記入すること。 | HBM68: ※参加費等収入ある場合は下記へ記入すること。 | HBU68: ※参加費等収入ある場合は下記へ記入すること。 | HCC68: ※参加費等収入ある場合は下記へ記入すること。 | HCK68: ※参加費等収入ある場合は下記へ記入すること。 | HCS68: ※参加費等収入ある場合は下記へ記入すること。 | HDA68: ※参加費等収入ある場合は下記へ記入すること。 | HDI68: ※参加費等収入ある場合は下記へ記入すること。 | HDQ68: ※参加費等収入ある場合は下記へ記入すること。 | HDY68: ※参加費等収入ある場合は下記へ記入すること。 | HEG68: ※参加費等収入ある場合は下記へ記入すること。 | HEO68: ※参加費等収入ある場合は下記へ記入すること。 | HEW68: ※参加費等収入ある場合は下記へ記入すること。 | HFE68: ※参加費等収入ある場合は下記へ記入すること。 | HFM68: ※参加費等収入ある場合は下記へ記入すること。 | HFU68: ※参加費等収入ある場合は下記へ記入すること。 | HGC68: ※参加費等収入ある場合は下記へ記入すること。 | HGK68: ※参加費等収入ある場合は下記へ記入すること。 | HGS68: ※参加費等収入ある場合は下記へ記入すること。 | HHA68: ※参加費等収入ある場合は下記へ記入すること。 | HHI68: ※参加費等収入ある場合は下記へ記入すること。 | HHQ68: ※参加費等収入ある場合は下記へ記入すること。 | HHY68: ※参加費等収入ある場合は下記へ記入すること。 | HIG68: ※参加費等収入ある場合は下記へ記入すること。 | HIO68: ※参加費等収入ある場合は下記へ記入すること。 | HIW68: ※参加費等収入ある場合は下記へ記入すること。 | HJE68: ※参加費等収入ある場合は下記へ記入すること。 | HJM68: ※参加費等収入ある場合は下記へ記入すること。 | HJU68: ※参加費等収入ある場合は下記へ記入すること。 | HKC68: ※参加費等収入ある場合は下記へ記入すること。 | HKK68: ※参加費等収入ある場合は下記へ記入すること。 | HKS68: ※参加費等収入ある場合は下記へ記入すること。 | HLA68: ※参加費等収入ある場合は下記へ記入すること。 | HLI68: ※参加費等収入ある場合は下記へ記入すること。 | HLQ68: ※参加費等収入ある場合は下記へ記入すること。 | HLY68: ※参加費等収入ある場合は下記へ記入すること。 | HMG68: ※参加費等収入ある場合は下記へ記入すること。 | HMO68: ※参加費等収入ある場合は下記へ記入すること。 | HMW68: ※参加費等収入ある場合は下記へ記入すること。 | HNE68: ※参加費等収入ある場合は下記へ記入すること。 | HNM68: ※参加費等収入ある場合は下記へ記入すること。 | HNU68: ※参加費等収入ある場合は下記へ記入すること。 | HOC68: ※参加費等収入ある場合は下記へ記入すること。 | HOK68: ※参加費等収入ある場合は下記へ記入すること。 | HOS68: ※参加費等収入ある場合は下記へ記入すること。 | HPA68: ※参加費等収入ある場合は下記へ記入すること。 | HPI68: ※参加費等収入ある場合は下記へ記入すること。 | HPQ68: ※参加費等収入ある場合は下記へ記入すること。 | HPY68: ※参加費等収入ある場合は下記へ記入すること。 | HQG68: ※参加費等収入ある場合は下記へ記入すること。 | HQO68: ※参加費等収入ある場合は下記へ記入すること。 | HQW68: ※参加費等収入ある場合は下記へ記入すること。 | HRE68: ※参加費等収入ある場合は下記へ記入すること。 | HRM68: ※参加費等収入ある場合は下記へ記入すること。 | HRU68: ※参加費等収入ある場合は下記へ記入すること。 | HSC68: ※参加費等収入ある場合は下記へ記入すること。 | HSK68: ※参加費等収入ある場合は下記へ記入すること。 | HSS68: ※参加費等収入ある場合は下記へ記入すること。 | HTA68: ※参加費等収入ある場合は下記へ記入すること。 | HTI68: ※参加費等収入ある場合は下記へ記入すること。 | HTQ68: ※参加費等収入ある場合は下記へ記入すること。 | HTY68: ※参加費等収入ある場合は下記へ記入すること。 | HUG68: ※参加費等収入ある場合は下記へ記入すること。 | HUO68: ※参加費等収入ある場合は下記へ記入すること。 | HUW68: ※参加費等収入ある場合は下記へ記入すること。 | HVE68: ※参加費等収入ある場合は下記へ記入すること。 | HVM68: ※参加費等収入ある場合は下記へ記入すること。 | HVU68: ※参加費等収入ある場合は下記へ記入すること。 | HWC68: ※参加費等収入ある場合は下記へ記入すること。 | HWK68: ※参加費等収入ある場合は下記へ記入すること。 | HWS68: ※参加費等収入ある場合は下記へ記入すること。 | HXA68: ※参加費等収入ある場合は下記へ記入すること。 | HXI68: ※参加費等収入ある場合は下記へ記入すること。 | HXQ68: ※参加費等収入ある場合は下記へ記入すること。 | HXY68: ※参加費等収入ある場合は下記へ記入すること。 | HYG68: ※参加費等収入ある場合は下記へ記入すること。 | HYO68: ※参加費等収入ある場合は下記へ記入すること。 | HYW68: ※参加費等収入ある場合は下記へ記入すること。 | HZE68: ※参加費等収入ある場合は下記へ記入すること。 | HZM68: ※参加費等収入ある場合は下記へ記入すること。 | HZU68: ※参加費等収入ある場合は下記へ記入すること。 | IAC68: ※参加費等収入ある場合は下記へ記入すること。 | IAK68: ※参加費等収入ある場合は下記へ記入すること。 | IAS68: ※参加費等収入ある場合は下記へ記入すること。 | IBA68: ※参加費等収入ある場合は下記へ記入すること。 | IBI68: ※参加費等収入ある場合は下記へ記入すること。 | IBQ68: ※参加費等収入ある場合は下記へ記入すること。 | IBY68: ※参加費等収入ある場合は下記へ記入すること。 | ICG68: ※参加費等収入ある場合は下記へ記入すること。 | ICO68: ※参加費等収入ある場合は下記へ記入すること。 | ICW68: ※参加費等収入ある場合は下記へ記入すること。 | IDE68: ※参加費等収入ある場合は下記へ記入すること。 | IDM68: ※参加費等収入ある場合は下記へ記入すること。 | IDU68: ※参加費等収入ある場合は下記へ記入すること。 | IEC68: ※参加費等収入ある場合は下記へ記入すること。 | IEK68: ※参加費等収入ある場合は下記へ記入すること。 | IES68: ※参加費等収入ある場合は下記へ記入すること。 | IFA68: ※参加費等収入ある場合は下記へ記入すること。 | IFI68: ※参加費等収入ある場合は下記へ記入すること。 | IFQ68: ※参加費等収入ある場合は下記へ記入すること。 | IFY68: ※参加費等収入ある場合は下記へ記入すること。 | IGG68: ※参加費等収入ある場合は下記へ記入すること。 | IGO68: ※参加費等収入ある場合は下記へ記入すること。 | IGW68: ※参加費等収入ある場合は下記へ記入すること。 | IHE68: ※参加費等収入ある場合は下記へ記入すること。 | IHM68: ※参加費等収入ある場合は下記へ記入すること。 | IHU68: ※参加費等収入ある場合は下記へ記入すること。 | IIC68: ※参加費等収入ある場合は下記へ記入すること。 | IIK68: ※参加費等収入ある場合は下記へ記入すること。 | IIS68: ※参加費等収入ある場合は下記へ記入すること。 | IJA68: ※参加費等収入ある場合は下記へ記入すること。 | IJI68: ※参加費等収入ある場合は下記へ記入すること。 | IJQ68: ※参加費等収入ある場合は下記へ記入すること。 | IJY68: ※参加費等収入ある場合は下記へ記入すること。 | IKG68: ※参加費等収入ある場合は下記へ記入すること。 | IKO68: ※参加費等収入ある場合は下記へ記入すること。 | IKW68: ※参加費等収入ある場合は下記へ記入すること。 | ILE68: ※参加費等収入ある場合は下記へ記入すること。 | ILM68: ※参加費等収入ある場合は下記へ記入すること。 | ILU68: ※参加費等収入ある場合は下記へ記入すること。 | IMC68: ※参加費等収入ある場合は下記へ記入すること。 | IMK68: ※参加費等収入ある場合は下記へ記入すること。 | IMS68: ※参加費等収入ある場合は下記へ記入すること。 | INA68: ※参加費等収入ある場合は下記へ記入すること。 | INI68: ※参加費等収入ある場合は下記へ記入すること。 | INQ68: ※参加費等収入ある場合は下記へ記入すること。 | INY68: ※参加費等収入ある場合は下記へ記入すること。 | IOG68: ※参加費等収入ある場合は下記へ記入すること。 | IOO68: ※参加費等収入ある場合は下記へ記入すること。 | IOW68: ※参加費等収入ある場合は下記へ記入すること。 | IPE68: ※参加費等収入ある場合は下記へ記入すること。 | IPM68: ※参加費等収入ある場合は下記へ記入すること。 | IPU68: ※参加費等収入ある場合は下記へ記入すること。 | IQC68: ※参加費等収入ある場合は下記へ記入すること。 | IQK68: ※参加費等収入ある場合は下記へ記入すること。 | IQS68: ※参加費等収入ある場合は下記へ記入すること。 | IRA68: ※参加費等収入ある場合は下記へ記入すること。 | IRI68: ※参加費等収入ある場合は下記へ記入すること。 | IRQ68: ※参加費等収入ある場合は下記へ記入すること。 | IRY68: ※参加費等収入ある場合は下記へ記入すること。 | ISG68: ※参加費等収入ある場合は下記へ記入すること。 | ISO68: ※参加費等収入ある場合は下記へ記入すること。 | ISW68: ※参加費等収入ある場合は下記へ記入すること。 | ITE68: ※参加費等収入ある場合は下記へ記入すること。 | ITM68: ※参加費等収入ある場合は下記へ記入すること。 | ITU68: ※参加費等収入ある場合は下記へ記入すること。 | IUC68: ※参加費等収入ある場合は下記へ記入すること。 | IUK68: ※参加費等収入ある場合は下記へ記入すること。 | IUS68: ※参加費等収入ある場合は下記へ記入すること。 | IVA68: ※参加費等収入ある場合は下記へ記入すること。 | IVI68: ※参加費等収入ある場合は下記へ記入すること。 | IVQ68: ※参加費等収入ある場合は下記へ記入すること。 | IVY68: ※参加費等収入ある場合は下記へ記入すること。 | IWG68: ※参加費等収入ある場合は下記へ記入すること。 | IWO68: ※参加費等収入ある場合は下記へ記入すること。 | IWW68: ※参加費等収入ある場合は下記へ記入すること。 | IXE68: ※参加費等収入ある場合は下記へ記入すること。 | IXM68: ※参加費等収入ある場合は下記へ記入すること。 | IXU68: ※参加費等収入ある場合は下記へ記入すること。 | IYC68: ※参加費等収入ある場合は下記へ記入すること。 | IYK68: ※参加費等収入ある場合は下記へ記入すること。 | IYS68: ※参加費等収入ある場合は下記へ記入すること。 | IZA68: ※参加費等収入ある場合は下記へ記入すること。 | IZI68: ※参加費等収入ある場合は下記へ記入すること。 | IZQ68: ※参加費等収入ある場合は下記へ記入すること。 | IZY68: ※参加費等収入ある場合は下記へ記入すること。 | JAG68: ※参加費等収入ある場合は下記へ記入すること。 | JAO68: ※参加費等収入ある場合は下記へ記入すること。 | JAW68: ※参加費等収入ある場合は下記へ記入すること。 | JBE68: ※参加費等収入ある場合は下記へ記入すること。 | JBM68: ※参加費等収入ある場合は下記へ記入すること。 | JBU68: ※参加費等収入ある場合は下記へ記入すること。 | JCC68: ※参加費等収入ある場合は下記へ記入すること。 | JCK68: ※参加費等収入ある場合は下記へ記入すること。 | JCS68: ※参加費等収入ある場合は下記へ記入すること。 | JDA68: ※参加費等収入ある場合は下記へ記入すること。 | JDI68: ※参加費等収入ある場合は下記へ記入すること。 | JDQ68: ※参加費等収入ある場合は下記へ記入すること。 | JDY68: ※参加費等収入ある場合は下記へ記入すること。 | JEG68: ※参加費等収入ある場合は下記へ記入すること。 | JEO68: ※参加費等収入ある場合は下記へ記入すること。 | JEW68: ※参加費等収入ある場合は下記へ記入すること。 | JFE68: ※参加費等収入ある場合は下記へ記入すること。 | JFM68: ※参加費等収入ある場合は下記へ記入すること。 | JFU68: ※参加費等収入ある場合は下記へ記入すること。 | JGC68: ※参加費等収入ある場合は下記へ記入すること。 | JGK68: ※参加費等収入ある場合は下記へ記入すること。 | JGS68: ※参加費等収入ある場合は下記へ記入すること。 | JHA68: ※参加費等収入ある場合は下記へ記入すること。 | JHI68: ※参加費等収入ある場合は下記へ記入すること。 | JHQ68: ※参加費等収入ある場合は下記へ記入すること。 | JHY68: ※参加費等収入ある場合は下記へ記入すること。 | JIG68: ※参加費等収入ある場合は下記へ記入すること。 | JIO68: ※参加費等収入ある場合は下記へ記入すること。 | JIW68: ※参加費等収入ある場合は下記へ記入すること。 | JJE68: ※参加費等収入ある場合は下記へ記入すること。 | JJM68: ※参加費等収入ある場合は下記へ記入すること。 | JJU68: ※参加費等収入ある場合は下記へ記入すること。 | JKC68: ※参加費等収入ある場合は下記へ記入すること。 | JKK68: ※参加費等収入ある場合は下記へ記入すること。 | JKS68: ※参加費等収入ある場合は下記へ記入すること。 | JLA68: ※参加費等収入ある場合は下記へ記入すること。 | JLI68: ※参加費等収入ある場合は下記へ記入すること。 | JLQ68: ※参加費等収入ある場合は下記へ記入すること。 | JLY68: ※参加費等収入ある場合は下記へ記入すること。 | JMG68: ※参加費等収入ある場合は下記へ記入すること。 | JMO68: ※参加費等収入ある場合は下記へ記入すること。 | JMW68: ※参加費等収入ある場合は下記へ記入すること。 | JNE68: ※参加費等収入ある場合は下記へ記入すること。 | JNM68: ※参加費等収入ある場合は下記へ記入すること。 | JNU68: ※参加費等収入ある場合は下記へ記入すること。 | JOC68: ※参加費等収入ある場合は下記へ記入すること。 | JOK68: ※参加費等収入ある場合は下記へ記入すること。 | JOS68: ※参加費等収入ある場合は下記へ記入すること。 | JPA68: ※参加費等収入ある場合は下記へ記入すること。 | JPI68: ※参加費等収入ある場合は下記へ記入すること。 | JPQ68: ※参加費等収入ある場合は下記へ記入すること。 | JPY68: ※参加費等収入ある場合は下記へ記入すること。 | JQG68: ※参加費等収入ある場合は下記へ記入すること。 | JQO68: ※参加費等収入ある場合は下記へ記入すること。 | JQW68: ※参加費等収入ある場合は下記へ記入すること。 | JRE68: ※参加費等収入ある場合は下記へ記入すること。 | JRM68: ※参加費等収入ある場合は下記へ記入すること。 | JRU68: ※参加費等収入ある場合は下記へ記入すること。 | JSC68: ※参加費等収入ある場合は下記へ記入すること。 | JSK68: ※参加費等収入ある場合は下記へ記入すること。 | JSS68: ※参加費等収入ある場合は下記へ記入すること。 | JTA68: ※参加費等収入ある場合は下記へ記入すること。 | JTI68: ※参加費等収入ある場合は下記へ記入すること。 | JTQ68: ※参加費等収入ある場合は下記へ記入すること。 | JTY68: ※参加費等収入ある場合は下記へ記入すること。 | JUG68: ※参加費等収入ある場合は下記へ記入すること。 | JUO68: ※参加費等収入ある場合は下記へ記入すること。 | JUW68: ※参加費等収入ある場合は下記へ記入すること。 | JVE68: ※参加費等収入ある場合は下記へ記入すること。 | JVM68: ※参加費等収入ある場合は下記へ記入すること。 | JVU68: ※参加費等収入ある場合は下記へ記入すること。 | JWC68: ※参加費等収入ある場合は下記へ記入すること。 | JWK68: ※参加費等収入ある場合は下記へ記入すること。 | JWS68: ※参加費等収入ある場合は下記へ記入すること。 | JXA68: ※参加費等収入ある場合は下記へ記入すること。 | JXI68: ※参加費等収入ある場合は下記へ記入すること。 | JXQ68: ※参加費等収入ある場合は下記へ記入すること。 | JXY68: ※参加費等収入ある場合は下記へ記入すること。 | JYG68: ※参加費等収入ある場合は下記へ記入すること。 | JYO68: ※参加費等収入ある場合は下記へ記入すること。 | JYW68: ※参加費等収入ある場合は下記へ記入すること。 | JZE68: ※参加費等収入ある場合は下記へ記入すること。 | JZM68: ※参加費等収入ある場合は下記へ記入すること。 | JZU68: ※参加費等収入ある場合は下記へ記入すること。 | KAC68: ※参加費等収入ある場合は下記へ記入すること。 | KAK68: ※参加費等収入ある場合は下記へ記入すること。 | KAS68: ※参加費等収入ある場合は下記へ記入すること。 | KBA68: ※参加費等収入ある場合は下記へ記入すること。 | KBI68: ※参加費等収入ある場合は下記へ記入すること。 | KBQ68: ※参加費等収入ある場合は下記へ記入すること。 | KBY68: ※参加費等収入ある場合は下記へ記入すること。 | KCG68: ※参加費等収入ある場合は下記へ記入すること。 | KCO68: ※参加費等収入ある場合は下記へ記入すること。 | KCW68: ※参加費等収入ある場合は下記へ記入すること。 | KDE68: ※参加費等収入ある場合は下記へ記入すること。 | KDM68: ※参加費等収入ある場合は下記へ記入すること。 | KDU68: ※参加費等収入ある場合は下記へ記入すること。 | KEC68: ※参加費等収入ある場合は下記へ記入すること。 | KEK68: ※参加費等収入ある場合は下記へ記入すること。 | KES68: ※参加費等収入ある場合は下記へ記入すること。 | KFA68: ※参加費等収入ある場合は下記へ記入すること。 | KFI68: ※参加費等収入ある場合は下記へ記入すること。 | KFQ68: ※参加費等収入ある場合は下記へ記入すること。 | KFY68: ※参加費等収入ある場合は下記へ記入すること。 | KGG68: ※参加費等収入ある場合は下記へ記入すること。 | KGO68: ※参加費等収入ある場合は下記へ記入すること。 | KGW68: ※参加費等収入ある場合は下記へ記入すること。 | KHE68: ※参加費等収入ある場合は下記へ記入すること。 | KHM68: ※参加費等収入ある場合は下記へ記入すること。 | KHU68: ※参加費等収入ある場合は下記へ記入すること。 | KIC68: ※参加費等収入ある場合は下記へ記入すること。 | KIK68: ※参加費等収入ある場合は下記へ記入すること。 | KIS68: ※参加費等収入ある場合は下記へ記入すること。 | KJA68: ※参加費等収入ある場合は下記へ記入すること。 | KJI68: ※参加費等収入ある場合は下記へ記入すること。 | KJQ68: ※参加費等収入ある場合は下記へ記入すること。 | KJY68: ※参加費等収入ある場合は下記へ記入すること。 | KKG68: ※参加費等収入ある場合は下記へ記入すること。 | KKO68: ※参加費等収入ある場合は下記へ記入すること。 | KKW68: ※参加費等収入ある場合は下記へ記入すること。 | KLE68: ※参加費等収入ある場合は下記へ記入すること。 | KLM68: ※参加費等収入ある場合は下記へ記入すること。 | KLU68: ※参加費等収入ある場合は下記へ記入すること。 | KMC68: ※参加費等収入ある場合は下記へ記入すること。 | KMK68: ※参加費等収入ある場合は下記へ記入すること。 | KMS68: ※参加費等収入ある場合は下記へ記入すること。 | KNA68: ※参加費等収入ある場合は下記へ記入すること。 | KNI68: ※参加費等収入ある場合は下記へ記入すること。 | KNQ68: ※参加費等収入ある場合は下記へ記入すること。 | KNY68: ※参加費等収入ある場合は下記へ記入すること。 | KOG68: ※参加費等収入ある場合は下記へ記入すること。 | KOO68: ※参加費等収入ある場合は下記へ記入すること。 | KOW68: ※参加費等収入ある場合は下記へ記入すること。 | KPE68: ※参加費等収入ある場合は下記へ記入すること。 | KPM68: ※参加費等収入ある場合は下記へ記入すること。 | KPU68: ※参加費等収入ある場合は下記へ記入すること。 | KQC68: ※参加費等収入ある場合は下記へ記入すること。 | KQK68: ※参加費等収入ある場合は下記へ記入すること。 | KQS68: ※参加費等収入ある場合は下記へ記入すること。 | KRA68: ※参加費等収入ある場合は下記へ記入すること。 | KRI68: ※参加費等収入ある場合は下記へ記入すること。 | KRQ68: ※参加費等収入ある場合は下記へ記入すること。 | KRY68: ※参加費等収入ある場合は下記へ記入すること。 | KSG68: ※参加費等収入ある場合は下記へ記入すること。 | KSO68: ※参加費等収入ある場合は下記へ記入すること。 | KSW68: ※参加費等収入ある場合は下記へ記入すること。 | KTE68: ※参加費等収入ある場合は下記へ記入すること。 | KTM68: ※参加費等収入ある場合は下記へ記入すること。 | KTU68: ※参加費等収入ある場合は下記へ記入すること。 | KUC68: ※参加費等収入ある場合は下記へ記入すること。 | KUK68: ※参加費等収入ある場合は下記へ記入すること。 | KUS68: ※参加費等収入ある場合は下記へ記入すること。 | KVA68: ※参加費等収入ある場合は下記へ記入すること。 | KVI68: ※参加費等収入ある場合は下記へ記入すること。 | KVQ68: ※参加費等収入ある場合は下記へ記入すること。 | KVY68: ※参加費等収入ある場合は下記へ記入すること。 | KWG68: ※参加費等収入ある場合は下記へ記入すること。 | KWO68: ※参加費等収入ある場合は下記へ記入すること。 | KWW68: ※参加費等収入ある場合は下記へ記入すること。 | KXE68: ※参加費等収入ある場合は下記へ記入すること。 | KXM68: ※参加費等収入ある場合は下記へ記入すること。 | KXU68: ※参加費等収入ある場合は下記へ記入すること。 | KYC68: ※参加費等収入ある場合は下記へ記入すること。 | KYK68: ※参加費等収入ある場合は下記へ記入すること。 | KYS68: ※参加費等収入ある場合は下記へ記入すること。 | KZA68: ※参加費等収入ある場合は下記へ記入すること。 | KZI68: ※参加費等収入ある場合は下記へ記入すること。 | KZQ68: ※参加費等収入ある場合は下記へ記入すること。 | KZY68: ※参加費等収入ある場合は下記へ記入すること。 | LAG68: ※参加費等収入ある場合は下記へ記入すること。 | LAO68: ※参加費等収入ある場合は下記へ記入すること。 | LAW68: ※参加費等収入ある場合は下記へ記入すること。 | LBE68: ※参加費等収入ある場合は下記へ記入すること。 | LBM68: ※参加費等収入ある場合は下記へ記入すること。 | LBU68: ※参加費等収入ある場合は下記へ記入すること。 | LCC68: ※参加費等収入ある場合は下記へ記入すること。 | LCK68: ※参加費等収入ある場合は下記へ記入すること。 | LCS68: ※参加費等収入ある場合は下記へ記入すること。 | LDA68: ※参加費等収入ある場合は下記へ記入すること。 | LDI68: ※参加費等収入ある場合は下記へ記入すること。 | LDQ68: ※参加費等収入ある場合は下記へ記入すること。 | LDY68: ※参加費等収入ある場合は下記へ記入すること。 | LEG68: ※参加費等収入ある場合は下記へ記入すること。 | LEO68: ※参加費等収入ある場合は下記へ記入すること。 | LEW68: ※参加費等収入ある場合は下記へ記入すること。 | LFE68: ※参加費等収入ある場合は下記へ記入すること。 | LFM68: ※参加費等収入ある場合は下記へ記入すること。 | LFU68: ※参加費等収入ある場合は下記へ記入すること。 | LGC68: ※参加費等収入ある場合は下記へ記入すること。 | LGK68: ※参加費等収入ある場合は下記へ記入すること。 | LGS68: ※参加費等収入ある場合は下記へ記入すること。 | LHA68: ※参加費等収入ある場合は下記へ記入すること。 | LHI68: ※参加費等収入ある場合は下記へ記入すること。 | LHQ68: ※参加費等収入ある場合は下記へ記入すること。 | LHY68: ※参加費等収入ある場合は下記へ記入すること。 | LIG68: ※参加費等収入ある場合は下記へ記入すること。 | LIO68: ※参加費等収入ある場合は下記へ記入すること。 | LIW68: ※参加費等収入ある場合は下記へ記入すること。 | LJE68: ※参加費等収入ある場合は下記へ記入すること。 | LJM68: ※参加費等収入ある場合は下記へ記入すること。 | LJU68: ※参加費等収入ある場合は下記へ記入すること。 | LKC68: ※参加費等収入ある場合は下記へ記入すること。 | LKK68: ※参加費等収入ある場合は下記へ記入すること。 | LKS68: ※参加費等収入ある場合は下記へ記入すること。 | LLA68: ※参加費等収入ある場合は下記へ記入すること。 | LLI68: ※参加費等収入ある場合は下記へ記入すること。 | LLQ68: ※参加費等収入ある場合は下記へ記入すること。 | LLY68: ※参加費等収入ある場合は下記へ記入すること。 | LMG68: ※参加費等収入ある場合は下記へ記入すること。 | LMO68: ※参加費等収入ある場合は下記へ記入すること。 | LMW68: ※参加費等収入ある場合は下記へ記入すること。 | LNE68: ※参加費等収入ある場合は下記へ記入すること。 | LNM68: ※参加費等収入ある場合は下記へ記入すること。 | LNU68: ※参加費等収入ある場合は下記へ記入すること。 | LOC68: ※参加費等収入ある場合は下記へ記入すること。 | LOK68: ※参加費等収入ある場合は下記へ記入すること。 | LOS68: ※参加費等収入ある場合は下記へ記入すること。 | LPA68: ※参加費等収入ある場合は下記へ記入すること。 | LPI68: ※参加費等収入ある場合は下記へ記入すること。 | LPQ68: ※参加費等収入ある場合は下記へ記入すること。 | LPY68: ※参加費等収入ある場合は下記へ記入すること。 | LQG68: ※参加費等収入ある場合は下記へ記入すること。 | LQO68: ※参加費等収入ある場合は下記へ記入すること。 | LQW68: ※参加費等収入ある場合は下記へ記入すること。 | LRE68: ※参加費等収入ある場合は下記へ記入すること。 | LRM68: ※参加費等収入ある場合は下記へ記入すること。 | LRU68: ※参加費等収入ある場合は下記へ記入すること。 | LSC68: ※参加費等収入ある場合は下記へ記入すること。 | LSK68: ※参加費等収入ある場合は下記へ記入すること。 | LSS68: ※参加費等収入ある場合は下記へ記入すること。 | LTA68: ※参加費等収入ある場合は下記へ記入すること。 | LTI68: ※参加費等収入ある場合は下記へ記入すること。 | LTQ68: ※参加費等収入ある場合は下記へ記入すること。 | LTY68: ※参加費等収入ある場合は下記へ記入すること。 | LUG68: ※参加費等収入ある場合は下記へ記入すること。 | LUO68: ※参加費等収入ある場合は下記へ記入すること。 | LUW68: ※参加費等収入ある場合は下記へ記入すること。 | LVE68: ※参加費等収入ある場合は下記へ記入すること。 | LVM68: ※参加費等収入ある場合は下記へ記入すること。 | LVU68: ※参加費等収入ある場合は下記へ記入すること。 | LWC68: ※参加費等収入ある場合は下記へ記入すること。 | LWK68: ※参加費等収入ある場合は下記へ記入すること。 | LWS68: ※参加費等収入ある場合は下記へ記入すること。 | LXA68: ※参加費等収入ある場合は下記へ記入すること。 | LXI68: ※参加費等収入ある場合は下記へ記入すること。 | LXQ68: ※参加費等収入ある場合は下記へ記入すること。 | LXY68: ※参加費等収入ある場合は下記へ記入すること。 | LYG68: ※参加費等収入ある場合は下記へ記入すること。 | LYO68: ※参加費等収入ある場合は下記へ記入すること。 | LYW68: ※参加費等収入ある場合は下記へ記入すること。 | LZE68: ※参加費等収入ある場合は下記へ記入すること。 | LZM68: ※参加費等収入ある場合は下記へ記入すること。 | LZU68: ※参加費等収入ある場合は下記へ記入すること。 | MAC68: ※参加費等収入ある場合は下記へ記入すること。 | MAK68: ※参加費等収入ある場合は下記へ記入すること。 | MAS68: ※参加費等収入ある場合は下記へ記入すること。 | MBA68: ※参加費等収入ある場合は下記へ記入すること。 | MBI68: ※参加費等収入ある場合は下記へ記入すること。 | MBQ68: ※参加費等収入ある場合は下記へ記入すること。 | MBY68: ※参加費等収入ある場合は下記へ記入すること。 | MCG68: ※参加費等収入ある場合は下記へ記入すること。 | MCO68: ※参加費等収入ある場合は下記へ記入すること。 | MCW68: ※参加費等収入ある場合は下記へ記入すること。 | MDE68: ※参加費等収入ある場合は下記へ記入すること。 | MDM68: ※参加費等収入ある場合は下記へ記入すること。 | MDU68: ※参加費等収入ある場合は下記へ記入すること。 | MEC68: ※参加費等収入ある場合は下記へ記入すること。 | MEK68: ※参加費等収入ある場合は下記へ記入すること。 | MES68: ※参加費等収入ある場合は下記へ記入すること。 | MFA68: ※参加費等収入ある場合は下記へ記入すること。 | MFI68: ※参加費等収入ある場合は下記へ記入すること。 | MFQ68: ※参加費等収入ある場合は下記へ記入すること。 | MFY68: ※参加費等収入ある場合は下記へ記入すること。 | MGG68: ※参加費等収入ある場合は下記へ記入すること。 | MGO68: ※参加費等収入ある場合は下記へ記入すること。 | MGW68: ※参加費等収入ある場合は下記へ記入すること。 | MHE68: ※参加費等収入ある場合は下記へ記入すること。 | MHM68: ※参加費等収入ある場合は下記へ記入すること。 | MHU68: ※参加費等収入ある場合は下記へ記入すること。 | MIC68: ※参加費等収入ある場合は下記へ記入すること。 | MIK68: ※参加費等収入ある場合は下記へ記入すること。 | MIS68: ※参加費等収入ある場合は下記へ記入すること。 | MJA68: ※参加費等収入ある場合は下記へ記入すること。 | MJI68: ※参加費等収入ある場合は下記へ記入すること。 | MJQ68: ※参加費等収入ある場合は下記へ記入すること。 | MJY68: ※参加費等収入ある場合は下記へ記入すること。 | MKG68: ※参加費等収入ある場合は下記へ記入すること。 | MKO68: ※参加費等収入ある場合は下記へ記入すること。 | MKW68: ※参加費等収入ある場合は下記へ記入すること。 | MLE68: ※参加費等収入ある場合は下記へ記入すること。 | MLM68: ※参加費等収入ある場合は下記へ記入すること。 | MLU68: ※参加費等収入ある場合は下記へ記入すること。 | MMC68: ※参加費等収入ある場合は下記へ記入すること。 | MMK68: ※参加費等収入ある場合は下記へ記入すること。 | MMS68: ※参加費等収入ある場合は下記へ記入すること。 | MNA68: ※参加費等収入ある場合は下記へ記入すること。 | MNI68: ※参加費等収入ある場合は下記へ記入すること。 | MNQ68: ※参加費等収入ある場合は下記へ記入すること。 | MNY68: ※参加費等収入ある場合は下記へ記入すること。 | MOG68: ※参加費等収入ある場合は下記へ記入すること。 | MOO68: ※参加費等収入ある場合は下記へ記入すること。 | MOW68: ※参加費等収入ある場合は下記へ記入すること。 | MPE68: ※参加費等収入ある場合は下記へ記入すること。 | MPM68: ※参加費等収入ある場合は下記へ記入すること。 | MPU68: ※参加費等収入ある場合は下記へ記入すること。 | MQC68: ※参加費等収入ある場合は下記へ記入すること。 | MQK68: ※参加費等収入ある場合は下記へ記入すること。 | MQS68: ※参加費等収入ある場合は下記へ記入すること。 | MRA68: ※参加費等収入ある場合は下記へ記入すること。 | MRI68: ※参加費等収入ある場合は下記へ記入すること。 | MRQ68: ※参加費等収入ある場合は下記へ記入すること。 | MRY68: ※参加費等収入ある場合は下記へ記入すること。 | MSG68: ※参加費等収入ある場合は下記へ記入すること。 | MSO68: ※参加費等収入ある場合は下記へ記入すること。 | MSW68: ※参加費等収入ある場合は下記へ記入すること。 | MTE68: ※参加費等収入ある場合は下記へ記入すること。 | MTM68: ※参加費等収入ある場合は下記へ記入すること。 | MTU68: ※参加費等収入ある場合は下記へ記入すること。 | MUC68: ※参加費等収入ある場合は下記へ記入すること。 | MUK68: ※参加費等収入ある場合は下記へ記入すること。 | MUS68: ※参加費等収入ある場合は下記へ記入すること。 | MVA68: ※参加費等収入ある場合は下記へ記入すること。 | MVI68: ※参加費等収入ある場合は下記へ記入すること。 | MVQ68: ※参加費等収入ある場合は下記へ記入すること。 | MVY68: ※参加費等収入ある場合は下記へ記入すること。 | MWG68: ※参加費等収入ある場合は下記へ記入すること。 | MWO68: ※参加費等収入ある場合は下記へ記入すること。 | MWW68: ※参加費等収入ある場合は下記へ記入すること。 | MXE68: ※参加費等収入ある場合は下記へ記入すること。 | MXM68: ※参加費等収入ある場合は下記へ記入すること。 | MXU68: ※参加費等収入ある場合は下記へ記入すること。 | MYC68: ※参加費等収入ある場合は下記へ記入すること。 | MYK68: ※参加費等収入ある場合は下記へ記入すること。 | MYS68: ※参加費等収入ある場合は下記へ記入すること。 | MZA68: ※参加費等収入ある場合は下記へ記入すること。 | MZI68: ※参加費等収入ある場合は下記へ記入すること。 | MZQ68: ※参加費等収入ある場合は下記へ記入すること。 | MZY68: ※参加費等収入ある場合は下記へ記入すること。 | NAG68: ※参加費等収入ある場合は下記へ記入すること。 | NAO68: ※参加費等収入ある場合は下記へ記入すること。 | NAW68: ※参加費等収入ある場合は下記へ記入すること。 | NBE68: ※参加費等収入ある場合は下記へ記入すること。 | NBM68: ※参加費等収入ある場合は下記へ記入すること。 | NBU68: ※参加費等収入ある場合は下記へ記入すること。 | NCC68: ※参加費等収入ある場合は下記へ記入すること。 | NCK68: ※参加費等収入ある場合は下記へ記入すること。 | NCS68: ※参加費等収入ある場合は下記へ記入すること。 | NDA68: ※参加費等収入ある場合は下記へ記入すること。 | NDI68: ※参加費等収入ある場合は下記へ記入すること。 | NDQ68: ※参加費等収入ある場合は下記へ記入すること。 | NDY68: ※参加費等収入ある場合は下記へ記入すること。 | NEG68: ※参加費等収入ある場合は下記へ記入すること。 | NEO68: ※参加費等収入ある場合は下記へ記入すること。 | NEW68: ※参加費等収入ある場合は下記へ記入すること。 | NFE68: ※参加費等収入ある場合は下記へ記入すること。 | NFM68: ※参加費等収入ある場合は下記へ記入すること。 | NFU68: ※参加費等収入ある場合は下記へ記入すること。 | NGC68: ※参加費等収入ある場合は下記へ記入すること。 | NGK68: ※参加費等収入ある場合は下記へ記入すること。 | NGS68: ※参加費等収入ある場合は下記へ記入すること。 | NHA68: ※参加費等収入ある場合は下記へ記入すること。 | NHI68: ※参加費等収入ある場合は下記へ記入すること。 | NHQ68: ※参加費等収入ある場合は下記へ記入すること。 | NHY68: ※参加費等収入ある場合は下記へ記入すること。 | NIG68: ※参加費等収入ある場合は下記へ記入すること。 | NIO68: ※参加費等収入ある場合は下記へ記入すること。 | NIW68: ※参加費等収入ある場合は下記へ記入すること。 | NJE68: ※参加費等収入ある場合は下記へ記入すること。 | NJM68: ※参加費等収入ある場合は下記へ記入すること。 | NJU68: ※参加費等収入ある場合は下記へ記入すること。 | NKC68: ※参加費等収入ある場合は下記へ記入すること。 | NKK68: ※参加費等収入ある場合は下記へ記入すること。 | NKS68: ※参加費等収入ある場合は下記へ記入すること。 | NLA68: ※参加費等収入ある場合は下記へ記入すること。 | NLI68: ※参加費等収入ある場合は下記へ記入すること。 | NLQ68: ※参加費等収入ある場合は下記へ記入すること。 | NLY68: ※参加費等収入ある場合は下記へ記入すること。 | NMG68: ※参加費等収入ある場合は下記へ記入すること。 | NMO68: ※参加費等収入ある場合は下記へ記入すること。 | NMW68: ※参加費等収入ある場合は下記へ記入すること。 | NNE68: ※参加費等収入ある場合は下記へ記入すること。 | NNM68: ※参加費等収入ある場合は下記へ記入すること。 | NNU68: ※参加費等収入ある場合は下記へ記入すること。 | NOC68: ※参加費等収入ある場合は下記へ記入すること。 | NOK68: ※参加費等収入ある場合は下記へ記入すること。 | NOS68: ※参加費等収入ある場合は下記へ記入すること。 | NPA68: ※参加費等収入ある場合は下記へ記入すること。 | NPI68: ※参加費等収入ある場合は下記へ記入すること。 | NPQ68: ※参加費等収入ある場合は下記へ記入すること。 | NPY68: ※参加費等収入ある場合は下記へ記入すること。 | NQG68: ※参加費等収入ある場合は下記へ記入すること。 | NQO68: ※参加費等収入ある場合は下記へ記入すること。 | NQW68: ※参加費等収入ある場合は下記へ記入すること。 | NRE68: ※参加費等収入ある場合は下記へ記入すること。 | NRM68: ※参加費等収入ある場合は下記へ記入すること。 | NRU68: ※参加費等収入ある場合は下記へ記入すること。 | NSC68: ※参加費等収入ある場合は下記へ記入すること。 | NSK68: ※参加費等収入ある場合は下記へ記入すること。 | NSS68: ※参加費等収入ある場合は下記へ記入すること。 | NTA68: ※参加費等収入ある場合は下記へ記入すること。 | NTI68: ※参加費等収入ある場合は下記へ記入すること。 | NTQ68: ※参加費等収入ある場合は下記へ記入すること。 | NTY68: ※参加費等収入ある場合は下記へ記入すること。 | NUG68: ※参加費等収入ある場合は下記へ記入すること。 | NUO68: ※参加費等収入ある場合は下記へ記入すること。 | NUW68: ※参加費等収入ある場合は下記へ記入すること。 | NVE68: ※参加費等収入ある場合は下記へ記入すること。 | NVM68: ※参加費等収入ある場合は下記へ記入すること。 | NVU68: ※参加費等収入ある場合は下記へ記入すること。 | NWC68: ※参加費等収入ある場合は下記へ記入すること。 | NWK68: ※参加費等収入ある場合は下記へ記入すること。 | NWS68: ※参加費等収入ある場合は下記へ記入すること。 | NXA68: ※参加費等収入ある場合は下記へ記入すること。 | NXI68: ※参加費等収入ある場合は下記へ記入すること。 | NXQ68: ※参加費等収入ある場合は下記へ記入すること。 | NXY68: ※参加費等収入ある場合は下記へ記入すること。 | NYG68: ※参加費等収入ある場合は下記へ記入すること。 | NYO68: ※参加費等収入ある場合は下記へ記入すること。 | NYW68: ※参加費等収入ある場合は下記へ記入すること。 | NZE68: ※参加費等収入ある場合は下記へ記入すること。 | NZM68: ※参加費等収入ある場合は下記へ記入すること。 | NZU68: ※参加費等収入ある場合は下記へ記入すること。 | OAC68: ※参加費等収入ある場合は下記へ記入すること。 | OAK68: ※参加費等収入ある場合は下記へ記入すること。 | OAS68: ※参加費等収入ある場合は下記へ記入すること。 | OBA68: ※参加費等収入ある場合は下記へ記入すること。 | OBI68: ※参加費等収入ある場合は下記へ記入すること。 | OBQ68: ※参加費等収入ある場合は下記へ記入すること。 | OBY68: ※参加費等収入ある場合は下記へ記入すること。 | OCG68: ※参加費等収入ある場合は下記へ記入すること。 | OCO68: ※参加費等収入ある場合は下記へ記入すること。 | OCW68: ※参加費等収入ある場合は下記へ記入すること。 | ODE68: ※参加費等収入ある場合は下記へ記入すること。 | ODM68: ※参加費等収入ある場合は下記へ記入すること。 | ODU68: ※参加費等収入ある場合は下記へ記入すること。 | OEC68: ※参加費等収入ある場合は下記へ記入すること。 | OEK68: ※参加費等収入ある場合は下記へ記入すること。 | OES68: ※参加費等収入ある場合は下記へ記入すること。 | OFA68: ※参加費等収入ある場合は下記へ記入すること。 | OFI68: ※参加費等収入ある場合は下記へ記入すること。 | OFQ68: ※参加費等収入ある場合は下記へ記入すること。 | OFY68: ※参加費等収入ある場合は下記へ記入すること。 | OGG68: ※参加費等収入ある場合は下記へ記入すること。 | OGO68: ※参加費等収入ある場合は下記へ記入すること。 | OGW68: ※参加費等収入ある場合は下記へ記入すること。 | OHE68: ※参加費等収入ある場合は下記へ記入すること。 | OHM68: ※参加費等収入ある場合は下記へ記入すること。 | OHU68: ※参加費等収入ある場合は下記へ記入すること。 | OIC68: ※参加費等収入ある場合は下記へ記入すること。 | OIK68: ※参加費等収入ある場合は下記へ記入すること。 | OIS68: ※参加費等収入ある場合は下記へ記入すること。 | OJA68: ※参加費等収入ある場合は下記へ記入すること。 | OJI68: ※参加費等収入ある場合は下記へ記入すること。 | OJQ68: ※参加費等収入ある場合は下記へ記入すること。 | OJY68: ※参加費等収入ある場合は下記へ記入すること。 | OKG68: ※参加費等収入ある場合は下記へ記入すること。 | OKO68: ※参加費等収入ある場合は下記へ記入すること。 | OKW68: ※参加費等収入ある場合は下記へ記入すること。 | OLE68: ※参加費等収入ある場合は下記へ記入すること。 | OLM68: ※参加費等収入ある場合は下記へ記入すること。 | OLU68: ※参加費等収入ある場合は下記へ記入すること。 | OMC68: ※参加費等収入ある場合は下記へ記入すること。 | OMK68: ※参加費等収入ある場合は下記へ記入すること。 | OMS68: ※参加費等収入ある場合は下記へ記入すること。 | ONA68: ※参加費等収入ある場合は下記へ記入すること。 | ONI68: ※参加費等収入ある場合は下記へ記入すること。 | ONQ68: ※参加費等収入ある場合は下記へ記入すること。 | ONY68: ※参加費等収入ある場合は下記へ記入すること。 | OOG68: ※参加費等収入ある場合は下記へ記入すること。 | OOO68: ※参加費等収入ある場合は下記へ記入すること。 | OOW68: ※参加費等収入ある場合は下記へ記入すること。 | OPE68: ※参加費等収入ある場合は下記へ記入すること。 | OPM68: ※参加費等収入ある場合は下記へ記入すること。 | OPU68: ※参加費等収入ある場合は下記へ記入すること。 | OQC68: ※参加費等収入ある場合は下記へ記入すること。 | OQK68: ※参加費等収入ある場合は下記へ記入すること。 | OQS68: ※参加費等収入ある場合は下記へ記入すること。 | ORA68: ※参加費等収入ある場合は下記へ記入すること。 | ORI68: ※参加費等収入ある場合は下記へ記入すること。 | ORQ68: ※参加費等収入ある場合は下記へ記入すること。 | ORY68: ※参加費等収入ある場合は下記へ記入すること。 | OSG68: ※参加費等収入ある場合は下記へ記入すること。 | OSO68: ※参加費等収入ある場合は下記へ記入すること。 | OSW68: ※参加費等収入ある場合は下記へ記入すること。 | OTE68: ※参加費等収入ある場合は下記へ記入すること。 | OTM68: ※参加費等収入ある場合は下記へ記入すること。 | OTU68: ※参加費等収入ある場合は下記へ記入すること。 | OUC68: ※参加費等収入ある場合は下記へ記入すること。 | OUK68: ※参加費等収入ある場合は下記へ記入すること。 | OUS68: ※参加費等収入ある場合は下記へ記入すること。 | OVA68: ※参加費等収入ある場合は下記へ記入すること。 | OVI68: ※参加費等収入ある場合は下記へ記入すること。 | OVQ68: ※参加費等収入ある場合は下記へ記入すること。 | OVY68: ※参加費等収入ある場合は下記へ記入すること。 | OWG68: ※参加費等収入ある場合は下記へ記入すること。 | OWO68: ※参加費等収入ある場合は下記へ記入すること。 | OWW68: ※参加費等収入ある場合は下記へ記入すること。 | OXE68: ※参加費等収入ある場合は下記へ記入すること。 | OXM68: ※参加費等収入ある場合は下記へ記入すること。 | OXU68: ※参加費等収入ある場合は下記へ記入すること。 | OYC68: ※参加費等収入ある場合は下記へ記入すること。 | OYK68: ※参加費等収入ある場合は下記へ記入すること。 | OYS68: ※参加費等収入ある場合は下記へ記入すること。 | OZA68: ※参加費等収入ある場合は下記へ記入すること。 | OZI68: ※参加費等収入ある場合は下記へ記入すること。 | OZQ68: ※参加費等収入ある場合は下記へ記入すること。 | OZY68: ※参加費等収入ある場合は下記へ記入すること。 | PAG68: ※参加費等収入ある場合は下記へ記入すること。 | PAO68: ※参加費等収入ある場合は下記へ記入すること。 | PAW68: ※参加費等収入ある場合は下記へ記入すること。 | PBE68: ※参加費等収入ある場合は下記へ記入すること。 | PBM68: ※参加費等収入ある場合は下記へ記入すること。 | PBU68: ※参加費等収入ある場合は下記へ記入すること。 | PCC68: ※参加費等収入ある場合は下記へ記入すること。 | PCK68: ※参加費等収入ある場合は下記へ記入すること。 | PCS68: ※参加費等収入ある場合は下記へ記入すること。 | PDA68: ※参加費等収入ある場合は下記へ記入すること。 | PDI68: ※参加費等収入ある場合は下記へ記入すること。 | PDQ68: ※参加費等収入ある場合は下記へ記入すること。 | PDY68: ※参加費等収入ある場合は下記へ記入すること。 | PEG68: ※参加費等収入ある場合は下記へ記入すること。 | PEO68: ※参加費等収入ある場合は下記へ記入すること。 | PEW68: ※参加費等収入ある場合は下記へ記入すること。 | PFE68: ※参加費等収入ある場合は下記へ記入すること。 | PFM68: ※参加費等収入ある場合は下記へ記入すること。 | PFU68: ※参加費等収入ある場合は下記へ記入すること。 | PGC68: ※参加費等収入ある場合は下記へ記入すること。 | PGK68: ※参加費等収入ある場合は下記へ記入すること。 | PGS68: ※参加費等収入ある場合は下記へ記入すること。 | PHA68: ※参加費等収入ある場合は下記へ記入すること。 | PHI68: ※参加費等収入ある場合は下記へ記入すること。 | PHQ68: ※参加費等収入ある場合は下記へ記入すること。 | PHY68: ※参加費等収入ある場合は下記へ記入すること。 | PIG68: ※参加費等収入ある場合は下記へ記入すること。 | PIO68: ※参加費等収入ある場合は下記へ記入すること。 | PIW68: ※参加費等収入ある場合は下記へ記入すること。 | PJE68: ※参加費等収入ある場合は下記へ記入すること。 | PJM68: ※参加費等収入ある場合は下記へ記入すること。 | PJU68: ※参加費等収入ある場合は下記へ記入すること。 | PKC68: ※参加費等収入ある場合は下記へ記入すること。 | PKK68: ※参加費等収入ある場合は下記へ記入すること。 | PKS68: ※参加費等収入ある場合は下記へ記入すること。 | PLA68: ※参加費等収入ある場合は下記へ記入すること。 | PLI68: ※参加費等収入ある場合は下記へ記入すること。 | PLQ68: ※参加費等収入ある場合は下記へ記入すること。 | PLY68: ※参加費等収入ある場合は下記へ記入すること。 | PMG68: ※参加費等収入ある場合は下記へ記入すること。 | PMO68: ※参加費等収入ある場合は下記へ記入すること。 | PMW68: ※参加費等収入ある場合は下記へ記入すること。 | PNE68: ※参加費等収入ある場合は下記へ記入すること。 | PNM68: ※参加費等収入ある場合は下記へ記入すること。 | PNU68: ※参加費等収入ある場合は下記へ記入すること。 | POC68: ※参加費等収入ある場合は下記へ記入すること。 | POK68: ※参加費等収入ある場合は下記へ記入すること。 | POS68: ※参加費等収入ある場合は下記へ記入すること。 | PPA68: ※参加費等収入ある場合は下記へ記入すること。 | PPI68: ※参加費等収入ある場合は下記へ記入すること。 | PPQ68: ※参加費等収入ある場合は下記へ記入すること。 | PPY68: ※参加費等収入ある場合は下記へ記入すること。 | PQG68: ※参加費等収入ある場合は下記へ記入すること。 | PQO68: ※参加費等収入ある場合は下記へ記入すること。 | PQW68: ※参加費等収入ある場合は下記へ記入すること。 | PRE68: ※参加費等収入ある場合は下記へ記入すること。 | PRM68: ※参加費等収入ある場合は下記へ記入すること。 | PRU68: ※参加費等収入ある場合は下記へ記入すること。 | PSC68: ※参加費等収入ある場合は下記へ記入すること。 | PSK68: ※参加費等収入ある場合は下記へ記入すること。 | PSS68: ※参加費等収入ある場合は下記へ記入すること。 | PTA68: ※参加費等収入ある場合は下記へ記入すること。 | PTI68: ※参加費等収入ある場合は下記へ記入すること。 | PTQ68: ※参加費等収入ある場合は下記へ記入すること。 | PTY68: ※参加費等収入ある場合は下記へ記入すること。 | PUG68: ※参加費等収入ある場合は下記へ記入すること。 | PUO68: ※参加費等収入ある場合は下記へ記入すること。 | PUW68: ※参加費等収入ある場合は下記へ記入すること。 | PVE68: ※参加費等収入ある場合は下記へ記入すること。 | PVM68: ※参加費等収入ある場合は下記へ記入すること。 | PVU68: ※参加費等収入ある場合は下記へ記入すること。 | PWC68: ※参加費等収入ある場合は下記へ記入すること。 | PWK68: ※参加費等収入ある場合は下記へ記入すること。 | PWS68: ※参加費等収入ある場合は下記へ記入すること。 | PXA68: ※参加費等収入ある場合は下記へ記入すること。 | PXI68: ※参加費等収入ある場合は下記へ記入すること。 | PXQ68: ※参加費等収入ある場合は下記へ記入すること。 | PXY68: ※参加費等収入ある場合は下記へ記入すること。 | PYG68: ※参加費等収入ある場合は下記へ記入すること。 | PYO68: ※参加費等収入ある場合は下記へ記入すること。 | PYW68: ※参加費等収入ある場合は下記へ記入すること。 | PZE68: ※参加費等収入ある場合は下記へ記入すること。 | PZM68: ※参加費等収入ある場合は下記へ記入すること。 | PZU68: ※参加費等収入ある場合は下記へ記入すること。 | QAC68: ※参加費等収入ある場合は下記へ記入すること。 | QAK68: ※参加費等収入ある場合は下記へ記入すること。 | QAS68: ※参加費等収入ある場合は下記へ記入すること。 | QBA68: ※参加費等収入ある場合は下記へ記入すること。 | QBI68: ※参加費等収入ある場合は下記へ記入すること。 | QBQ68: ※参加費等収入ある場合は下記へ記入すること。 | QBY68: ※参加費等収入ある場合は下記へ記入すること。 | QCG68: ※参加費等収入ある場合は下記へ記入すること。 | QCO68: ※参加費等収入ある場合は下記へ記入すること。 | QCW68: ※参加費等収入ある場合は下記へ記入すること。 | QDE68: ※参加費等収入ある場合は下記へ記入すること。 | QDM68: ※参加費等収入ある場合は下記へ記入すること。 | QDU68: ※参加費等収入ある場合は下記へ記入すること。 | QEC68: ※参加費等収入ある場合は下記へ記入すること。 | QEK68: ※参加費等収入ある場合は下記へ記入すること。 | QES68: ※参加費等収入ある場合は下記へ記入すること。 | QFA68: ※参加費等収入ある場合は下記へ記入すること。 | QFI68: ※参加費等収入ある場合は下記へ記入すること。 | QFQ68: ※参加費等収入ある場合は下記へ記入すること。 | QFY68: ※参加費等収入ある場合は下記へ記入すること。 | QGG68: ※参加費等収入ある場合は下記へ記入すること。 | QGO68: ※参加費等収入ある場合は下記へ記入すること。 | QGW68: ※参加費等収入ある場合は下記へ記入すること。 | QHE68: ※参加費等収入ある場合は下記へ記入すること。 | QHM68: ※参加費等収入ある場合は下記へ記入すること。 | QHU68: ※参加費等収入ある場合は下記へ記入すること。 | QIC68: ※参加費等収入ある場合は下記へ記入すること。 | QIK68: ※参加費等収入ある場合は下記へ記入すること。 | QIS68: ※参加費等収入ある場合は下記へ記入すること。 | QJA68: ※参加費等収入ある場合は下記へ記入すること。 | QJI68: ※参加費等収入ある場合は下記へ記入すること。 | QJQ68: ※参加費等収入ある場合は下記へ記入すること。 | QJY68: ※参加費等収入ある場合は下記へ記入すること。 | QKG68: ※参加費等収入ある場合は下記へ記入すること。 | QKO68: ※参加費等収入ある場合は下記へ記入すること。 | QKW68: ※参加費等収入ある場合は下記へ記入すること。 | QLE68: ※参加費等収入ある場合は下記へ記入すること。 | QLM68: ※参加費等収入ある場合は下記へ記入すること。 | QLU68: ※参加費等収入ある場合は下記へ記入すること。 | QMC68: ※参加費等収入ある場合は下記へ記入すること。 | QMK68: ※参加費等収入ある場合は下記へ記入すること。 | QMS68: ※参加費等収入ある場合は下記へ記入すること。 | QNA68: ※参加費等収入ある場合は下記へ記入すること。 | QNI68: ※参加費等収入ある場合は下記へ記入すること。 | QNQ68: ※参加費等収入ある場合は下記へ記入すること。 | QNY68: ※参加費等収入ある場合は下記へ記入すること。 | QOG68: ※参加費等収入ある場合は下記へ記入すること。 | QOO68: ※参加費等収入ある場合は下記へ記入すること。 | QOW68: ※参加費等収入ある場合は下記へ記入すること。 | QPE68: ※参加費等収入ある場合は下記へ記入すること。 | QPM68: ※参加費等収入ある場合は下記へ記入すること。 | QPU68: ※参加費等収入ある場合は下記へ記入すること。 | QQC68: ※参加費等収入ある場合は下記へ記入すること。 | QQK68: ※参加費等収入ある場合は下記へ記入すること。 | QQS68: ※参加費等収入ある場合は下記へ記入すること。 | QRA68: ※参加費等収入ある場合は下記へ記入すること。 | QRI68: ※参加費等収入ある場合は下記へ記入すること。 | QRQ68: ※参加費等収入ある場合は下記へ記入すること。 | QRY68: ※参加費等収入ある場合は下記へ記入すること。 | QSG68: ※参加費等収入ある場合は下記へ記入すること。 | QSO68: ※参加費等収入ある場合は下記へ記入すること。 | QSW68: ※参加費等収入ある場合は下記へ記入すること。 | QTE68: ※参加費等収入ある場合は下記へ記入すること。 | QTM68: ※参加費等収入ある場合は下記へ記入すること。 | QTU68: ※参加費等収入ある場合は下記へ記入すること。 | QUC68: ※参加費等収入ある場合は下記へ記入すること。 | QUK68: ※参加費等収入ある場合は下記へ記入すること。 | QUS68: ※参加費等収入ある場合は下記へ記入すること。 | QVA68: ※参加費等収入ある場合は下記へ記入すること。 | QVI68: ※参加費等収入ある場合は下記へ記入すること。 | QVQ68: ※参加費等収入ある場合は下記へ記入すること。 | QVY68: ※参加費等収入ある場合は下記へ記入すること。 | QWG68: ※参加費等収入ある場合は下記へ記入すること。 | QWO68: ※参加費等収入ある場合は下記へ記入すること。 | QWW68: ※参加費等収入ある場合は下記へ記入すること。 | QXE68: ※参加費等収入ある場合は下記へ記入すること。 | QXM68: ※参加費等収入ある場合は下記へ記入すること。 | QXU68: ※参加費等収入ある場合は下記へ記入すること。 | QYC68: ※参加費等収入ある場合は下記へ記入すること。 | QYK68: ※参加費等収入ある場合は下記へ記入すること。 | QYS68: ※参加費等収入ある場合は下記へ記入すること。 | QZA68: ※参加費等収入ある場合は下記へ記入すること。 | QZI68: ※参加費等収入ある場合は下記へ記入すること。 | QZQ68: ※参加費等収入ある場合は下記へ記入すること。 | QZY68: ※参加費等収入ある場合は下記へ記入すること。 | RAG68: ※参加費等収入ある場合は下記へ記入すること。 | RAO68: ※参加費等収入ある場合は下記へ記入すること。 | RAW68: ※参加費等収入ある場合は下記へ記入すること。 | RBE68: ※参加費等収入ある場合は下記へ記入すること。 | RBM68: ※参加費等収入ある場合は下記へ記入すること。 | RBU68: ※参加費等収入ある場合は下記へ記入すること。 | RCC68: ※参加費等収入ある場合は下記へ記入すること。 | RCK68: ※参加費等収入ある場合は下記へ記入すること。 | RCS68: ※参加費等収入ある場合は下記へ記入すること。 | RDA68: ※参加費等収入ある場合は下記へ記入すること。 | RDI68: ※参加費等収入ある場合は下記へ記入すること。 | RDQ68: ※参加費等収入ある場合は下記へ記入すること。 | RDY68: ※参加費等収入ある場合は下記へ記入すること。 | REG68: ※参加費等収入ある場合は下記へ記入すること。 | REO68: ※参加費等収入ある場合は下記へ記入すること。 | REW68: ※参加費等収入ある場合は下記へ記入すること。 | RFE68: ※参加費等収入ある場合は下記へ記入すること。 | RFM68: ※参加費等収入ある場合は下記へ記入すること。 | RFU68: ※参加費等収入ある場合は下記へ記入すること。 | RGC68: ※参加費等収入ある場合は下記へ記入すること。 | RGK68: ※参加費等収入ある場合は下記へ記入すること。 | RGS68: ※参加費等収入ある場合は下記へ記入すること。 | RHA68: ※参加費等収入ある場合は下記へ記入すること。 | RHI68: ※参加費等収入ある場合は下記へ記入すること。 | RHQ68: ※参加費等収入ある場合は下記へ記入すること。 | RHY68: ※参加費等収入ある場合は下記へ記入すること。 | RIG68: ※参加費等収入ある場合は下記へ記入すること。 | RIO68: ※参加費等収入ある場合は下記へ記入すること。 | RIW68: ※参加費等収入ある場合は下記へ記入すること。 | RJE68: ※参加費等収入ある場合は下記へ記入すること。 | RJM68: ※参加費等収入ある場合は下記へ記入すること。 | RJU68: ※参加費等収入ある場合は下記へ記入すること。 | RKC68: ※参加費等収入ある場合は下記へ記入すること。 | RKK68: ※参加費等収入ある場合は下記へ記入すること。 | RKS68: ※参加費等収入ある場合は下記へ記入すること。 | RLA68: ※参加費等収入ある場合は下記へ記入すること。 | RLI68: ※参加費等収入ある場合は下記へ記入すること。 | RLQ68: ※参加費等収入ある場合は下記へ記入すること。 | RLY68: ※参加費等収入ある場合は下記へ記入すること。 | RMG68: ※参加費等収入ある場合は下記へ記入すること。 | RMO68: ※参加費等収入ある場合は下記へ記入すること。 | RMW68: ※参加費等収入ある場合は下記へ記入すること。 | RNE68: ※参加費等収入ある場合は下記へ記入すること。 | RNM68: ※参加費等収入ある場合は下記へ記入すること。 | RNU68: ※参加費等収入ある場合は下記へ記入すること。 | ROC68: ※参加費等収入ある場合は下記へ記入すること。 | ROK68: ※参加費等収入ある場合は下記へ記入すること。 | ROS68: ※参加費等収入ある場合は下記へ記入すること。 | RPA68: ※参加費等収入ある場合は下記へ記入すること。 | RPI68: ※参加費等収入ある場合は下記へ記入すること。 | RPQ68: ※参加費等収入ある場合は下記へ記入すること。 | RPY68: ※参加費等収入ある場合は下記へ記入すること。 | RQG68: ※参加費等収入ある場合は下記へ記入すること。 | RQO68: ※参加費等収入ある場合は下記へ記入すること。 | RQW68: ※参加費等収入ある場合は下記へ記入すること。 | RRE68: ※参加費等収入ある場合は下記へ記入すること。 | RRM68: ※参加費等収入ある場合は下記へ記入すること。 | RRU68: ※参加費等収入ある場合は下記へ記入すること。 | RSC68: ※参加費等収入ある場合は下記へ記入すること。 | RSK68: ※参加費等収入ある場合は下記へ記入すること。 | RSS68: ※参加費等収入ある場合は下記へ記入すること。 | RTA68: ※参加費等収入ある場合は下記へ記入すること。 | RTI68: ※参加費等収入ある場合は下記へ記入すること。 | RTQ68: ※参加費等収入ある場合は下記へ記入すること。 | RTY68: ※参加費等収入ある場合は下記へ記入すること。 | RUG68: ※参加費等収入ある場合は下記へ記入すること。 | RUO68: ※参加費等収入ある場合は下記へ記入すること。 | RUW68: ※参加費等収入ある場合は下記へ記入すること。 | RVE68: ※参加費等収入ある場合は下記へ記入すること。 | RVM68: ※参加費等収入ある場合は下記へ記入すること。 | RVU68: ※参加費等収入ある場合は下記へ記入すること。 | RWC68: ※参加費等収入ある場合は下記へ記入すること。 | RWK68: ※参加費等収入ある場合は下記へ記入すること。 | RWS68: ※参加費等収入ある場合は下記へ記入すること。 | RXA68: ※参加費等収入ある場合は下記へ記入すること。 | RXI68: ※参加費等収入ある場合は下記へ記入すること。 | RXQ68: ※参加費等収入ある場合は下記へ記入すること。 | RXY68: ※参加費等収入ある場合は下記へ記入すること。 | RYG68: ※参加費等収入ある場合は下記へ記入すること。 | RYO68: ※参加費等収入ある場合は下記へ記入すること。 | RYW68: ※参加費等収入ある場合は下記へ記入すること。 | RZE68: ※参加費等収入ある場合は下記へ記入すること。 | RZM68: ※参加費等収入ある場合は下記へ記入すること。 | RZU68: ※参加費等収入ある場合は下記へ記入すること。 | SAC68: ※参加費等収入ある場合は下記へ記入すること。 | SAK68: ※参加費等収入ある場合は下記へ記入すること。 | SAS68: ※参加費等収入ある場合は下記へ記入すること。 | SBA68: ※参加費等収入ある場合は下記へ記入すること。 | SBI68: ※参加費等収入ある場合は下記へ記入すること。 | SBQ68: ※参加費等収入ある場合は下記へ記入すること。 | SBY68: ※参加費等収入ある場合は下記へ記入すること。 | SCG68: ※参加費等収入ある場合は下記へ記入すること。 | SCO68: ※参加費等収入ある場合は下記へ記入すること。 | SCW68: ※参加費等収入ある場合は下記へ記入すること。 | SDE68: ※参加費等収入ある場合は下記へ記入すること。 | SDM68: ※参加費等収入ある場合は下記へ記入すること。 | SDU68: ※参加費等収入ある場合は下記へ記入すること。 | SEC68: ※参加費等収入ある場合は下記へ記入すること。 | SEK68: ※参加費等収入ある場合は下記へ記入すること。 | SES68: ※参加費等収入ある場合は下記へ記入すること。 | SFA68: ※参加費等収入ある場合は下記へ記入すること。 | SFI68: ※参加費等収入ある場合は下記へ記入すること。 | SFQ68: ※参加費等収入ある場合は下記へ記入すること。 | SFY68: ※参加費等収入ある場合は下記へ記入すること。 | SGG68: ※参加費等収入ある場合は下記へ記入すること。 | SGO68: ※参加費等収入ある場合は下記へ記入すること。 | SGW68: ※参加費等収入ある場合は下記へ記入すること。 | SHE68: ※参加費等収入ある場合は下記へ記入すること。 | SHM68: ※参加費等収入ある場合は下記へ記入すること。 | SHU68: ※参加費等収入ある場合は下記へ記入すること。 | SIC68: ※参加費等収入ある場合は下記へ記入すること。 | SIK68: ※参加費等収入ある場合は下記へ記入すること。 | SIS68: ※参加費等収入ある場合は下記へ記入すること。 | SJA68: ※参加費等収入ある場合は下記へ記入すること。 | SJI68: ※参加費等収入ある場合は下記へ記入すること。 | SJQ68: ※参加費等収入ある場合は下記へ記入すること。 | SJY68: ※参加費等収入ある場合は下記へ記入すること。 | SKG68: ※参加費等収入ある場合は下記へ記入すること。 | SKO68: ※参加費等収入ある場合は下記へ記入すること。 | SKW68: ※参加費等収入ある場合は下記へ記入すること。 | SLE68: ※参加費等収入ある場合は下記へ記入すること。 | SLM68: ※参加費等収入ある場合は下記へ記入すること。 | SLU68: ※参加費等収入ある場合は下記へ記入すること。 | SMC68: ※参加費等収入ある場合は下記へ記入すること。 | SMK68: ※参加費等収入ある場合は下記へ記入すること。 | SMS68: ※参加費等収入ある場合は下記へ記入すること。 | SNA68: ※参加費等収入ある場合は下記へ記入すること。 | SNI68: ※参加費等収入ある場合は下記へ記入すること。 | SNQ68: ※参加費等収入ある場合は下記へ記入すること。 | SNY68: ※参加費等収入ある場合は下記へ記入すること。 | SOG68: ※参加費等収入ある場合は下記へ記入すること。 | SOO68: ※参加費等収入ある場合は下記へ記入すること。 | SOW68: ※参加費等収入ある場合は下記へ記入すること。 | SPE68: ※参加費等収入ある場合は下記へ記入すること。 | SPM68: ※参加費等収入ある場合は下記へ記入すること。 | SPU68: ※参加費等収入ある場合は下記へ記入すること。 | SQC68: ※参加費等収入ある場合は下記へ記入すること。 | SQK68: ※参加費等収入ある場合は下記へ記入すること。 | SQS68: ※参加費等収入ある場合は下記へ記入すること。 | SRA68: ※参加費等収入ある場合は下記へ記入すること。 | SRI68: ※参加費等収入ある場合は下記へ記入すること。 | SRQ68: ※参加費等収入ある場合は下記へ記入すること。 | SRY68: ※参加費等収入ある場合は下記へ記入すること。 | SSG68: ※参加費等収入ある場合は下記へ記入すること。 | SSO68: ※参加費等収入ある場合は下記へ記入すること。 | SSW68: ※参加費等収入ある場合は下記へ記入すること。 | STE68: ※参加費等収入ある場合は下記へ記入すること。 | STM68: ※参加費等収入ある場合は下記へ記入すること。 | STU68: ※参加費等収入ある場合は下記へ記入すること。 | SUC68: ※参加費等収入ある場合は下記へ記入すること。 | SUK68: ※参加費等収入ある場合は下記へ記入すること。 | SUS68: ※参加費等収入ある場合は下記へ記入すること。 | SVA68: ※参加費等収入ある場合は下記へ記入すること。 | SVI68: ※参加費等収入ある場合は下記へ記入すること。 | SVQ68: ※参加費等収入ある場合は下記へ記入すること。 | SVY68: ※参加費等収入ある場合は下記へ記入すること。 | SWG68: ※参加費等収入ある場合は下記へ記入すること。 | SWO68: ※参加費等収入ある場合は下記へ記入すること。 | SWW68: ※参加費等収入ある場合は下記へ記入すること。 | SXE68: ※参加費等収入ある場合は下記へ記入すること。 | SXM68: ※参加費等収入ある場合は下記へ記入すること。 | SXU68: ※参加費等収入ある場合は下記へ記入すること。 | SYC68: ※参加費等収入ある場合は下記へ記入すること。 | SYK68: ※参加費等収入ある場合は下記へ記入すること。 | SYS68: ※参加費等収入ある場合は下記へ記入すること。 | SZA68: ※参加費等収入ある場合は下記へ記入すること。 | SZI68: ※参加費等収入ある場合は下記へ記入すること。 | SZQ68: ※参加費等収入ある場合は下記へ記入すること。 | SZY68: ※参加費等収入ある場合は下記へ記入すること。 | TAG68: ※参加費等収入ある場合は下記へ記入すること。 | TAO68: ※参加費等収入ある場合は下記へ記入すること。 | TAW68: ※参加費等収入ある場合は下記へ記入すること。 | TBE68: ※参加費等収入ある場合は下記へ記入すること。 | TBM68: ※参加費等収入ある場合は下記へ記入すること。 | TBU68: ※参加費等収入ある場合は下記へ記入すること。 | TCC68: ※参加費等収入ある場合は下記へ記入すること。 | TCK68: ※参加費等収入ある場合は下記へ記入すること。 | TCS68: ※参加費等収入ある場合は下記へ記入すること。 | TDA68: ※参加費等収入ある場合は下記へ記入すること。 | TDI68: ※参加費等収入ある場合は下記へ記入すること。 | TDQ68: ※参加費等収入ある場合は下記へ記入すること。 | TDY68: ※参加費等収入ある場合は下記へ記入すること。 | TEG68: ※参加費等収入ある場合は下記へ記入すること。 | TEO68: ※参加費等収入ある場合は下記へ記入すること。 | TEW68: ※参加費等収入ある場合は下記へ記入すること。 | TFE68: ※参加費等収入ある場合は下記へ記入すること。 | TFM68: ※参加費等収入ある場合は下記へ記入すること。 | TFU68: ※参加費等収入ある場合は下記へ記入すること。 | TGC68: ※参加費等収入ある場合は下記へ記入すること。 | TGK68: ※参加費等収入ある場合は下記へ記入すること。 | TGS68: ※参加費等収入ある場合は下記へ記入すること。 | THA68: ※参加費等収入ある場合は下記へ記入すること。 | THI68: ※参加費等収入ある場合は下記へ記入すること。 | THQ68: ※参加費等収入ある場合は下記へ記入すること。 | THY68: ※参加費等収入ある場合は下記へ記入すること。 | TIG68: ※参加費等収入ある場合は下記へ記入すること。 | TIO68: ※参加費等収入ある場合は下記へ記入すること。 | TIW68: ※参加費等収入ある場合は下記へ記入すること。 | TJE68: ※参加費等収入ある場合は下記へ記入すること。 | TJM68: ※参加費等収入ある場合は下記へ記入すること。 | TJU68: ※参加費等収入ある場合は下記へ記入すること。 | TKC68: ※参加費等収入ある場合は下記へ記入すること。 | TKK68: ※参加費等収入ある場合は下記へ記入すること。 | TKS68: ※参加費等収入ある場合は下記へ記入すること。 | TLA68: ※参加費等収入ある場合は下記へ記入すること。 | TLI68: ※参加費等収入ある場合は下記へ記入すること。 | TLQ68: ※参加費等収入ある場合は下記へ記入すること。 | TLY68: ※参加費等収入ある場合は下記へ記入すること。 | TMG68: ※参加費等収入ある場合は下記へ記入すること。 | TMO68: ※参加費等収入ある場合は下記へ記入すること。 | TMW68: ※参加費等収入ある場合は下記へ記入すること。 | TNE68: ※参加費等収入ある場合は下記へ記入すること。 | TNM68: ※参加費等収入ある場合は下記へ記入すること。 | TNU68: ※参加費等収入ある場合は下記へ記入すること。 | TOC68: ※参加費等収入ある場合は下記へ記入すること。 | TOK68: ※参加費等収入ある場合は下記へ記入すること。 | TOS68: ※参加費等収入ある場合は下記へ記入すること。 | TPA68: ※参加費等収入ある場合は下記へ記入すること。 | TPI68: ※参加費等収入ある場合は下記へ記入すること。 | TPQ68: ※参加費等収入ある場合は下記へ記入すること。 | TPY68: ※参加費等収入ある場合は下記へ記入すること。 | TQG68: ※参加費等収入ある場合は下記へ記入すること。 | TQO68: ※参加費等収入ある場合は下記へ記入すること。 | TQW68: ※参加費等収入ある場合は下記へ記入すること。 | TRE68: ※参加費等収入ある場合は下記へ記入すること。 | TRM68: ※参加費等収入ある場合は下記へ記入すること。 | TRU68: ※参加費等収入ある場合は下記へ記入すること。 | TSC68: ※参加費等収入ある場合は下記へ記入すること。 | TSK68: ※参加費等収入ある場合は下記へ記入すること。 | TSS68: ※参加費等収入ある場合は下記へ記入すること。 | TTA68: ※参加費等収入ある場合は下記へ記入すること。 | TTI68: ※参加費等収入ある場合は下記へ記入すること。 | TTQ68: ※参加費等収入ある場合は下記へ記入すること。 | TTY68: ※参加費等収入ある場合は下記へ記入すること。 | TUG68: ※参加費等収入ある場合は下記へ記入すること。 | TUO68: ※参加費等収入ある場合は下記へ記入すること。 | TUW68: ※参加費等収入ある場合は下記へ記入すること。 | TVE68: ※参加費等収入ある場合は下記へ記入すること。 | TVM68: ※参加費等収入ある場合は下記へ記入すること。 | TVU68: ※参加費等収入ある場合は下記へ記入すること。 | TWC68: ※参加費等収入ある場合は下記へ記入すること。 | TWK68: ※参加費等収入ある場合は下記へ記入すること。 | TWS68: ※参加費等収入ある場合は下記へ記入すること。 | TXA68: ※参加費等収入ある場合は下記へ記入すること。 | TXI68: ※参加費等収入ある場合は下記へ記入すること。 | TXQ68: ※参加費等収入ある場合は下記へ記入すること。 | TXY68: ※参加費等収入ある場合は下記へ記入すること。 | TYG68: ※参加費等収入ある場合は下記へ記入すること。 | TYO68: ※参加費等収入ある場合は下記へ記入すること。 | TYW68: ※参加費等収入ある場合は下記へ記入すること。 | TZE68: ※参加費等収入ある場合は下記へ記入すること。 | TZM68: ※参加費等収入ある場合は下記へ記入すること。 | TZU68: ※参加費等収入ある場合は下記へ記入すること。 | UAC68: ※参加費等収入ある場合は下記へ記入すること。 | UAK68: ※参加費等収入ある場合は下記へ記入すること。 | UAS68: ※参加費等収入ある場合は下記へ記入すること。 | UBA68: ※参加費等収入ある場合は下記へ記入すること。 | UBI68: ※参加費等収入ある場合は下記へ記入すること。 | UBQ68: ※参加費等収入ある場合は下記へ記入すること。 | UBY68: ※参加費等収入ある場合は下記へ記入すること。 | UCG68: ※参加費等収入ある場合は下記へ記入すること。 | UCO68: ※参加費等収入ある場合は下記へ記入すること。 | UCW68: ※参加費等収入ある場合は下記へ記入すること。 | UDE68: ※参加費等収入ある場合は下記へ記入すること。 | UDM68: ※参加費等収入ある場合は下記へ記入すること。 | UDU68: ※参加費等収入ある場合は下記へ記入すること。 | UEC68: ※参加費等収入ある場合は下記へ記入すること。 | UEK68: ※参加費等収入ある場合は下記へ記入すること。 | UES68: ※参加費等収入ある場合は下記へ記入すること。 | UFA68: ※参加費等収入ある場合は下記へ記入すること。 | UFI68: ※参加費等収入ある場合は下記へ記入すること。 | UFQ68: ※参加費等収入ある場合は下記へ記入すること。 | UFY68: ※参加費等収入ある場合は下記へ記入すること。 | UGG68: ※参加費等収入ある場合は下記へ記入すること。 | UGO68: ※参加費等収入ある場合は下記へ記入すること。 | UGW68: ※参加費等収入ある場合は下記へ記入すること。 | UHE68: ※参加費等収入ある場合は下記へ記入すること。 | UHM68: ※参加費等収入ある場合は下記へ記入すること。 | UHU68: ※参加費等収入ある場合は下記へ記入すること。 | UIC68: ※参加費等収入ある場合は下記へ記入すること。 | UIK68: ※参加費等収入ある場合は下記へ記入すること。 | UIS68: ※参加費等収入ある場合は下記へ記入すること。 | UJA68: ※参加費等収入ある場合は下記へ記入すること。 | UJI68: ※参加費等収入ある場合は下記へ記入すること。 | UJQ68: ※参加費等収入ある場合は下記へ記入すること。 | UJY68: ※参加費等収入ある場合は下記へ記入すること。 | UKG68: ※参加費等収入ある場合は下記へ記入すること。 | UKO68: ※参加費等収入ある場合は下記へ記入すること。 | UKW68: ※参加費等収入ある場合は下記へ記入すること。 | ULE68: ※参加費等収入ある場合は下記へ記入すること。 | ULM68: ※参加費等収入ある場合は下記へ記入すること。 | ULU68: ※参加費等収入ある場合は下記へ記入すること。 | UMC68: ※参加費等収入ある場合は下記へ記入すること。 | UMK68: ※参加費等収入ある場合は下記へ記入すること。 | UMS68: ※参加費等収入ある場合は下記へ記入すること。 | UNA68: ※参加費等収入ある場合は下記へ記入すること。 | UNI68: ※参加費等収入ある場合は下記へ記入すること。 | UNQ68: ※参加費等収入ある場合は下記へ記入すること。 | UNY68: ※参加費等収入ある場合は下記へ記入すること。 | UOG68: ※参加費等収入ある場合は下記へ記入すること。 | UOO68: ※参加費等収入ある場合は下記へ記入すること。 | UOW68: ※参加費等収入ある場合は下記へ記入すること。 | UPE68: ※参加費等収入ある場合は下記へ記入すること。 | UPM68: ※参加費等収入ある場合は下記へ記入すること。 | UPU68: ※参加費等収入ある場合は下記へ記入すること。 | UQC68: ※参加費等収入ある場合は下記へ記入すること。 | UQK68: ※参加費等収入ある場合は下記へ記入すること。 | UQS68: ※参加費等収入ある場合は下記へ記入すること。 | URA68: ※参加費等収入ある場合は下記へ記入すること。 | URI68: ※参加費等収入ある場合は下記へ記入すること。 | URQ68: ※参加費等収入ある場合は下記へ記入すること。 | URY68: ※参加費等収入ある場合は下記へ記入すること。 | USG68: ※参加費等収入ある場合は下記へ記入すること。 | USO68: ※参加費等収入ある場合は下記へ記入すること。 | USW68: ※参加費等収入ある場合は下記へ記入すること。 | UTE68: ※参加費等収入ある場合は下記へ記入すること。 | UTM68: ※参加費等収入ある場合は下記へ記入すること。 | UTU68: ※参加費等収入ある場合は下記へ記入すること。 | UUC68: ※参加費等収入ある場合は下記へ記入すること。 | UUK68: ※参加費等収入ある場合は下記へ記入すること。 | UUS68: ※参加費等収入ある場合は下記へ記入すること。 | UVA68: ※参加費等収入ある場合は下記へ記入すること。 | UVI68: ※参加費等収入ある場合は下記へ記入すること。 | UVQ68: ※参加費等収入ある場合は下記へ記入すること。 | UVY68: ※参加費等収入ある場合は下記へ記入すること。 | UWG68: ※参加費等収入ある場合は下記へ記入すること。 | UWO68: ※参加費等収入ある場合は下記へ記入すること。 | UWW68: ※参加費等収入ある場合は下記へ記入すること。 | UXE68: ※参加費等収入ある場合は下記へ記入すること。 | UXM68: ※参加費等収入ある場合は下記へ記入すること。 | UXU68: ※参加費等収入ある場合は下記へ記入すること。 | UYC68: ※参加費等収入ある場合は下記へ記入すること。 | UYK68: ※参加費等収入ある場合は下記へ記入すること。 | UYS68: ※参加費等収入ある場合は下記へ記入すること。 | UZA68: ※参加費等収入ある場合は下記へ記入すること。 | UZI68: ※参加費等収入ある場合は下記へ記入すること。 | UZQ68: ※参加費等収入ある場合は下記へ記入すること。 | UZY68: ※参加費等収入ある場合は下記へ記入すること。 | VAG68: ※参加費等収入ある場合は下記へ記入すること。 | VAO68: ※参加費等収入ある場合は下記へ記入すること。 | VAW68: ※参加費等収入ある場合は下記へ記入すること。 | VBE68: ※参加費等収入ある場合は下記へ記入すること。 | VBM68: ※参加費等収入ある場合は下記へ記入すること。 | VBU68: ※参加費等収入ある場合は下記へ記入すること。 | VCC68: ※参加費等収入ある場合は下記へ記入すること。 | VCK68: ※参加費等収入ある場合は下記へ記入すること。 | VCS68: ※参加費等収入ある場合は下記へ記入すること。 | VDA68: ※参加費等収入ある場合は下記へ記入すること。 | VDI68: ※参加費等収入ある場合は下記へ記入すること。 | VDQ68: ※参加費等収入ある場合は下記へ記入すること。 | VDY68: ※参加費等収入ある場合は下記へ記入すること。 | VEG68: ※参加費等収入ある場合は下記へ記入すること。 | VEO68: ※参加費等収入ある場合は下記へ記入すること。 | VEW68: ※参加費等収入ある場合は下記へ記入すること。 | VFE68: ※参加費等収入ある場合は下記へ記入すること。 | VFM68: ※参加費等収入ある場合は下記へ記入すること。 | VFU68: ※参加費等収入ある場合は下記へ記入すること。 | VGC68: ※参加費等収入ある場合は下記へ記入すること。 | VGK68: ※参加費等収入ある場合は下記へ記入すること。 | VGS68: ※参加費等収入ある場合は下記へ記入すること。 | VHA68: ※参加費等収入ある場合は下記へ記入すること。 | VHI68: ※参加費等収入ある場合は下記へ記入すること。 | VHQ68: ※参加費等収入ある場合は下記へ記入すること。 | VHY68: ※参加費等収入ある場合は下記へ記入すること。 | VIG68: ※参加費等収入ある場合は下記へ記入すること。 | VIO68: ※参加費等収入ある場合は下記へ記入すること。 | VIW68: ※参加費等収入ある場合は下記へ記入すること。 | VJE68: ※参加費等収入ある場合は下記へ記入すること。 | VJM68: ※参加費等収入ある場合は下記へ記入すること。 | VJU68: ※参加費等収入ある場合は下記へ記入すること。 | VKC68: ※参加費等収入ある場合は下記へ記入すること。 | VKK68: ※参加費等収入ある場合は下記へ記入すること。 | VKS68: ※参加費等収入ある場合は下記へ記入すること。 | VLA68: ※参加費等収入ある場合は下記へ記入すること。 | VLI68: ※参加費等収入ある場合は下記へ記入すること。 | VLQ68: ※参加費等収入ある場合は下記へ記入すること。 | VLY68: ※参加費等収入ある場合は下記へ記入すること。 | VMG68: ※参加費等収入ある場合は下記へ記入すること。 | VMO68: ※参加費等収入ある場合は下記へ記入すること。 | VMW68: ※参加費等収入ある場合は下記へ記入すること。 | VNE68: ※参加費等収入ある場合は下記へ記入すること。 | VNM68: ※参加費等収入ある場合は下記へ記入すること。 | VNU68: ※参加費等収入ある場合は下記へ記入すること。 | VOC68: ※参加費等収入ある場合は下記へ記入すること。 | VOK68: ※参加費等収入ある場合は下記へ記入すること。 | VOS68: ※参加費等収入ある場合は下記へ記入すること。 | VPA68: ※参加費等収入ある場合は下記へ記入すること。 | VPI68: ※参加費等収入ある場合は下記へ記入すること。 | VPQ68: ※参加費等収入ある場合は下記へ記入すること。 | VPY68: ※参加費等収入ある場合は下記へ記入すること。 | VQG68: ※参加費等収入ある場合は下記へ記入すること。 | VQO68: ※参加費等収入ある場合は下記へ記入すること。 | VQW68: ※参加費等収入ある場合は下記へ記入すること。 | VRE68: ※参加費等収入ある場合は下記へ記入すること。 | VRM68: ※参加費等収入ある場合は下記へ記入すること。 | VRU68: ※参加費等収入ある場合は下記へ記入すること。 | VSC68: ※参加費等収入ある場合は下記へ記入すること。 | VSK68: ※参加費等収入ある場合は下記へ記入すること。 | VSS68: ※参加費等収入ある場合は下記へ記入すること。 | VTA68: ※参加費等収入ある場合は下記へ記入すること。 | VTI68: ※参加費等収入ある場合は下記へ記入すること。 | VTQ68: ※参加費等収入ある場合は下記へ記入すること。 | VTY68: ※参加費等収入ある場合は下記へ記入すること。 | VUG68: ※参加費等収入ある場合は下記へ記入すること。 | VUO68: ※参加費等収入ある場合は下記へ記入すること。 | VUW68: ※参加費等収入ある場合は下記へ記入すること。 | VVE68: ※参加費等収入ある場合は下記へ記入すること。 | VVM68: ※参加費等収入ある場合は下記へ記入すること。 | VVU68: ※参加費等収入ある場合は下記へ記入すること。 | VWC68: ※参加費等収入ある場合は下記へ記入すること。 | VWK68: ※参加費等収入ある場合は下記へ記入すること。 | VWS68: ※参加費等収入ある場合は下記へ記入すること。 | VXA68: ※参加費等収入ある場合は下記へ記入すること。 | VXI68: ※参加費等収入ある場合は下記へ記入すること。 | VXQ68: ※参加費等収入ある場合は下記へ記入すること。 | VXY68: ※参加費等収入ある場合は下記へ記入すること。 | VYG68: ※参加費等収入ある場合は下記へ記入すること。 | VYO68: ※参加費等収入ある場合は下記へ記入すること。 | VYW68: ※参加費等収入ある場合は下記へ記入すること。 | VZE68: ※参加費等収入ある場合は下記へ記入すること。 | VZM68: ※参加費等収入ある場合は下記へ記入すること。 | VZU68: ※参加費等収入ある場合は下記へ記入すること。 | WAC68: ※参加費等収入ある場合は下記へ記入すること。 | WAK68: ※参加費等収入ある場合は下記へ記入すること。 | WAS68: ※参加費等収入ある場合は下記へ記入すること。 | WBA68: ※参加費等収入ある場合は下記へ記入すること。 | WBI68: ※参加費等収入ある場合は下記へ記入すること。 | WBQ68: ※参加費等収入ある場合は下記へ記入すること。 | WBY68: ※参加費等収入ある場合は下記へ記入すること。 | WCG68: ※参加費等収入ある場合は下記へ記入すること。 | WCO68: ※参加費等収入ある場合は下記へ記入すること。 | WCW68: ※参加費等収入ある場合は下記へ記入すること。 | WDE68: ※参加費等収入ある場合は下記へ記入すること。 | WDM68: ※参加費等収入ある場合は下記へ記入すること。 | WDU68: ※参加費等収入ある場合は下記へ記入すること。 | WEC68: ※参加費等収入ある場合は下記へ記入すること。 | WEK68: ※参加費等収入ある場合は下記へ記入すること。 | WES68: ※参加費等収入ある場合は下記へ記入すること。 | WFA68: ※参加費等収入ある場合は下記へ記入すること。 | WFI68: ※参加費等収入ある場合は下記へ記入すること。 | WFQ68: ※参加費等収入ある場合は下記へ記入すること。 | WFY68: ※参加費等収入ある場合は下記へ記入すること。 | WGG68: ※参加費等収入ある場合は下記へ記入すること。 | WGO68: ※参加費等収入ある場合は下記へ記入すること。 | WGW68: ※参加費等収入ある場合は下記へ記入すること。 | WHE68: ※参加費等収入ある場合は下記へ記入すること。 | WHM68: ※参加費等収入ある場合は下記へ記入すること。 | WHU68: ※参加費等収入ある場合は下記へ記入すること。 | WIC68: ※参加費等収入ある場合は下記へ記入すること。 | WIK68: ※参加費等収入ある場合は下記へ記入すること。 | WIS68: ※参加費等収入ある場合は下記へ記入すること。 | WJA68: ※参加費等収入ある場合は下記へ記入すること。 | WJI68: ※参加費等収入ある場合は下記へ記入すること。 | WJQ68: ※参加費等収入ある場合は下記へ記入すること。 | WJY68: ※参加費等収入ある場合は下記へ記入すること。 | WKG68: ※参加費等収入ある場合は下記へ記入すること。 | WKO68: ※参加費等収入ある場合は下記へ記入すること。 | WKW68: ※参加費等収入ある場合は下記へ記入すること。 | WLE68: ※参加費等収入ある場合は下記へ記入すること。 | WLM68: ※参加費等収入ある場合は下記へ記入すること。 | WLU68: ※参加費等収入ある場合は下記へ記入すること。 | WMC68: ※参加費等収入ある場合は下記へ記入すること。 | WMK68: ※参加費等収入ある場合は下記へ記入すること。 | WMS68: ※参加費等収入ある場合は下記へ記入すること。 | WNA68: ※参加費等収入ある場合は下記へ記入すること。 | WNI68: ※参加費等収入ある場合は下記へ記入すること。 | WNQ68: ※参加費等収入ある場合は下記へ記入すること。 | WNY68: ※参加費等収入ある場合は下記へ記入すること。 | WOG68: ※参加費等収入ある場合は下記へ記入すること。 | WOO68: ※参加費等収入ある場合は下記へ記入すること。 | WOW68: ※参加費等収入ある場合は下記へ記入すること。 | WPE68: ※参加費等収入ある場合は下記へ記入すること。 | WPM68: ※参加費等収入ある場合は下記へ記入すること。 | WPU68: ※参加費等収入ある場合は下記へ記入すること。 | WQC68: ※参加費等収入ある場合は下記へ記入すること。 | WQK68: ※参加費等収入ある場合は下記へ記入すること。 | WQS68: ※参加費等収入ある場合は下記へ記入すること。 | WRA68: ※参加費等収入ある場合は下記へ記入すること。 | WRI68: ※参加費等収入ある場合は下記へ記入すること。 | WRQ68: ※参加費等収入ある場合は下記へ記入すること。 | WRY68: ※参加費等収入ある場合は下記へ記入すること。 | WSG68: ※参加費等収入ある場合は下記へ記入すること。 | WSO68: ※参加費等収入ある場合は下記へ記入すること。 | WSW68: ※参加費等収入ある場合は下記へ記入すること。 | WTE68: ※参加費等収入ある場合は下記へ記入すること。 | WTM68: ※参加費等収入ある場合は下記へ記入すること。 | WTU68: ※参加費等収入ある場合は下記へ記入すること。 | WUC68: ※参加費等収入ある場合は下記へ記入すること。 | WUK68: ※参加費等収入ある場合は下記へ記入すること。 | WUS68: ※参加費等収入ある場合は下記へ記入すること。 | WVA68: ※参加費等収入ある場合は下記へ記入すること。 | WVI68: ※参加費等収入ある場合は下記へ記入すること。 | WVQ68: ※参加費等収入ある場合は下記へ記入すること。 | WVY68: ※参加費等収入ある場合は下記へ記入すること。 | WWG68: ※参加費等収入ある場合は下記へ記入すること。 | WWO68: ※参加費等収入ある場合は下記へ記入すること。 | WWW68: ※参加費等収入ある場合は下記へ記入すること。 | WXE68: ※参加費等収入ある場合は下記へ記入すること。 | WXM68: ※参加費等収入ある場合は下記へ記入すること。 | WXU68: ※参加費等収入ある場合は下記へ記入すること。 | WYC68: ※参加費等収入ある場合は下記へ記入すること。 | WYK68: ※参加費等収入ある場合は下記へ記入すること。 | WYS68: ※参加費等収入ある場合は下記へ記入すること。 | WZA68: ※参加費等収入ある場合は下記へ記入すること。 | WZI68: ※参加費等収入ある場合は下記へ記入すること。 | WZQ68: ※参加費等収入ある場合は下記へ記入すること。 | WZY68: ※参加費等収入ある場合は下記へ記入すること。 | XAG68: ※参加費等収入ある場合は下記へ記入すること。 | XAO68: ※参加費等収入ある場合は下記へ記入すること。 | XAW68: ※参加費等収入ある場合は下記へ記入すること。 | XBE68: ※参加費等収入ある場合は下記へ記入すること。 | XBM68: ※参加費等収入ある場合は下記へ記入すること。 | XBU68: ※参加費等収入ある場合は下記へ記入すること。 | XCC68: ※参加費等収入ある場合は下記へ記入すること。 | XCK68: ※参加費等収入ある場合は下記へ記入すること。 | XCS68: ※参加費等収入ある場合は下記へ記入すること。 | XDA68: ※参加費等収入ある場合は下記へ記入すること。 | XDI68: ※参加費等収入ある場合は下記へ記入すること。 | XDQ68: ※参加費等収入ある場合は下記へ記入すること。 | XDY68: ※参加費等収入ある場合は下記へ記入すること。 | XEG68: ※参加費等収入ある場合は下記へ記入すること。 | XEO68: ※参加費等収入ある場合は下記へ記入すること。 | XEW68: ※参加費等収入ある場合は下記へ記入すること。
A69: 収入項目名： | F69: 予定収入額 | I69: 収入項目名： | N69: 予定収入額： | Q69: 収入項目名： | V69: 予定収入額： | Y69: 収入項目名： | AD69: 予定収入額： | AG69: 収入項目名： | AL69: 予定収入額： | AO69: 収入項目名： | AT69: 予定収入額： | AW69: 収入項目名： | BB69: 予定収入額： | BE69: 収入項目名： | BJ69: 予定収入額： | BM69: 収入項目名： | BR69: 予定収入額： | BU69: 収入項目名： | BZ69: 予定収入額： | CC69: 収入項目名： | CH69: 予定収入額： | CK69: 収入項目名： | CP69: 予定収入額： | CS69: 収入項目名： | CX69: 予定収入額： | DA69: 収入項目名： | DF69: 予定収入額： | DI69: 収入項目名： | DN69: 予定収入額： | DQ69: 収入項目名： | DV69: 予定収入額： | DY69: 収入項目名： | ED69: 予定収入額： | EG69: 収入項目名： | EL69: 予定収入額： | EO69: 収入項目名： | ET69: 予定収入額： | EW69: 収入項目名： | FB69: 予定収入額： | FE69: 収入項目名： | FJ69: 予定収入額： | FM69: 収入項目名： | FR69: 予定収入額： | FU69: 収入項目名： | FZ69: 予定収入額： | GC69: 収入項目名： | GH69: 予定収入額： | GK69: 収入項目名： | GP69: 予定収入額： | GS69: 収入項目名： | GX69: 予定収入額： | HA69: 収入項目名： | HF69: 予定収入額： | HI69: 収入項目名： | HN69: 予定収入額： | HQ69: 収入項目名： | HV69: 予定収入額： | HY69: 収入項目名： | ID69: 予定収入額： | IG69: 収入項目名： | IL69: 予定収入額： | IO69: 収入項目名： | IT69: 予定収入額： | IW69: 収入項目名： | JB69: 予定収入額： | JE69: 収入項目名： | JJ69: 予定収入額： | JM69: 収入項目名： | JR69: 予定収入額： | JU69: 収入項目名： | JZ69: 予定収入額： | KC69: 収入項目名： | KH69: 予定収入額： | KK69: 収入項目名： | KP69: 予定収入額： | KS69: 収入項目名： | KX69: 予定収入額： | LA69: 収入項目名： | LF69: 予定収入額： | LI69: 収入項目名： | LN69: 予定収入額： | LQ69: 収入項目名： | LV69: 予定収入額： | LY69: 収入項目名： | MD69: 予定収入額： | MG69: 収入項目名： | ML69: 予定収入額： | MO69: 収入項目名： | MT69: 予定収入額： | MW69: 収入項目名： | NB69: 予定収入額： | NE69: 収入項目名： | NJ69: 予定収入額： | NM69: 収入項目名： | NR69: 予定収入額： | NU69: 収入項目名： | NZ69: 予定収入額： | OC69: 収入項目名： | OH69: 予定収入額： | OK69: 収入項目名： | OP69: 予定収入額： | OS69: 収入項目名： | OX69: 予定収入額： | PA69: 収入項目名： | PF69: 予定収入額： | PI69: 収入項目名： | PN69: 予定収入額： | PQ69: 収入項目名： | PV69: 予定収入額： | PY69: 収入項目名： | QD69: 予定収入額： | QG69: 収入項目名： | QL69: 予定収入額： | QO69: 収入項目名： | QT69: 予定収入額： | QW69: 収入項目名： | RB69: 予定収入額： | RE69: 収入項目名： | RJ69: 予定収入額： | RM69: 収入項目名： | RR69: 予定収入額： | RU69: 収入項目名： | RZ69: 予定収入額： | SC69: 収入項目名： | SH69: 予定収入額： | SK69: 収入項目名： | SP69: 予定収入額： | SS69: 収入項目名： | SX69: 予定収入額： | TA69: 収入項目名： | TF69: 予定収入額： | TI69: 収入項目名： | TN69: 予定収入額： | TQ69: 収入項目名： | TV69: 予定収入額： | TY69: 収入項目名： | UD69: 予定収入額： | UG69: 収入項目名： | UL69: 予定収入額： | UO69: 収入項目名： | UT69: 予定収入額： | UW69: 収入項目名： | VB69: 予定収入額： | VE69: 収入項目名： | VJ69: 予定収入額： | VM69: 収入項目名： | VR69: 予定収入額： | VU69: 収入項目名： | VZ69: 予定収入額： | WC69: 収入項目名： | WH69: 予定収入額： | WK69: 収入項目名： | WP69: 予定収入額： | WS69: 収入項目名： | WX69: 予定収入額： | XA69: 収入項目名： | XF69: 予定収入額： | XI69: 収入項目名： | XN69: 予定収入額： | XQ69: 収入項目名： | XV69: 予定収入額： | XY69: 収入項目名： | YD69: 予定収入額： | YG69: 収入項目名： | YL69: 予定収入額： | YO69: 収入項目名： | YT69: 予定収入額： | YW69: 収入項目名： | ZB69: 予定収入額： | ZE69: 収入項目名： | ZJ69: 予定収入額： | ZM69: 収入項目名： | ZR69: 予定収入額： | ZU69: 収入項目名： | ZZ69: 予定収入額： | AAC69: 収入項目名： | AAH69: 予定収入額： | AAK69: 収入項目名： | AAP69: 予定収入額： | AAS69: 収入項目名： | AAX69: 予定収入額： | ABA69: 収入項目名： | ABF69: 予定収入額： | ABI69: 収入項目名： | ABN69: 予定収入額： | ABQ69: 収入項目名： | ABV69: 予定収入額： | ABY69: 収入項目名： | ACD69: 予定収入額： | ACG69: 収入項目名： | ACL69: 予定収入額： | ACO69: 収入項目名： | ACT69: 予定収入額： | ACW69: 収入項目名： | ADB69: 予定収入額： | ADE69: 収入項目名： | ADJ69: 予定収入額： | ADM69: 収入項目名： | ADR69: 予定収入額： | ADU69: 収入項目名： | ADZ69: 予定収入額： | AEC69: 収入項目名： | AEH69: 予定収入額： | AEK69: 収入項目名： | AEP69: 予定収入額： | AES69: 収入項目名： | AEX69: 予定収入額： | AFA69: 収入項目名： | AFF69: 予定収入額： | AFI69: 収入項目名： | AFN69: 予定収入額： | AFQ69: 収入項目名： | AFV69: 予定収入額： | AFY69: 収入項目名： | AGD69: 予定収入額： | AGG69: 収入項目名： | AGL69: 予定収入額： | AGO69: 収入項目名： | AGT69: 予定収入額： | AGW69: 収入項目名： | AHB69: 予定収入額： | AHE69: 収入項目名： | AHJ69: 予定収入額： | AHM69: 収入項目名： | AHR69: 予定収入額： | AHU69: 収入項目名： | AHZ69: 予定収入額： | AIC69: 収入項目名： | AIH69: 予定収入額： | AIK69: 収入項目名： | AIP69: 予定収入額： | AIS69: 収入項目名： | AIX69: 予定収入額： | AJA69: 収入項目名： | AJF69: 予定収入額： | AJI69: 収入項目名： | AJN69: 予定収入額： | AJQ69: 収入項目名： | AJV69: 予定収入額： | AJY69: 収入項目名： | AKD69: 予定収入額： | AKG69: 収入項目名： | AKL69: 予定収入額： | AKO69: 収入項目名： | AKT69: 予定収入額： | AKW69: 収入項目名： | ALB69: 予定収入額： | ALE69: 収入項目名： | ALJ69: 予定収入額： | ALM69: 収入項目名： | ALR69: 予定収入額： | ALU69: 収入項目名： | ALZ69: 予定収入額： | AMC69: 収入項目名： | AMH69: 予定収入額： | AMK69: 収入項目名： | AMP69: 予定収入額： | AMS69: 収入項目名： | AMX69: 予定収入額： | ANA69: 収入項目名： | ANF69: 予定収入額： | ANI69: 収入項目名： | ANN69: 予定収入額： | ANQ69: 収入項目名： | ANV69: 予定収入額： | ANY69: 収入項目名： | AOD69: 予定収入額： | AOG69: 収入項目名： | AOL69: 予定収入額： | AOO69: 収入項目名： | AOT69: 予定収入額： | AOW69: 収入項目名： | APB69: 予定収入額： | APE69: 収入項目名： | APJ69: 予定収入額： | APM69: 収入項目名： | APR69: 予定収入額： | APU69: 収入項目名： | APZ69: 予定収入額： | AQC69: 収入項目名： | AQH69: 予定収入額： | AQK69: 収入項目名： | AQP69: 予定収入額： | AQS69: 収入項目名： | AQX69: 予定収入額： | ARA69: 収入項目名： | ARF69: 予定収入額： | ARI69: 収入項目名： | ARN69: 予定収入額： | ARQ69: 収入項目名： | ARV69: 予定収入額： | ARY69: 収入項目名： | ASD69: 予定収入額： | ASG69: 収入項目名： | ASL69: 予定収入額： | ASO69: 収入項目名： | AST69: 予定収入額： | ASW69: 収入項目名： | ATB69: 予定収入額： | ATE69: 収入項目名： | ATJ69: 予定収入額： | ATM69: 収入項目名： | ATR69: 予定収入額： | ATU69: 収入項目名： | ATZ69: 予定収入額： | AUC69: 収入項目名： | AUH69: 予定収入額： | AUK69: 収入項目名： | AUP69: 予定収入額： | AUS69: 収入項目名： | AUX69: 予定収入額： | AVA69: 収入項目名： | AVF69: 予定収入額： | AVI69: 収入項目名： | AVN69: 予定収入額： | AVQ69: 収入項目名： | AVV69: 予定収入額： | AVY69: 収入項目名： | AWD69: 予定収入額： | AWG69: 収入項目名： | AWL69: 予定収入額： | AWO69: 収入項目名： | AWT69: 予定収入額： | AWW69: 収入項目名： | AXB69: 予定収入額： | AXE69: 収入項目名： | AXJ69: 予定収入額： | AXM69: 収入項目名： | AXR69: 予定収入額： | AXU69: 収入項目名： | AXZ69: 予定収入額： | AYC69: 収入項目名： | AYH69: 予定収入額： | AYK69: 収入項目名： | AYP69: 予定収入額： | AYS69: 収入項目名： | AYX69: 予定収入額： | AZA69: 収入項目名： | AZF69: 予定収入額： | AZI69: 収入項目名： | AZN69: 予定収入額： | AZQ69: 収入項目名： | AZV69: 予定収入額： | AZY69: 収入項目名： | BAD69: 予定収入額： | BAG69: 収入項目名： | BAL69: 予定収入額： | BAO69: 収入項目名： | BAT69: 予定収入額： | BAW69: 収入項目名： | BBB69: 予定収入額： | BBE69: 収入項目名： | BBJ69: 予定収入額： | BBM69: 収入項目名： | BBR69: 予定収入額： | BBU69: 収入項目名： | BBZ69: 予定収入額： | BCC69: 収入項目名： | BCH69: 予定収入額： | BCK69: 収入項目名： | BCP69: 予定収入額： | BCS69: 収入項目名： | BCX69: 予定収入額： | BDA69: 収入項目名： | BDF69: 予定収入額： | BDI69: 収入項目名： | BDN69: 予定収入額： | BDQ69: 収入項目名： | BDV69: 予定収入額： | BDY69: 収入項目名： | BED69: 予定収入額： | BEG69: 収入項目名： | BEL69: 予定収入額： | BEO69: 収入項目名： | BET69: 予定収入額： | BEW69: 収入項目名： | BFB69: 予定収入額： | BFE69: 収入項目名： | BFJ69: 予定収入額： | BFM69: 収入項目名： | BFR69: 予定収入額： | BFU69: 収入項目名： | BFZ69: 予定収入額： | BGC69: 収入項目名： | BGH69: 予定収入額： | BGK69: 収入項目名： | BGP69: 予定収入額： | BGS69: 収入項目名： | BGX69: 予定収入額： | BHA69: 収入項目名： | BHF69: 予定収入額： | BHI69: 収入項目名： | BHN69: 予定収入額： | BHQ69: 収入項目名： | BHV69: 予定収入額： | BHY69: 収入項目名： | BID69: 予定収入額： | BIG69: 収入項目名： | BIL69: 予定収入額： | BIO69: 収入項目名： | BIT69: 予定収入額： | BIW69: 収入項目名： | BJB69: 予定収入額： | BJE69: 収入項目名： | BJJ69: 予定収入額： | BJM69: 収入項目名： | BJR69: 予定収入額： | BJU69: 収入項目名： | BJZ69: 予定収入額： | BKC69: 収入項目名： | BKH69: 予定収入額： | BKK69: 収入項目名： | BKP69: 予定収入額： | BKS69: 収入項目名： | BKX69: 予定収入額： | BLA69: 収入項目名： | BLF69: 予定収入額： | BLI69: 収入項目名： | BLN69: 予定収入額： | BLQ69: 収入項目名： | BLV69: 予定収入額： | BLY69: 収入項目名： | BMD69: 予定収入額： | BMG69: 収入項目名： | BML69: 予定収入額： | BMO69: 収入項目名： | BMT69: 予定収入額： | BMW69: 収入項目名： | BNB69: 予定収入額： | BNE69: 収入項目名： | BNJ69: 予定収入額： | BNM69: 収入項目名： | BNR69: 予定収入額： | BNU69: 収入項目名： | BNZ69: 予定収入額： | BOC69: 収入項目名： | BOH69: 予定収入額： | BOK69: 収入項目名： | BOP69: 予定収入額： | BOS69: 収入項目名： | BOX69: 予定収入額： | BPA69: 収入項目名： | BPF69: 予定収入額： | BPI69: 収入項目名： | BPN69: 予定収入額： | BPQ69: 収入項目名： | BPV69: 予定収入額： | BPY69: 収入項目名： | BQD69: 予定収入額： | BQG69: 収入項目名： | BQL69: 予定収入額： | BQO69: 収入項目名： | BQT69: 予定収入額： | BQW69: 収入項目名： | BRB69: 予定収入額： | BRE69: 収入項目名： | BRJ69: 予定収入額： | BRM69: 収入項目名： | BRR69: 予定収入額： | BRU69: 収入項目名： | BRZ69: 予定収入額： | BSC69: 収入項目名： | BSH69: 予定収入額： | BSK69: 収入項目名： | BSP69: 予定収入額： | BSS69: 収入項目名： | BSX69: 予定収入額： | BTA69: 収入項目名： | BTF69: 予定収入額： | BTI69: 収入項目名： | BTN69: 予定収入額： | BTQ69: 収入項目名： | BTV69: 予定収入額： | BTY69: 収入項目名： | BUD69: 予定収入額： | BUG69: 収入項目名： | BUL69: 予定収入額： | BUO69: 収入項目名： | BUT69: 予定収入額： | BUW69: 収入項目名： | BVB69: 予定収入額： | BVE69: 収入項目名： | BVJ69: 予定収入額： | BVM69: 収入項目名： | BVR69: 予定収入額： | BVU69: 収入項目名： | BVZ69: 予定収入額： | BWC69: 収入項目名： | BWH69: 予定収入額： | BWK69: 収入項目名： | BWP69: 予定収入額： | BWS69: 収入項目名： | BWX69: 予定収入額： | BXA69: 収入項目名： | BXF69: 予定収入額： | BXI69: 収入項目名： | BXN69: 予定収入額： | BXQ69: 収入項目名： | BXV69: 予定収入額： | BXY69: 収入項目名： | BYD69: 予定収入額： | BYG69: 収入項目名： | BYL69: 予定収入額： | BYO69: 収入項目名： | BYT69: 予定収入額： | BYW69: 収入項目名： | BZB69: 予定収入額： | BZE69: 収入項目名： | BZJ69: 予定収入額： | BZM69: 収入項目名： | BZR69: 予定収入額： | BZU69: 収入項目名： | BZZ69: 予定収入額： | CAC69: 収入項目名： | CAH69: 予定収入額： | CAK69: 収入項目名： | CAP69: 予定収入額： | CAS69: 収入項目名： | CAX69: 予定収入額： | CBA69: 収入項目名： | CBF69: 予定収入額： | CBI69: 収入項目名： | CBN69: 予定収入額： | CBQ69: 収入項目名： | CBV69: 予定収入額： | CBY69: 収入項目名： | CCD69: 予定収入額： | CCG69: 収入項目名： | CCL69: 予定収入額： | CCO69: 収入項目名： | CCT69: 予定収入額： | CCW69: 収入項目名： | CDB69: 予定収入額： | CDE69: 収入項目名： | CDJ69: 予定収入額： | CDM69: 収入項目名： | CDR69: 予定収入額： | CDU69: 収入項目名： | CDZ69: 予定収入額： | CEC69: 収入項目名： | CEH69: 予定収入額： | CEK69: 収入項目名： | CEP69: 予定収入額： | CES69: 収入項目名： | CEX69: 予定収入額： | CFA69: 収入項目名： | CFF69: 予定収入額： | CFI69: 収入項目名： | CFN69: 予定収入額： | CFQ69: 収入項目名： | CFV69: 予定収入額： | CFY69: 収入項目名： | CGD69: 予定収入額： | CGG69: 収入項目名： | CGL69: 予定収入額： | CGO69: 収入項目名： | CGT69: 予定収入額： | CGW69: 収入項目名： | CHB69: 予定収入額： | CHE69: 収入項目名： | CHJ69: 予定収入額： | CHM69: 収入項目名： | CHR69: 予定収入額： | CHU69: 収入項目名： | CHZ69: 予定収入額： | CIC69: 収入項目名： | CIH69: 予定収入額： | CIK69: 収入項目名： | CIP69: 予定収入額： | CIS69: 収入項目名： | CIX69: 予定収入額： | CJA69: 収入項目名： | CJF69: 予定収入額： | CJI69: 収入項目名： | CJN69: 予定収入額： | CJQ69: 収入項目名： | CJV69: 予定収入額： | CJY69: 収入項目名： | CKD69: 予定収入額： | CKG69: 収入項目名： | CKL69: 予定収入額： | CKO69: 収入項目名： | CKT69: 予定収入額： | CKW69: 収入項目名： | CLB69: 予定収入額： | CLE69: 収入項目名： | CLJ69: 予定収入額： | CLM69: 収入項目名： | CLR69: 予定収入額： | CLU69: 収入項目名： | CLZ69: 予定収入額： | CMC69: 収入項目名： | CMH69: 予定収入額： | CMK69: 収入項目名： | CMP69: 予定収入額： | CMS69: 収入項目名： | CMX69: 予定収入額： | CNA69: 収入項目名： | CNF69: 予定収入額： | CNI69: 収入項目名： | CNN69: 予定収入額： | CNQ69: 収入項目名： | CNV69: 予定収入額： | CNY69: 収入項目名： | COD69: 予定収入額： | COG69: 収入項目名： | COL69: 予定収入額： | COO69: 収入項目名： | COT69: 予定収入額： | COW69: 収入項目名： | CPB69: 予定収入額： | CPE69: 収入項目名： | CPJ69: 予定収入額： | CPM69: 収入項目名： | CPR69: 予定収入額： | CPU69: 収入項目名： | CPZ69: 予定収入額： | CQC69: 収入項目名： | CQH69: 予定収入額： | CQK69: 収入項目名： | CQP69: 予定収入額： | CQS69: 収入項目名： | CQX69: 予定収入額： | CRA69: 収入項目名： | CRF69: 予定収入額： | CRI69: 収入項目名： | CRN69: 予定収入額： | CRQ69: 収入項目名： | CRV69: 予定収入額： | CRY69: 収入項目名： | CSD69: 予定収入額： | CSG69: 収入項目名： | CSL69: 予定収入額： | CSO69: 収入項目名： | CST69: 予定収入額： | CSW69: 収入項目名： | CTB69: 予定収入額： | CTE69: 収入項目名： | CTJ69: 予定収入額： | CTM69: 収入項目名： | CTR69: 予定収入額： | CTU69: 収入項目名： | CTZ69: 予定収入額： | CUC69: 収入項目名： | CUH69: 予定収入額： | CUK69: 収入項目名： | CUP69: 予定収入額： | CUS69: 収入項目名： | CUX69: 予定収入額： | CVA69: 収入項目名： | CVF69: 予定収入額： | CVI69: 収入項目名： | CVN69: 予定収入額： | CVQ69: 収入項目名： | CVV69: 予定収入額： | CVY69: 収入項目名： | CWD69: 予定収入額： | CWG69: 収入項目名： | CWL69: 予定収入額： | CWO69: 収入項目名： | CWT69: 予定収入額： | CWW69: 収入項目名： | CXB69: 予定収入額： | CXE69: 収入項目名： | CXJ69: 予定収入額： | CXM69: 収入項目名： | CXR69: 予定収入額： | CXU69: 収入項目名： | CXZ69: 予定収入額： | CYC69: 収入項目名： | CYH69: 予定収入額： | CYK69: 収入項目名： | CYP69: 予定収入額： | CYS69: 収入項目名： | CYX69: 予定収入額： | CZA69: 収入項目名： | CZF69: 予定収入額： | CZI69: 収入項目名： | CZN69: 予定収入額： | CZQ69: 収入項目名： | CZV69: 予定収入額： | CZY69: 収入項目名： | DAD69: 予定収入額： | DAG69: 収入項目名： | DAL69: 予定収入額： | DAO69: 収入項目名： | DAT69: 予定収入額： | DAW69: 収入項目名： | DBB69: 予定収入額： | DBE69: 収入項目名： | DBJ69: 予定収入額： | DBM69: 収入項目名： | DBR69: 予定収入額： | DBU69: 収入項目名： | DBZ69: 予定収入額： | DCC69: 収入項目名： | DCH69: 予定収入額： | DCK69: 収入項目名： | DCP69: 予定収入額： | DCS69: 収入項目名： | DCX69: 予定収入額： | DDA69: 収入項目名： | DDF69: 予定収入額： | DDI69: 収入項目名： | DDN69: 予定収入額： | DDQ69: 収入項目名： | DDV69: 予定収入額： | DDY69: 収入項目名： | DED69: 予定収入額： | DEG69: 収入項目名： | DEL69: 予定収入額： | DEO69: 収入項目名： | DET69: 予定収入額： | DEW69: 収入項目名： | DFB69: 予定収入額： | DFE69: 収入項目名： | DFJ69: 予定収入額： | DFM69: 収入項目名： | DFR69: 予定収入額： | DFU69: 収入項目名： | DFZ69: 予定収入額： | DGC69: 収入項目名： | DGH69: 予定収入額： | DGK69: 収入項目名： | DGP69: 予定収入額： | DGS69: 収入項目名： | DGX69: 予定収入額： | DHA69: 収入項目名： | DHF69: 予定収入額： | DHI69: 収入項目名： | DHN69: 予定収入額： | DHQ69: 収入項目名： | DHV69: 予定収入額： | DHY69: 収入項目名： | DID69: 予定収入額： | DIG69: 収入項目名： | DIL69: 予定収入額： | DIO69: 収入項目名： | DIT69: 予定収入額： | DIW69: 収入項目名： | DJB69: 予定収入額： | DJE69: 収入項目名： | DJJ69: 予定収入額： | DJM69: 収入項目名： | DJR69: 予定収入額： | DJU69: 収入項目名： | DJZ69: 予定収入額： | DKC69: 収入項目名： | DKH69: 予定収入額： | DKK69: 収入項目名： | DKP69: 予定収入額： | DKS69: 収入項目名： | DKX69: 予定収入額： | DLA69: 収入項目名： | DLF69: 予定収入額： | DLI69: 収入項目名： | DLN69: 予定収入額： | DLQ69: 収入項目名： | DLV69: 予定収入額： | DLY69: 収入項目名： | DMD69: 予定収入額： | DMG69: 収入項目名： | DML69: 予定収入額： | DMO69: 収入項目名： | DMT69: 予定収入額： | DMW69: 収入項目名： | DNB69: 予定収入額： | DNE69: 収入項目名： | DNJ69: 予定収入額： | DNM69: 収入項目名： | DNR69: 予定収入額： | DNU69: 収入項目名： | DNZ69: 予定収入額： | DOC69: 収入項目名： | DOH69: 予定収入額： | DOK69: 収入項目名： | DOP69: 予定収入額： | DOS69: 収入項目名： | DOX69: 予定収入額： | DPA69: 収入項目名： | DPF69: 予定収入額： | DPI69: 収入項目名： | DPN69: 予定収入額： | DPQ69: 収入項目名： | DPV69: 予定収入額： | DPY69: 収入項目名： | DQD69: 予定収入額： | DQG69: 収入項目名： | DQL69: 予定収入額： | DQO69: 収入項目名： | DQT69: 予定収入額： | DQW69: 収入項目名： | DRB69: 予定収入額： | DRE69: 収入項目名： | DRJ69: 予定収入額： | DRM69: 収入項目名： | DRR69: 予定収入額： | DRU69: 収入項目名： | DRZ69: 予定収入額： | DSC69: 収入項目名： | DSH69: 予定収入額： | DSK69: 収入項目名： | DSP69: 予定収入額： | DSS69: 収入項目名： | DSX69: 予定収入額： | DTA69: 収入項目名： | DTF69: 予定収入額： | DTI69: 収入項目名： | DTN69: 予定収入額： | DTQ69: 収入項目名： | DTV69: 予定収入額： | DTY69: 収入項目名： | DUD69: 予定収入額： | DUG69: 収入項目名： | DUL69: 予定収入額： | DUO69: 収入項目名： | DUT69: 予定収入額： | DUW69: 収入項目名： | DVB69: 予定収入額： | DVE69: 収入項目名： | DVJ69: 予定収入額： | DVM69: 収入項目名： | DVR69: 予定収入額： | DVU69: 収入項目名： | DVZ69: 予定収入額： | DWC69: 収入項目名： | DWH69: 予定収入額： | DWK69: 収入項目名： | DWP69: 予定収入額： | DWS69: 収入項目名： | DWX69: 予定収入額： | DXA69: 収入項目名： | DXF69: 予定収入額： | DXI69: 収入項目名： | DXN69: 予定収入額： | DXQ69: 収入項目名： | DXV69: 予定収入額： | DXY69: 収入項目名： | DYD69: 予定収入額： | DYG69: 収入項目名： | DYL69: 予定収入額： | DYO69: 収入項目名： | DYT69: 予定収入額： | DYW69: 収入項目名： | DZB69: 予定収入額： | DZE69: 収入項目名： | DZJ69: 予定収入額： | DZM69: 収入項目名： | DZR69: 予定収入額： | DZU69: 収入項目名： | DZZ69: 予定収入額： | EAC69: 収入項目名： | EAH69: 予定収入額： | EAK69: 収入項目名： | EAP69: 予定収入額： | EAS69: 収入項目名： | EAX69: 予定収入額： | EBA69: 収入項目名： | EBF69: 予定収入額： | EBI69: 収入項目名： | EBN69: 予定収入額： | EBQ69: 収入項目名： | EBV69: 予定収入額： | EBY69: 収入項目名： | ECD69: 予定収入額： | ECG69: 収入項目名： | ECL69: 予定収入額： | ECO69: 収入項目名： | ECT69: 予定収入額： | ECW69: 収入項目名： | EDB69: 予定収入額： | EDE69: 収入項目名： | EDJ69: 予定収入額： | EDM69: 収入項目名： | EDR69: 予定収入額： | EDU69: 収入項目名： | EDZ69: 予定収入額： | EEC69: 収入項目名： | EEH69: 予定収入額： | EEK69: 収入項目名： | EEP69: 予定収入額： | EES69: 収入項目名： | EEX69: 予定収入額： | EFA69: 収入項目名： | EFF69: 予定収入額： | EFI69: 収入項目名： | EFN69: 予定収入額： | EFQ69: 収入項目名： | EFV69: 予定収入額： | EFY69: 収入項目名： | EGD69: 予定収入額： | EGG69: 収入項目名： | EGL69: 予定収入額： | EGO69: 収入項目名： | EGT69: 予定収入額： | EGW69: 収入項目名： | EHB69: 予定収入額： | EHE69: 収入項目名： | EHJ69: 予定収入額： | EHM69: 収入項目名： | EHR69: 予定収入額： | EHU69: 収入項目名： | EHZ69: 予定収入額： | EIC69: 収入項目名： | EIH69: 予定収入額： | EIK69: 収入項目名： | EIP69: 予定収入額： | EIS69: 収入項目名： | EIX69: 予定収入額： | EJA69: 収入項目名： | EJF69: 予定収入額： | EJI69: 収入項目名： | EJN69: 予定収入額： | EJQ69: 収入項目名： | EJV69: 予定収入額： | EJY69: 収入項目名： | EKD69: 予定収入額： | EKG69: 収入項目名： | EKL69: 予定収入額： | EKO69: 収入項目名： | EKT69: 予定収入額： | EKW69: 収入項目名： | ELB69: 予定収入額： | ELE69: 収入項目名： | ELJ69: 予定収入額： | ELM69: 収入項目名： | ELR69: 予定収入額： | ELU69: 収入項目名： | ELZ69: 予定収入額： | EMC69: 収入項目名： | EMH69: 予定収入額： | EMK69: 収入項目名： | EMP69: 予定収入額： | EMS69: 収入項目名： | EMX69: 予定収入額： | ENA69: 収入項目名： | ENF69: 予定収入額： | ENI69: 収入項目名： | ENN69: 予定収入額： | ENQ69: 収入項目名： | ENV69: 予定収入額： | ENY69: 収入項目名： | EOD69: 予定収入額： | EOG69: 収入項目名： | EOL69: 予定収入額： | EOO69: 収入項目名： | EOT69: 予定収入額： | EOW69: 収入項目名： | EPB69: 予定収入額： | EPE69: 収入項目名： | EPJ69: 予定収入額： | EPM69: 収入項目名： | EPR69: 予定収入額： | EPU69: 収入項目名： | EPZ69: 予定収入額： | EQC69: 収入項目名： | EQH69: 予定収入額： | EQK69: 収入項目名： | EQP69: 予定収入額： | EQS69: 収入項目名： | EQX69: 予定収入額： | ERA69: 収入項目名： | ERF69: 予定収入額： | ERI69: 収入項目名： | ERN69: 予定収入額： | ERQ69: 収入項目名： | ERV69: 予定収入額： | ERY69: 収入項目名： | ESD69: 予定収入額： | ESG69: 収入項目名： | ESL69: 予定収入額： | ESO69: 収入項目名： | EST69: 予定収入額： | ESW69: 収入項目名： | ETB69: 予定収入額： | ETE69: 収入項目名： | ETJ69: 予定収入額： | ETM69: 収入項目名： | ETR69: 予定収入額： | ETU69: 収入項目名： | ETZ69: 予定収入額： | EUC69: 収入項目名： | EUH69: 予定収入額： | EUK69: 収入項目名： | EUP69: 予定収入額： | EUS69: 収入項目名： | EUX69: 予定収入額： | EVA69: 収入項目名： | EVF69: 予定収入額： | EVI69: 収入項目名： | EVN69: 予定収入額： | EVQ69: 収入項目名： | EVV69: 予定収入額： | EVY69: 収入項目名： | EWD69: 予定収入額： | EWG69: 収入項目名： | EWL69: 予定収入額： | EWO69: 収入項目名： | EWT69: 予定収入額： | EWW69: 収入項目名： | EXB69: 予定収入額： | EXE69: 収入項目名： | EXJ69: 予定収入額： | EXM69: 収入項目名： | EXR69: 予定収入額： | EXU69: 収入項目名： | EXZ69: 予定収入額： | EYC69: 収入項目名： | EYH69: 予定収入額： | EYK69: 収入項目名： | EYP69: 予定収入額： | EYS69: 収入項目名： | EYX69: 予定収入額： | EZA69: 収入項目名： | EZF69: 予定収入額： | EZI69: 収入項目名： | EZN69: 予定収入額： | EZQ69: 収入項目名： | EZV69: 予定収入額： | EZY69: 収入項目名： | FAD69: 予定収入額： | FAG69: 収入項目名： | FAL69: 予定収入額： | FAO69: 収入項目名： | FAT69: 予定収入額： | FAW69: 収入項目名： | FBB69: 予定収入額： | FBE69: 収入項目名： | FBJ69: 予定収入額： | FBM69: 収入項目名： | FBR69: 予定収入額： | FBU69: 収入項目名： | FBZ69: 予定収入額： | FCC69: 収入項目名： | FCH69: 予定収入額： | FCK69: 収入項目名： | FCP69: 予定収入額： | FCS69: 収入項目名： | FCX69: 予定収入額： | FDA69: 収入項目名： | FDF69: 予定収入額： | FDI69: 収入項目名： | FDN69: 予定収入額： | FDQ69: 収入項目名： | FDV69: 予定収入額： | FDY69: 収入項目名： | FED69: 予定収入額： | FEG69: 収入項目名： | FEL69: 予定収入額： | FEO69: 収入項目名： | FET69: 予定収入額： | FEW69: 収入項目名： | FFB69: 予定収入額： | FFE69: 収入項目名： | FFJ69: 予定収入額： | FFM69: 収入項目名： | FFR69: 予定収入額： | FFU69: 収入項目名： | FFZ69: 予定収入額： | FGC69: 収入項目名： | FGH69: 予定収入額： | FGK69: 収入項目名： | FGP69: 予定収入額： | FGS69: 収入項目名： | FGX69: 予定収入額： | FHA69: 収入項目名： | FHF69: 予定収入額： | FHI69: 収入項目名： | FHN69: 予定収入額： | FHQ69: 収入項目名： | FHV69: 予定収入額： | FHY69: 収入項目名： | FID69: 予定収入額： | FIG69: 収入項目名： | FIL69: 予定収入額： | FIO69: 収入項目名： | FIT69: 予定収入額： | FIW69: 収入項目名： | FJB69: 予定収入額： | FJE69: 収入項目名： | FJJ69: 予定収入額： | FJM69: 収入項目名： | FJR69: 予定収入額： | FJU69: 収入項目名： | FJZ69: 予定収入額： | FKC69: 収入項目名： | FKH69: 予定収入額： | FKK69: 収入項目名： | FKP69: 予定収入額： | FKS69: 収入項目名： | FKX69: 予定収入額： | FLA69: 収入項目名： | FLF69: 予定収入額： | FLI69: 収入項目名： | FLN69: 予定収入額： | FLQ69: 収入項目名： | FLV69: 予定収入額： | FLY69: 収入項目名： | FMD69: 予定収入額： | FMG69: 収入項目名： | FML69: 予定収入額： | FMO69: 収入項目名： | FMT69: 予定収入額： | FMW69: 収入項目名： | FNB69: 予定収入額： | FNE69: 収入項目名： | FNJ69: 予定収入額： | FNM69: 収入項目名： | FNR69: 予定収入額： | FNU69: 収入項目名： | FNZ69: 予定収入額： | FOC69: 収入項目名： | FOH69: 予定収入額： | FOK69: 収入項目名： | FOP69: 予定収入額： | FOS69: 収入項目名： | FOX69: 予定収入額： | FPA69: 収入項目名： | FPF69: 予定収入額： | FPI69: 収入項目名： | FPN69: 予定収入額： | FPQ69: 収入項目名： | FPV69: 予定収入額： | FPY69: 収入項目名： | FQD69: 予定収入額： | FQG69: 収入項目名： | FQL69: 予定収入額： | FQO69: 収入項目名： | FQT69: 予定収入額： | FQW69: 収入項目名： | FRB69: 予定収入額： | FRE69: 収入項目名： | FRJ69: 予定収入額： | FRM69: 収入項目名： | FRR69: 予定収入額： | FRU69: 収入項目名： | FRZ69: 予定収入額： | FSC69: 収入項目名： | FSH69: 予定収入額： | FSK69: 収入項目名： | FSP69: 予定収入額： | FSS69: 収入項目名： | FSX69: 予定収入額： | FTA69: 収入項目名： | FTF69: 予定収入額： | FTI69: 収入項目名： | FTN69: 予定収入額： | FTQ69: 収入項目名： | FTV69: 予定収入額： | FTY69: 収入項目名： | FUD69: 予定収入額： | FUG69: 収入項目名： | FUL69: 予定収入額： | FUO69: 収入項目名： | FUT69: 予定収入額： | FUW69: 収入項目名： | FVB69: 予定収入額： | FVE69: 収入項目名： | FVJ69: 予定収入額： | FVM69: 収入項目名： | FVR69: 予定収入額： | FVU69: 収入項目名： | FVZ69: 予定収入額： | FWC69: 収入項目名： | FWH69: 予定収入額： | FWK69: 収入項目名： | FWP69: 予定収入額： | FWS69: 収入項目名： | FWX69: 予定収入額： | FXA69: 収入項目名： | FXF69: 予定収入額： | FXI69: 収入項目名： | FXN69: 予定収入額： | FXQ69: 収入項目名： | FXV69: 予定収入額： | FXY69: 収入項目名： | FYD69: 予定収入額： | FYG69: 収入項目名： | FYL69: 予定収入額： | FYO69: 収入項目名： | FYT69: 予定収入額： | FYW69: 収入項目名： | FZB69: 予定収入額： | FZE69: 収入項目名： | FZJ69: 予定収入額： | FZM69: 収入項目名： | FZR69: 予定収入額： | FZU69: 収入項目名： | FZZ69: 予定収入額： | GAC69: 収入項目名： | GAH69: 予定収入額： | GAK69: 収入項目名： | GAP69: 予定収入額： | GAS69: 収入項目名： | GAX69: 予定収入額： | GBA69: 収入項目名： | GBF69: 予定収入額： | GBI69: 収入項目名： | GBN69: 予定収入額： | GBQ69: 収入項目名： | GBV69: 予定収入額： | GBY69: 収入項目名： | GCD69: 予定収入額： | GCG69: 収入項目名： | GCL69: 予定収入額： | GCO69: 収入項目名： | GCT69: 予定収入額： | GCW69: 収入項目名： | GDB69: 予定収入額： | GDE69: 収入項目名： | GDJ69: 予定収入額： | GDM69: 収入項目名： | GDR69: 予定収入額： | GDU69: 収入項目名： | GDZ69: 予定収入額： | GEC69: 収入項目名： | GEH69: 予定収入額： | GEK69: 収入項目名： | GEP69: 予定収入額： | GES69: 収入項目名： | GEX69: 予定収入額： | GFA69: 収入項目名： | GFF69: 予定収入額： | GFI69: 収入項目名： | GFN69: 予定収入額： | GFQ69: 収入項目名： | GFV69: 予定収入額： | GFY69: 収入項目名： | GGD69: 予定収入額： | GGG69: 収入項目名： | GGL69: 予定収入額： | GGO69: 収入項目名： | GGT69: 予定収入額： | GGW69: 収入項目名： | GHB69: 予定収入額： | GHE69: 収入項目名： | GHJ69: 予定収入額： | GHM69: 収入項目名： | GHR69: 予定収入額： | GHU69: 収入項目名： | GHZ69: 予定収入額： | GIC69: 収入項目名： | GIH69: 予定収入額： | GIK69: 収入項目名： | GIP69: 予定収入額： | GIS69: 収入項目名： | GIX69: 予定収入額： | GJA69: 収入項目名： | GJF69: 予定収入額： | GJI69: 収入項目名： | GJN69: 予定収入額： | GJQ69: 収入項目名： | GJV69: 予定収入額： | GJY69: 収入項目名： | GKD69: 予定収入額： | GKG69: 収入項目名： | GKL69: 予定収入額： | GKO69: 収入項目名： | GKT69: 予定収入額： | GKW69: 収入項目名： | GLB69: 予定収入額： | GLE69: 収入項目名： | GLJ69: 予定収入額： | GLM69: 収入項目名： | GLR69: 予定収入額： | GLU69: 収入項目名： | GLZ69: 予定収入額： | GMC69: 収入項目名： | GMH69: 予定収入額： | GMK69: 収入項目名： | GMP69: 予定収入額： | GMS69: 収入項目名： | GMX69: 予定収入額： | GNA69: 収入項目名： | GNF69: 予定収入額： | GNI69: 収入項目名： | GNN69: 予定収入額： | GNQ69: 収入項目名： | GNV69: 予定収入額： | GNY69: 収入項目名： | GOD69: 予定収入額： | GOG69: 収入項目名： | GOL69: 予定収入額： | GOO69: 収入項目名： | GOT69: 予定収入額： | GOW69: 収入項目名： | GPB69: 予定収入額： | GPE69: 収入項目名： | GPJ69: 予定収入額： | GPM69: 収入項目名： | GPR69: 予定収入額： | GPU69: 収入項目名： | GPZ69: 予定収入額： | GQC69: 収入項目名： | GQH69: 予定収入額： | GQK69: 収入項目名： | GQP69: 予定収入額： | GQS69: 収入項目名： | GQX69: 予定収入額： | GRA69: 収入項目名： | GRF69: 予定収入額： | GRI69: 収入項目名： | GRN69: 予定収入額： | GRQ69: 収入項目名： | GRV69: 予定収入額： | GRY69: 収入項目名： | GSD69: 予定収入額： | GSG69: 収入項目名： | GSL69: 予定収入額： | GSO69: 収入項目名： | GST69: 予定収入額： | GSW69: 収入項目名： | GTB69: 予定収入額： | GTE69: 収入項目名： | GTJ69: 予定収入額： | GTM69: 収入項目名： | GTR69: 予定収入額： | GTU69: 収入項目名： | GTZ69: 予定収入額： | GUC69: 収入項目名： | GUH69: 予定収入額： | GUK69: 収入項目名： | GUP69: 予定収入額： | GUS69: 収入項目名： | GUX69: 予定収入額： | GVA69: 収入項目名： | GVF69: 予定収入額： | GVI69: 収入項目名： | GVN69: 予定収入額： | GVQ69: 収入項目名： | GVV69: 予定収入額： | GVY69: 収入項目名： | GWD69: 予定収入額： | GWG69: 収入項目名： | GWL69: 予定収入額： | GWO69: 収入項目名： | GWT69: 予定収入額： | GWW69: 収入項目名： | GXB69: 予定収入額： | GXE69: 収入項目名： | GXJ69: 予定収入額： | GXM69: 収入項目名： | GXR69: 予定収入額： | GXU69: 収入項目名： | GXZ69: 予定収入額： | GYC69: 収入項目名： | GYH69: 予定収入額： | GYK69: 収入項目名： | GYP69: 予定収入額： | GYS69: 収入項目名： | GYX69: 予定収入額： | GZA69: 収入項目名： | GZF69: 予定収入額： | GZI69: 収入項目名： | GZN69: 予定収入額： | GZQ69: 収入項目名： | GZV69: 予定収入額： | GZY69: 収入項目名： | HAD69: 予定収入額： | HAG69: 収入項目名： | HAL69: 予定収入額： | HAO69: 収入項目名： | HAT69: 予定収入額： | HAW69: 収入項目名： | HBB69: 予定収入額： | HBE69: 収入項目名： | HBJ69: 予定収入額： | HBM69: 収入項目名： | HBR69: 予定収入額： | HBU69: 収入項目名： | HBZ69: 予定収入額： | HCC69: 収入項目名： | HCH69: 予定収入額： | HCK69: 収入項目名： | HCP69: 予定収入額： | HCS69: 収入項目名： | HCX69: 予定収入額： | HDA69: 収入項目名： | HDF69: 予定収入額： | HDI69: 収入項目名： | HDN69: 予定収入額： | HDQ69: 収入項目名： | HDV69: 予定収入額： | HDY69: 収入項目名： | HED69: 予定収入額： | HEG69: 収入項目名： | HEL69: 予定収入額： | HEO69: 収入項目名： | HET69: 予定収入額： | HEW69: 収入項目名： | HFB69: 予定収入額： | HFE69: 収入項目名： | HFJ69: 予定収入額： | HFM69: 収入項目名： | HFR69: 予定収入額： | HFU69: 収入項目名： | HFZ69: 予定収入額： | HGC69: 収入項目名： | HGH69: 予定収入額： | HGK69: 収入項目名： | HGP69: 予定収入額： | HGS69: 収入項目名： | HGX69: 予定収入額： | HHA69: 収入項目名： | HHF69: 予定収入額： | HHI69: 収入項目名： | HHN69: 予定収入額： | HHQ69: 収入項目名： | HHV69: 予定収入額： | HHY69: 収入項目名： | HID69: 予定収入額： | HIG69: 収入項目名： | HIL69: 予定収入額： | HIO69: 収入項目名： | HIT69: 予定収入額： | HIW69: 収入項目名： | HJB69: 予定収入額： | HJE69: 収入項目名： | HJJ69: 予定収入額： | HJM69: 収入項目名： | HJR69: 予定収入額： | HJU69: 収入項目名： | HJZ69: 予定収入額： | HKC69: 収入項目名： | HKH69: 予定収入額： | HKK69: 収入項目名： | HKP69: 予定収入額： | HKS69: 収入項目名： | HKX69: 予定収入額： | HLA69: 収入項目名： | HLF69: 予定収入額： | HLI69: 収入項目名： | HLN69: 予定収入額： | HLQ69: 収入項目名： | HLV69: 予定収入額： | HLY69: 収入項目名： | HMD69: 予定収入額： | HMG69: 収入項目名： | HML69: 予定収入額： | HMO69: 収入項目名： | HMT69: 予定収入額： | HMW69: 収入項目名： | HNB69: 予定収入額： | HNE69: 収入項目名： | HNJ69: 予定収入額： | HNM69: 収入項目名： | HNR69: 予定収入額： | HNU69: 収入項目名： | HNZ69: 予定収入額： | HOC69: 収入項目名： | HOH69: 予定収入額： | HOK69: 収入項目名： | HOP69: 予定収入額： | HOS69: 収入項目名： | HOX69: 予定収入額： | HPA69: 収入項目名： | HPF69: 予定収入額： | HPI69: 収入項目名： | HPN69: 予定収入額： | HPQ69: 収入項目名： | HPV69: 予定収入額： | HPY69: 収入項目名： | HQD69: 予定収入額： | HQG69: 収入項目名： | HQL69: 予定収入額： | HQO69: 収入項目名： | HQT69: 予定収入額： | HQW69: 収入項目名： | HRB69: 予定収入額： | HRE69: 収入項目名： | HRJ69: 予定収入額： | HRM69: 収入項目名： | HRR69: 予定収入額： | HRU69: 収入項目名： | HRZ69: 予定収入額： | HSC69: 収入項目名： | HSH69: 予定収入額： | HSK69: 収入項目名： | HSP69: 予定収入額： | HSS69: 収入項目名： | HSX69: 予定収入額： | HTA69: 収入項目名： | HTF69: 予定収入額： | HTI69: 収入項目名： | HTN69: 予定収入額： | HTQ69: 収入項目名： | HTV69: 予定収入額： | HTY69: 収入項目名： | HUD69: 予定収入額： | HUG69: 収入項目名： | HUL69: 予定収入額： | HUO69: 収入項目名： | HUT69: 予定収入額： | HUW69: 収入項目名： | HVB69: 予定収入額： | HVE69: 収入項目名： | HVJ69: 予定収入額： | HVM69: 収入項目名： | HVR69: 予定収入額： | HVU69: 収入項目名： | HVZ69: 予定収入額： | HWC69: 収入項目名： | HWH69: 予定収入額： | HWK69: 収入項目名： | HWP69: 予定収入額： | HWS69: 収入項目名： | HWX69: 予定収入額： | HXA69: 収入項目名： | HXF69: 予定収入額： | HXI69: 収入項目名： | HXN69: 予定収入額： | HXQ69: 収入項目名： | HXV69: 予定収入額： | HXY69: 収入項目名： | HYD69: 予定収入額： | HYG69: 収入項目名： | HYL69: 予定収入額： | HYO69: 収入項目名： | HYT69: 予定収入額： | HYW69: 収入項目名： | HZB69: 予定収入額： | HZE69: 収入項目名： | HZJ69: 予定収入額： | HZM69: 収入項目名： | HZR69: 予定収入額： | HZU69: 収入項目名： | HZZ69: 予定収入額： | IAC69: 収入項目名： | IAH69: 予定収入額： | IAK69: 収入項目名： | IAP69: 予定収入額： | IAS69: 収入項目名： | IAX69: 予定収入額： | IBA69: 収入項目名： | IBF69: 予定収入額： | IBI69: 収入項目名： | IBN69: 予定収入額： | IBQ69: 収入項目名： | IBV69: 予定収入額： | IBY69: 収入項目名： | ICD69: 予定収入額： | ICG69: 収入項目名： | ICL69: 予定収入額： | ICO69: 収入項目名： | ICT69: 予定収入額： | ICW69: 収入項目名： | IDB69: 予定収入額： | IDE69: 収入項目名： | IDJ69: 予定収入額： | IDM69: 収入項目名： | IDR69: 予定収入額： | IDU69: 収入項目名： | IDZ69: 予定収入額： | IEC69: 収入項目名： | IEH69: 予定収入額： | IEK69: 収入項目名： | IEP69: 予定収入額： | IES69: 収入項目名： | IEX69: 予定収入額： | IFA69: 収入項目名： | IFF69: 予定収入額： | IFI69: 収入項目名： | IFN69: 予定収入額： | IFQ69: 収入項目名： | IFV69: 予定収入額： | IFY69: 収入項目名： | IGD69: 予定収入額： | IGG69: 収入項目名： | IGL69: 予定収入額： | IGO69: 収入項目名： | IGT69: 予定収入額： | IGW69: 収入項目名： | IHB69: 予定収入額： | IHE69: 収入項目名： | IHJ69: 予定収入額： | IHM69: 収入項目名： | IHR69: 予定収入額： | IHU69: 収入項目名： | IHZ69: 予定収入額： | IIC69: 収入項目名： | IIH69: 予定収入額： | IIK69: 収入項目名： | IIP69: 予定収入額： | IIS69: 収入項目名： | IIX69: 予定収入額： | IJA69: 収入項目名： | IJF69: 予定収入額： | IJI69: 収入項目名： | IJN69: 予定収入額： | IJQ69: 収入項目名： | IJV69: 予定収入額： | IJY69: 収入項目名： | IKD69: 予定収入額： | IKG69: 収入項目名： | IKL69: 予定収入額： | IKO69: 収入項目名： | IKT69: 予定収入額： | IKW69: 収入項目名： | ILB69: 予定収入額： | ILE69: 収入項目名： | ILJ69: 予定収入額： | ILM69: 収入項目名： | ILR69: 予定収入額： | ILU69: 収入項目名： | ILZ69: 予定収入額： | IMC69: 収入項目名： | IMH69: 予定収入額： | IMK69: 収入項目名： | IMP69: 予定収入額： | IMS69: 収入項目名： | IMX69: 予定収入額： | INA69: 収入項目名： | INF69: 予定収入額： | INI69: 収入項目名： | INN69: 予定収入額： | INQ69: 収入項目名： | INV69: 予定収入額： | INY69: 収入項目名： | IOD69: 予定収入額： | IOG69: 収入項目名： | IOL69: 予定収入額： | IOO69: 収入項目名： | IOT69: 予定収入額： | IOW69: 収入項目名： | IPB69: 予定収入額： | IPE69: 収入項目名： | IPJ69: 予定収入額： | IPM69: 収入項目名： | IPR69: 予定収入額： | IPU69: 収入項目名： | IPZ69: 予定収入額： | IQC69: 収入項目名： | IQH69: 予定収入額： | IQK69: 収入項目名： | IQP69: 予定収入額： | IQS69: 収入項目名： | IQX69: 予定収入額： | IRA69: 収入項目名： | IRF69: 予定収入額： | IRI69: 収入項目名： | IRN69: 予定収入額： | IRQ69: 収入項目名： | IRV69: 予定収入額： | IRY69: 収入項目名： | ISD69: 予定収入額： | ISG69: 収入項目名： | ISL69: 予定収入額： | ISO69: 収入項目名： | IST69: 予定収入額： | ISW69: 収入項目名： | ITB69: 予定収入額： | ITE69: 収入項目名： | ITJ69: 予定収入額： | ITM69: 収入項目名： | ITR69: 予定収入額： | ITU69: 収入項目名： | ITZ69: 予定収入額： | IUC69: 収入項目名： | IUH69: 予定収入額： | IUK69: 収入項目名： | IUP69: 予定収入額： | IUS69: 収入項目名： | IUX69: 予定収入額： | IVA69: 収入項目名： | IVF69: 予定収入額： | IVI69: 収入項目名： | IVN69: 予定収入額： | IVQ69: 収入項目名： | IVV69: 予定収入額： | IVY69: 収入項目名： | IWD69: 予定収入額： | IWG69: 収入項目名： | IWL69: 予定収入額： | IWO69: 収入項目名： | IWT69: 予定収入額： | IWW69: 収入項目名： | IXB69: 予定収入額： | IXE69: 収入項目名： | IXJ69: 予定収入額： | IXM69: 収入項目名： | IXR69: 予定収入額： | IXU69: 収入項目名： | IXZ69: 予定収入額： | IYC69: 収入項目名： | IYH69: 予定収入額： | IYK69: 収入項目名： | IYP69: 予定収入額： | IYS69: 収入項目名： | IYX69: 予定収入額： | IZA69: 収入項目名： | IZF69: 予定収入額： | IZI69: 収入項目名： | IZN69: 予定収入額： | IZQ69: 収入項目名： | IZV69: 予定収入額： | IZY69: 収入項目名： | JAD69: 予定収入額： | JAG69: 収入項目名： | JAL69: 予定収入額： | JAO69: 収入項目名： | JAT69: 予定収入額： | JAW69: 収入項目名： | JBB69: 予定収入額： | JBE69: 収入項目名： | JBJ69: 予定収入額： | JBM69: 収入項目名： | JBR69: 予定収入額： | JBU69: 収入項目名： | JBZ69: 予定収入額： | JCC69: 収入項目名： | JCH69: 予定収入額： | JCK69: 収入項目名： | JCP69: 予定収入額： | JCS69: 収入項目名： | JCX69: 予定収入額： | JDA69: 収入項目名： | JDF69: 予定収入額： | JDI69: 収入項目名： | JDN69: 予定収入額： | JDQ69: 収入項目名： | JDV69: 予定収入額： | JDY69: 収入項目名： | JED69: 予定収入額： | JEG69: 収入項目名： | JEL69: 予定収入額： | JEO69: 収入項目名： | JET69: 予定収入額： | JEW69: 収入項目名： | JFB69: 予定収入額： | JFE69: 収入項目名： | JFJ69: 予定収入額： | JFM69: 収入項目名： | JFR69: 予定収入額： | JFU69: 収入項目名： | JFZ69: 予定収入額： | JGC69: 収入項目名： | JGH69: 予定収入額： | JGK69: 収入項目名： | JGP69: 予定収入額： | JGS69: 収入項目名： | JGX69: 予定収入額： | JHA69: 収入項目名： | JHF69: 予定収入額： | JHI69: 収入項目名： | JHN69: 予定収入額： | JHQ69: 収入項目名： | JHV69: 予定収入額： | JHY69: 収入項目名： | JID69: 予定収入額： | JIG69: 収入項目名： | JIL69: 予定収入額： | JIO69: 収入項目名： | JIT69: 予定収入額： | JIW69: 収入項目名： | JJB69: 予定収入額： | JJE69: 収入項目名： | JJJ69: 予定収入額： | JJM69: 収入項目名： | JJR69: 予定収入額： | JJU69: 収入項目名： | JJZ69: 予定収入額： | JKC69: 収入項目名： | JKH69: 予定収入額： | JKK69: 収入項目名： | JKP69: 予定収入額： | JKS69: 収入項目名： | JKX69: 予定収入額： | JLA69: 収入項目名： | JLF69: 予定収入額： | JLI69: 収入項目名： | JLN69: 予定収入額： | JLQ69: 収入項目名： | JLV69: 予定収入額： | JLY69: 収入項目名： | JMD69: 予定収入額： | JMG69: 収入項目名： | JML69: 予定収入額： | JMO69: 収入項目名： | JMT69: 予定収入額： | JMW69: 収入項目名： | JNB69: 予定収入額： | JNE69: 収入項目名： | JNJ69: 予定収入額： | JNM69: 収入項目名： | JNR69: 予定収入額： | JNU69: 収入項目名： | JNZ69: 予定収入額： | JOC69: 収入項目名： | JOH69: 予定収入額： | JOK69: 収入項目名： | JOP69: 予定収入額： | JOS69: 収入項目名： | JOX69: 予定収入額： | JPA69: 収入項目名： | JPF69: 予定収入額： | JPI69: 収入項目名： | JPN69: 予定収入額： | JPQ69: 収入項目名： | JPV69: 予定収入額： | JPY69: 収入項目名： | JQD69: 予定収入額： | JQG69: 収入項目名： | JQL69: 予定収入額： | JQO69: 収入項目名： | JQT69: 予定収入額： | JQW69: 収入項目名： | JRB69: 予定収入額： | JRE69: 収入項目名： | JRJ69: 予定収入額： | JRM69: 収入項目名： | JRR69: 予定収入額： | JRU69: 収入項目名： | JRZ69: 予定収入額： | JSC69: 収入項目名： | JSH69: 予定収入額： | JSK69: 収入項目名： | JSP69: 予定収入額： | JSS69: 収入項目名： | JSX69: 予定収入額： | JTA69: 収入項目名： | JTF69: 予定収入額： | JTI69: 収入項目名： | JTN69: 予定収入額： | JTQ69: 収入項目名： | JTV69: 予定収入額： | JTY69: 収入項目名： | JUD69: 予定収入額： | JUG69: 収入項目名： | JUL69: 予定収入額： | JUO69: 収入項目名： | JUT69: 予定収入額： | JUW69: 収入項目名： | JVB69: 予定収入額： | JVE69: 収入項目名： | JVJ69: 予定収入額： | JVM69: 収入項目名： | JVR69: 予定収入額： | JVU69: 収入項目名： | JVZ69: 予定収入額： | JWC69: 収入項目名： | JWH69: 予定収入額： | JWK69: 収入項目名： | JWP69: 予定収入額： | JWS69: 収入項目名： | JWX69: 予定収入額： | JXA69: 収入項目名： | JXF69: 予定収入額： | JXI69: 収入項目名： | JXN69: 予定収入額： | JXQ69: 収入項目名： | JXV69: 予定収入額： | JXY69: 収入項目名： | JYD69: 予定収入額： | JYG69: 収入項目名： | JYL69: 予定収入額： | JYO69: 収入項目名： | JYT69: 予定収入額： | JYW69: 収入項目名： | JZB69: 予定収入額： | JZE69: 収入項目名： | JZJ69: 予定収入額： | JZM69: 収入項目名： | JZR69: 予定収入額： | JZU69: 収入項目名： | JZZ69: 予定収入額： | KAC69: 収入項目名： | KAH69: 予定収入額： | KAK69: 収入項目名： | KAP69: 予定収入額： | KAS69: 収入項目名： | KAX69: 予定収入額： | KBA69: 収入項目名： | KBF69: 予定収入額： | KBI69: 収入項目名： | KBN69: 予定収入額： | KBQ69: 収入項目名： | KBV69: 予定収入額： | KBY69: 収入項目名： | KCD69: 予定収入額： | KCG69: 収入項目名： | KCL69: 予定収入額： | KCO69: 収入項目名： | KCT69: 予定収入額： | KCW69: 収入項目名： | KDB69: 予定収入額： | KDE69: 収入項目名： | KDJ69: 予定収入額： | KDM69: 収入項目名： | KDR69: 予定収入額： | KDU69: 収入項目名： | KDZ69: 予定収入額： | KEC69: 収入項目名： | KEH69: 予定収入額： | KEK69: 収入項目名： | KEP69: 予定収入額： | KES69: 収入項目名： | KEX69: 予定収入額： | KFA69: 収入項目名： | KFF69: 予定収入額： | KFI69: 収入項目名： | KFN69: 予定収入額： | KFQ69: 収入項目名： | KFV69: 予定収入額： | KFY69: 収入項目名： | KGD69: 予定収入額： | KGG69: 収入項目名： | KGL69: 予定収入額： | KGO69: 収入項目名： | KGT69: 予定収入額： | KGW69: 収入項目名： | KHB69: 予定収入額： | KHE69: 収入項目名： | KHJ69: 予定収入額： | KHM69: 収入項目名： | KHR69: 予定収入額： | KHU69: 収入項目名： | KHZ69: 予定収入額： | KIC69: 収入項目名： | KIH69: 予定収入額： | KIK69: 収入項目名： | KIP69: 予定収入額： | KIS69: 収入項目名： | KIX69: 予定収入額： | KJA69: 収入項目名： | KJF69: 予定収入額： | KJI69: 収入項目名： | KJN69: 予定収入額： | KJQ69: 収入項目名： | KJV69: 予定収入額： | KJY69: 収入項目名： | KKD69: 予定収入額： | KKG69: 収入項目名： | KKL69: 予定収入額： | KKO69: 収入項目名： | KKT69: 予定収入額： | KKW69: 収入項目名： | KLB69: 予定収入額： | KLE69: 収入項目名： | KLJ69: 予定収入額： | KLM69: 収入項目名： | KLR69: 予定収入額： | KLU69: 収入項目名： | KLZ69: 予定収入額： | KMC69: 収入項目名： | KMH69: 予定収入額： | KMK69: 収入項目名： | KMP69: 予定収入額： | KMS69: 収入項目名： | KMX69: 予定収入額： | KNA69: 収入項目名： | KNF69: 予定収入額： | KNI69: 収入項目名： | KNN69: 予定収入額： | KNQ69: 収入項目名： | KNV69: 予定収入額： | KNY69: 収入項目名： | KOD69: 予定収入額： | KOG69: 収入項目名： | KOL69: 予定収入額： | KOO69: 収入項目名： | KOT69: 予定収入額： | KOW69: 収入項目名： | KPB69: 予定収入額： | KPE69: 収入項目名： | KPJ69: 予定収入額： | KPM69: 収入項目名： | KPR69: 予定収入額： | KPU69: 収入項目名： | KPZ69: 予定収入額： | KQC69: 収入項目名： | KQH69: 予定収入額： | KQK69: 収入項目名： | KQP69: 予定収入額： | KQS69: 収入項目名： | KQX69: 予定収入額： | KRA69: 収入項目名： | KRF69: 予定収入額： | KRI69: 収入項目名： | KRN69: 予定収入額： | KRQ69: 収入項目名： | KRV69: 予定収入額： | KRY69: 収入項目名： | KSD69: 予定収入額： | KSG69: 収入項目名： | KSL69: 予定収入額： | KSO69: 収入項目名： | KST69: 予定収入額： | KSW69: 収入項目名： | KTB69: 予定収入額： | KTE69: 収入項目名： | KTJ69: 予定収入額： | KTM69: 収入項目名： | KTR69: 予定収入額： | KTU69: 収入項目名： | KTZ69: 予定収入額： | KUC69: 収入項目名： | KUH69: 予定収入額： | KUK69: 収入項目名： | KUP69: 予定収入額： | KUS69: 収入項目名： | KUX69: 予定収入額： | KVA69: 収入項目名： | KVF69: 予定収入額： | KVI69: 収入項目名： | KVN69: 予定収入額： | KVQ69: 収入項目名： | KVV69: 予定収入額： | KVY69: 収入項目名： | KWD69: 予定収入額： | KWG69: 収入項目名： | KWL69: 予定収入額： | KWO69: 収入項目名： | KWT69: 予定収入額： | KWW69: 収入項目名： | KXB69: 予定収入額： | KXE69: 収入項目名： | KXJ69: 予定収入額： | KXM69: 収入項目名： | KXR69: 予定収入額： | KXU69: 収入項目名： | KXZ69: 予定収入額： | KYC69: 収入項目名： | KYH69: 予定収入額： | KYK69: 収入項目名： | KYP69: 予定収入額： | KYS69: 収入項目名： | KYX69: 予定収入額： | KZA69: 収入項目名： | KZF69: 予定収入額： | KZI69: 収入項目名： | KZN69: 予定収入額： | KZQ69: 収入項目名： | KZV69: 予定収入額： | KZY69: 収入項目名： | LAD69: 予定収入額： | LAG69: 収入項目名： | LAL69: 予定収入額： | LAO69: 収入項目名： | LAT69: 予定収入額： | LAW69: 収入項目名： | LBB69: 予定収入額： | LBE69: 収入項目名： | LBJ69: 予定収入額： | LBM69: 収入項目名： | LBR69: 予定収入額： | LBU69: 収入項目名： | LBZ69: 予定収入額： | LCC69: 収入項目名： | LCH69: 予定収入額： | LCK69: 収入項目名： | LCP69: 予定収入額： | LCS69: 収入項目名： | LCX69: 予定収入額： | LDA69: 収入項目名： | LDF69: 予定収入額： | LDI69: 収入項目名： | LDN69: 予定収入額： | LDQ69: 収入項目名： | LDV69: 予定収入額： | LDY69: 収入項目名： | LED69: 予定収入額： | LEG69: 収入項目名： | LEL69: 予定収入額： | LEO69: 収入項目名： | LET69: 予定収入額： | LEW69: 収入項目名： | LFB69: 予定収入額： | LFE69: 収入項目名： | LFJ69: 予定収入額： | LFM69: 収入項目名： | LFR69: 予定収入額： | LFU69: 収入項目名： | LFZ69: 予定収入額： | LGC69: 収入項目名： | LGH69: 予定収入額： | LGK69: 収入項目名： | LGP69: 予定収入額： | LGS69: 収入項目名： | LGX69: 予定収入額： | LHA69: 収入項目名： | LHF69: 予定収入額： | LHI69: 収入項目名： | LHN69: 予定収入額： | LHQ69: 収入項目名： | LHV69: 予定収入額： | LHY69: 収入項目名： | LID69: 予定収入額： | LIG69: 収入項目名： | LIL69: 予定収入額： | LIO69: 収入項目名： | LIT69: 予定収入額： | LIW69: 収入項目名： | LJB69: 予定収入額： | LJE69: 収入項目名： | LJJ69: 予定収入額： | LJM69: 収入項目名： | LJR69: 予定収入額： | LJU69: 収入項目名： | LJZ69: 予定収入額： | LKC69: 収入項目名： | LKH69: 予定収入額： | LKK69: 収入項目名： | LKP69: 予定収入額： | LKS69: 収入項目名： | LKX69: 予定収入額： | LLA69: 収入項目名： | LLF69: 予定収入額： | LLI69: 収入項目名： | LLN69: 予定収入額： | LLQ69: 収入項目名： | LLV69: 予定収入額： | LLY69: 収入項目名： | LMD69: 予定収入額： | LMG69: 収入項目名： | LML69: 予定収入額： | LMO69: 収入項目名： | LMT69: 予定収入額： | LMW69: 収入項目名： | LNB69: 予定収入額： | LNE69: 収入項目名： | LNJ69: 予定収入額： | LNM69: 収入項目名： | LNR69: 予定収入額： | LNU69: 収入項目名： | LNZ69: 予定収入額： | LOC69: 収入項目名： | LOH69: 予定収入額： | LOK69: 収入項目名： | LOP69: 予定収入額： | LOS69: 収入項目名： | LOX69: 予定収入額： | LPA69: 収入項目名： | LPF69: 予定収入額： | LPI69: 収入項目名： | LPN69: 予定収入額： | LPQ69: 収入項目名： | LPV69: 予定収入額： | LPY69: 収入項目名： | LQD69: 予定収入額： | LQG69: 収入項目名： | LQL69: 予定収入額： | LQO69: 収入項目名： | LQT69: 予定収入額： | LQW69: 収入項目名： | LRB69: 予定収入額： | LRE69: 収入項目名： | LRJ69: 予定収入額： | LRM69: 収入項目名： | LRR69: 予定収入額： | LRU69: 収入項目名： | LRZ69: 予定収入額： | LSC69: 収入項目名： | LSH69: 予定収入額： | LSK69: 収入項目名： | LSP69: 予定収入額： | LSS69: 収入項目名： | LSX69: 予定収入額： | LTA69: 収入項目名： | LTF69: 予定収入額： | LTI69: 収入項目名： | LTN69: 予定収入額： | LTQ69: 収入項目名： | LTV69: 予定収入額： | LTY69: 収入項目名： | LUD69: 予定収入額： | LUG69: 収入項目名： | LUL69: 予定収入額： | LUO69: 収入項目名： | LUT69: 予定収入額： | LUW69: 収入項目名： | LVB69: 予定収入額： | LVE69: 収入項目名： | LVJ69: 予定収入額： | LVM69: 収入項目名： | LVR69: 予定収入額： | LVU69: 収入項目名： | LVZ69: 予定収入額： | LWC69: 収入項目名： | LWH69: 予定収入額： | LWK69: 収入項目名： | LWP69: 予定収入額： | LWS69: 収入項目名： | LWX69: 予定収入額： | LXA69: 収入項目名： | LXF69: 予定収入額： | LXI69: 収入項目名： | LXN69: 予定収入額： | LXQ69: 収入項目名： | LXV69: 予定収入額： | LXY69: 収入項目名： | LYD69: 予定収入額： | LYG69: 収入項目名： | LYL69: 予定収入額： | LYO69: 収入項目名： | LYT69: 予定収入額： | LYW69: 収入項目名： | LZB69: 予定収入額： | LZE69: 収入項目名： | LZJ69: 予定収入額： | LZM69: 収入項目名： | LZR69: 予定収入額： | LZU69: 収入項目名： | LZZ69: 予定収入額： | MAC69: 収入項目名： | MAH69: 予定収入額： | MAK69: 収入項目名： | MAP69: 予定収入額： | MAS69: 収入項目名： | MAX69: 予定収入額： | MBA69: 収入項目名： | MBF69: 予定収入額： | MBI69: 収入項目名： | MBN69: 予定収入額： | MBQ69: 収入項目名： | MBV69: 予定収入額： | MBY69: 収入項目名： | MCD69: 予定収入額： | MCG69: 収入項目名： | MCL69: 予定収入額： | MCO69: 収入項目名： | MCT69: 予定収入額： | MCW69: 収入項目名： | MDB69: 予定収入額： | MDE69: 収入項目名： | MDJ69: 予定収入額： | MDM69: 収入項目名： | MDR69: 予定収入額： | MDU69: 収入項目名： | MDZ69: 予定収入額： | MEC69: 収入項目名： | MEH69: 予定収入額： | MEK69: 収入項目名： | MEP69: 予定収入額： | MES69: 収入項目名： | MEX69: 予定収入額： | MFA69: 収入項目名： | MFF69: 予定収入額： | MFI69: 収入項目名： | MFN69: 予定収入額： | MFQ69: 収入項目名： | MFV69: 予定収入額： | MFY69: 収入項目名： | MGD69: 予定収入額： | MGG69: 収入項目名： | MGL69: 予定収入額： | MGO69: 収入項目名： | MGT69: 予定収入額： | MGW69: 収入項目名： | MHB69: 予定収入額： | MHE69: 収入項目名： | MHJ69: 予定収入額： | MHM69: 収入項目名： | MHR69: 予定収入額： | MHU69: 収入項目名： | MHZ69: 予定収入額： | MIC69: 収入項目名： | MIH69: 予定収入額： | MIK69: 収入項目名： | MIP69: 予定収入額： | MIS69: 収入項目名： | MIX69: 予定収入額： | MJA69: 収入項目名： | MJF69: 予定収入額： | MJI69: 収入項目名： | MJN69: 予定収入額： | MJQ69: 収入項目名： | MJV69: 予定収入額： | MJY69: 収入項目名： | MKD69: 予定収入額： | MKG69: 収入項目名： | MKL69: 予定収入額： | MKO69: 収入項目名： | MKT69: 予定収入額： | MKW69: 収入項目名： | MLB69: 予定収入額： | MLE69: 収入項目名： | MLJ69: 予定収入額： | MLM69: 収入項目名： | MLR69: 予定収入額： | MLU69: 収入項目名： | MLZ69: 予定収入額： | MMC69: 収入項目名： | MMH69: 予定収入額： | MMK69: 収入項目名： | MMP69: 予定収入額： | MMS69: 収入項目名： | MMX69: 予定収入額： | MNA69: 収入項目名： | MNF69: 予定収入額： | MNI69: 収入項目名： | MNN69: 予定収入額： | MNQ69: 収入項目名： | MNV69: 予定収入額： | MNY69: 収入項目名： | MOD69: 予定収入額： | MOG69: 収入項目名： | MOL69: 予定収入額： | MOO69: 収入項目名： | MOT69: 予定収入額： | MOW69: 収入項目名： | MPB69: 予定収入額： | MPE69: 収入項目名： | MPJ69: 予定収入額： | MPM69: 収入項目名： | MPR69: 予定収入額： | MPU69: 収入項目名： | MPZ69: 予定収入額： | MQC69: 収入項目名： | MQH69: 予定収入額： | MQK69: 収入項目名： | MQP69: 予定収入額： | MQS69: 収入項目名： | MQX69: 予定収入額： | MRA69: 収入項目名： | MRF69: 予定収入額： | MRI69: 収入項目名： | MRN69: 予定収入額： | MRQ69: 収入項目名： | MRV69: 予定収入額： | MRY69: 収入項目名： | MSD69: 予定収入額： | MSG69: 収入項目名： | MSL69: 予定収入額： | MSO69: 収入項目名： | MST69: 予定収入額： | MSW69: 収入項目名： | MTB69: 予定収入額： | MTE69: 収入項目名： | MTJ69: 予定収入額： | MTM69: 収入項目名： | MTR69: 予定収入額： | MTU69: 収入項目名： | MTZ69: 予定収入額： | MUC69: 収入項目名： | MUH69: 予定収入額： | MUK69: 収入項目名： | MUP69: 予定収入額： | MUS69: 収入項目名： | MUX69: 予定収入額： | MVA69: 収入項目名： | MVF69: 予定収入額： | MVI69: 収入項目名： | MVN69: 予定収入額： | MVQ69: 収入項目名： | MVV69: 予定収入額： | MVY69: 収入項目名： | MWD69: 予定収入額： | MWG69: 収入項目名： | MWL69: 予定収入額： | MWO69: 収入項目名： | MWT69: 予定収入額： | MWW69: 収入項目名： | MXB69: 予定収入額： | MXE69: 収入項目名： | MXJ69: 予定収入額： | MXM69: 収入項目名： | MXR69: 予定収入額： | MXU69: 収入項目名： | MXZ69: 予定収入額： | MYC69: 収入項目名： | MYH69: 予定収入額： | MYK69: 収入項目名： | MYP69: 予定収入額： | MYS69: 収入項目名： | MYX69: 予定収入額： | MZA69: 収入項目名： | MZF69: 予定収入額： | MZI69: 収入項目名： | MZN69: 予定収入額： | MZQ69: 収入項目名： | MZV69: 予定収入額： | MZY69: 収入項目名： | NAD69: 予定収入額： | NAG69: 収入項目名： | NAL69: 予定収入額： | NAO69: 収入項目名： | NAT69: 予定収入額： | NAW69: 収入項目名： | NBB69: 予定収入額： | NBE69: 収入項目名： | NBJ69: 予定収入額： | NBM69: 収入項目名： | NBR69: 予定収入額： | NBU69: 収入項目名： | NBZ69: 予定収入額： | NCC69: 収入項目名： | NCH69: 予定収入額： | NCK69: 収入項目名： | NCP69: 予定収入額： | NCS69: 収入項目名： | NCX69: 予定収入額： | NDA69: 収入項目名： | NDF69: 予定収入額： | NDI69: 収入項目名： | NDN69: 予定収入額： | NDQ69: 収入項目名： | NDV69: 予定収入額： | NDY69: 収入項目名： | NED69: 予定収入額： | NEG69: 収入項目名： | NEL69: 予定収入額： | NEO69: 収入項目名： | NET69: 予定収入額： | NEW69: 収入項目名： | NFB69: 予定収入額： | NFE69: 収入項目名： | NFJ69: 予定収入額： | NFM69: 収入項目名： | NFR69: 予定収入額： | NFU69: 収入項目名： | NFZ69: 予定収入額： | NGC69: 収入項目名： | NGH69: 予定収入額： | NGK69: 収入項目名： | NGP69: 予定収入額： | NGS69: 収入項目名： | NGX69: 予定収入額： | NHA69: 収入項目名： | NHF69: 予定収入額： | NHI69: 収入項目名： | NHN69: 予定収入額： | NHQ69: 収入項目名： | NHV69: 予定収入額： | NHY69: 収入項目名： | NID69: 予定収入額： | NIG69: 収入項目名： | NIL69: 予定収入額： | NIO69: 収入項目名： | NIT69: 予定収入額： | NIW69: 収入項目名： | NJB69: 予定収入額： | NJE69: 収入項目名： | NJJ69: 予定収入額： | NJM69: 収入項目名： | NJR69: 予定収入額： | NJU69: 収入項目名： | NJZ69: 予定収入額： | NKC69: 収入項目名： | NKH69: 予定収入額： | NKK69: 収入項目名： | NKP69: 予定収入額： | NKS69: 収入項目名： | NKX69: 予定収入額： | NLA69: 収入項目名： | NLF69: 予定収入額： | NLI69: 収入項目名： | NLN69: 予定収入額： | NLQ69: 収入項目名： | NLV69: 予定収入額： | NLY69: 収入項目名： | NMD69: 予定収入額： | NMG69: 収入項目名： | NML69: 予定収入額： | NMO69: 収入項目名： | NMT69: 予定収入額： | NMW69: 収入項目名： | NNB69: 予定収入額： | NNE69: 収入項目名： | NNJ69: 予定収入額： | NNM69: 収入項目名： | NNR69: 予定収入額： | NNU69: 収入項目名： | NNZ69: 予定収入額： | NOC69: 収入項目名： | NOH69: 予定収入額： | NOK69: 収入項目名： | NOP69: 予定収入額： | NOS69: 収入項目名： | NOX69: 予定収入額： | NPA69: 収入項目名： | NPF69: 予定収入額： | NPI69: 収入項目名： | NPN69: 予定収入額： | NPQ69: 収入項目名： | NPV69: 予定収入額： | NPY69: 収入項目名： | NQD69: 予定収入額： | NQG69: 収入項目名： | NQL69: 予定収入額： | NQO69: 収入項目名： | NQT69: 予定収入額： | NQW69: 収入項目名： | NRB69: 予定収入額： | NRE69: 収入項目名： | NRJ69: 予定収入額： | NRM69: 収入項目名： | NRR69: 予定収入額： | NRU69: 収入項目名： | NRZ69: 予定収入額： | NSC69: 収入項目名： | NSH69: 予定収入額： | NSK69: 収入項目名： | NSP69: 予定収入額： | NSS69: 収入項目名： | NSX69: 予定収入額： | NTA69: 収入項目名： | NTF69: 予定収入額： | NTI69: 収入項目名： | NTN69: 予定収入額： | NTQ69: 収入項目名： | NTV69: 予定収入額： | NTY69: 収入項目名： | NUD69: 予定収入額： | NUG69: 収入項目名： | NUL69: 予定収入額： | NUO69: 収入項目名： | NUT69: 予定収入額： | NUW69: 収入項目名： | NVB69: 予定収入額： | NVE69: 収入項目名： | NVJ69: 予定収入額： | NVM69: 収入項目名： | NVR69: 予定収入額： | NVU69: 収入項目名： | NVZ69: 予定収入額： | NWC69: 収入項目名： | NWH69: 予定収入額： | NWK69: 収入項目名： | NWP69: 予定収入額： | NWS69: 収入項目名： | NWX69: 予定収入額： | NXA69: 収入項目名： | NXF69: 予定収入額： | NXI69: 収入項目名： | NXN69: 予定収入額： | NXQ69: 収入項目名： | NXV69: 予定収入額： | NXY69: 収入項目名： | NYD69: 予定収入額： | NYG69: 収入項目名： | NYL69: 予定収入額： | NYO69: 収入項目名： | NYT69: 予定収入額： | NYW69: 収入項目名： | NZB69: 予定収入額： | NZE69: 収入項目名： | NZJ69: 予定収入額： | NZM69: 収入項目名： | NZR69: 予定収入額： | NZU69: 収入項目名： | NZZ69: 予定収入額： | OAC69: 収入項目名： | OAH69: 予定収入額： | OAK69: 収入項目名： | OAP69: 予定収入額： | OAS69: 収入項目名： | OAX69: 予定収入額： | OBA69: 収入項目名： | OBF69: 予定収入額： | OBI69: 収入項目名： | OBN69: 予定収入額： | OBQ69: 収入項目名： | OBV69: 予定収入額： | OBY69: 収入項目名： | OCD69: 予定収入額： | OCG69: 収入項目名： | OCL69: 予定収入額： | OCO69: 収入項目名： | OCT69: 予定収入額： | OCW69: 収入項目名： | ODB69: 予定収入額： | ODE69: 収入項目名： | ODJ69: 予定収入額： | ODM69: 収入項目名： | ODR69: 予定収入額： | ODU69: 収入項目名： | ODZ69: 予定収入額： | OEC69: 収入項目名： | OEH69: 予定収入額： | OEK69: 収入項目名： | OEP69: 予定収入額： | OES69: 収入項目名： | OEX69: 予定収入額： | OFA69: 収入項目名： | OFF69: 予定収入額： | OFI69: 収入項目名： | OFN69: 予定収入額： | OFQ69: 収入項目名： | OFV69: 予定収入額： | OFY69: 収入項目名： | OGD69: 予定収入額： | OGG69: 収入項目名： | OGL69: 予定収入額： | OGO69: 収入項目名： | OGT69: 予定収入額： | OGW69: 収入項目名： | OHB69: 予定収入額： | OHE69: 収入項目名： | OHJ69: 予定収入額： | OHM69: 収入項目名： | OHR69: 予定収入額： | OHU69: 収入項目名： | OHZ69: 予定収入額： | OIC69: 収入項目名： | OIH69: 予定収入額： | OIK69: 収入項目名： | OIP69: 予定収入額： | OIS69: 収入項目名： | OIX69: 予定収入額： | OJA69: 収入項目名： | OJF69: 予定収入額： | OJI69: 収入項目名： | OJN69: 予定収入額： | OJQ69: 収入項目名： | OJV69: 予定収入額： | OJY69: 収入項目名： | OKD69: 予定収入額： | OKG69: 収入項目名： | OKL69: 予定収入額： | OKO69: 収入項目名： | OKT69: 予定収入額： | OKW69: 収入項目名： | OLB69: 予定収入額： | OLE69: 収入項目名： | OLJ69: 予定収入額： | OLM69: 収入項目名： | OLR69: 予定収入額： | OLU69: 収入項目名： | OLZ69: 予定収入額： | OMC69: 収入項目名： | OMH69: 予定収入額： | OMK69: 収入項目名： | OMP69: 予定収入額： | OMS69: 収入項目名： | OMX69: 予定収入額： | ONA69: 収入項目名： | ONF69: 予定収入額： | ONI69: 収入項目名： | ONN69: 予定収入額： | ONQ69: 収入項目名： | ONV69: 予定収入額： | ONY69: 収入項目名： | OOD69: 予定収入額： | OOG69: 収入項目名： | OOL69: 予定収入額： | OOO69: 収入項目名： | OOT69: 予定収入額： | OOW69: 収入項目名： | OPB69: 予定収入額： | OPE69: 収入項目名： | OPJ69: 予定収入額： | OPM69: 収入項目名： | OPR69: 予定収入額： | OPU69: 収入項目名： | OPZ69: 予定収入額： | OQC69: 収入項目名： | OQH69: 予定収入額： | OQK69: 収入項目名： | OQP69: 予定収入額： | OQS69: 収入項目名： | OQX69: 予定収入額： | ORA69: 収入項目名： | ORF69: 予定収入額： | ORI69: 収入項目名： | ORN69: 予定収入額： | ORQ69: 収入項目名： | ORV69: 予定収入額： | ORY69: 収入項目名： | OSD69: 予定収入額： | OSG69: 収入項目名： | OSL69: 予定収入額： | OSO69: 収入項目名： | OST69: 予定収入額： | OSW69: 収入項目名： | OTB69: 予定収入額： | OTE69: 収入項目名： | OTJ69: 予定収入額： | OTM69: 収入項目名： | OTR69: 予定収入額： | OTU69: 収入項目名： | OTZ69: 予定収入額： | OUC69: 収入項目名： | OUH69: 予定収入額： | OUK69: 収入項目名： | OUP69: 予定収入額： | OUS69: 収入項目名： | OUX69: 予定収入額： | OVA69: 収入項目名： | OVF69: 予定収入額： | OVI69: 収入項目名： | OVN69: 予定収入額： | OVQ69: 収入項目名： | OVV69: 予定収入額： | OVY69: 収入項目名： | OWD69: 予定収入額： | OWG69: 収入項目名： | OWL69: 予定収入額： | OWO69: 収入項目名： | OWT69: 予定収入額： | OWW69: 収入項目名： | OXB69: 予定収入額： | OXE69: 収入項目名： | OXJ69: 予定収入額： | OXM69: 収入項目名： | OXR69: 予定収入額： | OXU69: 収入項目名： | OXZ69: 予定収入額： | OYC69: 収入項目名： | OYH69: 予定収入額： | OYK69: 収入項目名： | OYP69: 予定収入額： | OYS69: 収入項目名： | OYX69: 予定収入額： | OZA69: 収入項目名： | OZF69: 予定収入額： | OZI69: 収入項目名： | OZN69: 予定収入額： | OZQ69: 収入項目名： | OZV69: 予定収入額： | OZY69: 収入項目名： | PAD69: 予定収入額： | PAG69: 収入項目名： | PAL69: 予定収入額： | PAO69: 収入項目名： | PAT69: 予定収入額： | PAW69: 収入項目名： | PBB69: 予定収入額： | PBE69: 収入項目名： | PBJ69: 予定収入額： | PBM69: 収入項目名： | PBR69: 予定収入額： | PBU69: 収入項目名： | PBZ69: 予定収入額： | PCC69: 収入項目名： | PCH69: 予定収入額： | PCK69: 収入項目名： | PCP69: 予定収入額： | PCS69: 収入項目名： | PCX69: 予定収入額： | PDA69: 収入項目名： | PDF69: 予定収入額： | PDI69: 収入項目名： | PDN69: 予定収入額： | PDQ69: 収入項目名： | PDV69: 予定収入額： | PDY69: 収入項目名： | PED69: 予定収入額： | PEG69: 収入項目名： | PEL69: 予定収入額： | PEO69: 収入項目名： | PET69: 予定収入額： | PEW69: 収入項目名： | PFB69: 予定収入額： | PFE69: 収入項目名： | PFJ69: 予定収入額： | PFM69: 収入項目名： | PFR69: 予定収入額： | PFU69: 収入項目名： | PFZ69: 予定収入額： | PGC69: 収入項目名： | PGH69: 予定収入額： | PGK69: 収入項目名： | PGP69: 予定収入額： | PGS69: 収入項目名： | PGX69: 予定収入額： | PHA69: 収入項目名： | PHF69: 予定収入額： | PHI69: 収入項目名： | PHN69: 予定収入額： | PHQ69: 収入項目名： | PHV69: 予定収入額： | PHY69: 収入項目名： | PID69: 予定収入額： | PIG69: 収入項目名： | PIL69: 予定収入額： | PIO69: 収入項目名： | PIT69: 予定収入額： | PIW69: 収入項目名： | PJB69: 予定収入額： | PJE69: 収入項目名： | PJJ69: 予定収入額： | PJM69: 収入項目名： | PJR69: 予定収入額： | PJU69: 収入項目名： | PJZ69: 予定収入額： | PKC69: 収入項目名： | PKH69: 予定収入額： | PKK69: 収入項目名： | PKP69: 予定収入額： | PKS69: 収入項目名： | PKX69: 予定収入額： | PLA69: 収入項目名： | PLF69: 予定収入額： | PLI69: 収入項目名： | PLN69: 予定収入額： | PLQ69: 収入項目名： | PLV69: 予定収入額： | PLY69: 収入項目名： | PMD69: 予定収入額： | PMG69: 収入項目名： | PML69: 予定収入額： | PMO69: 収入項目名： | PMT69: 予定収入額： | PMW69: 収入項目名： | PNB69: 予定収入額： | PNE69: 収入項目名： | PNJ69: 予定収入額： | PNM69: 収入項目名： | PNR69: 予定収入額： | PNU69: 収入項目名： | PNZ69: 予定収入額： | POC69: 収入項目名： | POH69: 予定収入額： | POK69: 収入項目名： | POP69: 予定収入額： | POS69: 収入項目名： | POX69: 予定収入額： | PPA69: 収入項目名： | PPF69: 予定収入額： | PPI69: 収入項目名： | PPN69: 予定収入額： | PPQ69: 収入項目名： | PPV69: 予定収入額： | PPY69: 収入項目名： | PQD69: 予定収入額： | PQG69: 収入項目名： | PQL69: 予定収入額： | PQO69: 収入項目名： | PQT69: 予定収入額： | PQW69: 収入項目名： | PRB69: 予定収入額： | PRE69: 収入項目名： | PRJ69: 予定収入額： | PRM69: 収入項目名： | PRR69: 予定収入額： | PRU69: 収入項目名： | PRZ69: 予定収入額： | PSC69: 収入項目名： | PSH69: 予定収入額： | PSK69: 収入項目名： | PSP69: 予定収入額： | PSS69: 収入項目名： | PSX69: 予定収入額： | PTA69: 収入項目名： | PTF69: 予定収入額： | PTI69: 収入項目名： | PTN69: 予定収入額： | PTQ69: 収入項目名： | PTV69: 予定収入額： | PTY69: 収入項目名： | PUD69: 予定収入額： | PUG69: 収入項目名： | PUL69: 予定収入額： | PUO69: 収入項目名： | PUT69: 予定収入額： | PUW69: 収入項目名： | PVB69: 予定収入額： | PVE69: 収入項目名： | PVJ69: 予定収入額： | PVM69: 収入項目名： | PVR69: 予定収入額： | PVU69: 収入項目名： | PVZ69: 予定収入額： | PWC69: 収入項目名： | PWH69: 予定収入額： | PWK69: 収入項目名： | PWP69: 予定収入額： | PWS69: 収入項目名： | PWX69: 予定収入額： | PXA69: 収入項目名： | PXF69: 予定収入額： | PXI69: 収入項目名： | PXN69: 予定収入額： | PXQ69: 収入項目名： | PXV69: 予定収入額： | PXY69: 収入項目名： | PYD69: 予定収入額： | PYG69: 収入項目名： | PYL69: 予定収入額： | PYO69: 収入項目名： | PYT69: 予定収入額： | PYW69: 収入項目名： | PZB69: 予定収入額： | PZE69: 収入項目名： | PZJ69: 予定収入額： | PZM69: 収入項目名： | PZR69: 予定収入額： | PZU69: 収入項目名： | PZZ69: 予定収入額： | QAC69: 収入項目名： | QAH69: 予定収入額： | QAK69: 収入項目名： | QAP69: 予定収入額： | QAS69: 収入項目名： | QAX69: 予定収入額： | QBA69: 収入項目名： | QBF69: 予定収入額： | QBI69: 収入項目名： | QBN69: 予定収入額： | QBQ69: 収入項目名： | QBV69: 予定収入額： | QBY69: 収入項目名： | QCD69: 予定収入額： | QCG69: 収入項目名： | QCL69: 予定収入額： | QCO69: 収入項目名： | QCT69: 予定収入額： | QCW69: 収入項目名： | QDB69: 予定収入額： | QDE69: 収入項目名： | QDJ69: 予定収入額： | QDM69: 収入項目名： | QDR69: 予定収入額： | QDU69: 収入項目名： | QDZ69: 予定収入額： | QEC69: 収入項目名： | QEH69: 予定収入額： | QEK69: 収入項目名： | QEP69: 予定収入額： | QES69: 収入項目名： | QEX69: 予定収入額： | QFA69: 収入項目名： | QFF69: 予定収入額： | QFI69: 収入項目名： | QFN69: 予定収入額： | QFQ69: 収入項目名： | QFV69: 予定収入額： | QFY69: 収入項目名： | QGD69: 予定収入額： | QGG69: 収入項目名： | QGL69: 予定収入額： | QGO69: 収入項目名： | QGT69: 予定収入額： | QGW69: 収入項目名： | QHB69: 予定収入額： | QHE69: 収入項目名： | QHJ69: 予定収入額： | QHM69: 収入項目名： | QHR69: 予定収入額： | QHU69: 収入項目名： | QHZ69: 予定収入額： | QIC69: 収入項目名： | QIH69: 予定収入額： | QIK69: 収入項目名： | QIP69: 予定収入額： | QIS69: 収入項目名： | QIX69: 予定収入額： | QJA69: 収入項目名： | QJF69: 予定収入額： | QJI69: 収入項目名： | QJN69: 予定収入額： | QJQ69: 収入項目名： | QJV69: 予定収入額： | QJY69: 収入項目名： | QKD69: 予定収入額： | QKG69: 収入項目名： | QKL69: 予定収入額： | QKO69: 収入項目名： | QKT69: 予定収入額： | QKW69: 収入項目名： | QLB69: 予定収入額： | QLE69: 収入項目名： | QLJ69: 予定収入額： | QLM69: 収入項目名： | QLR69: 予定収入額： | QLU69: 収入項目名： | QLZ69: 予定収入額： | QMC69: 収入項目名： | QMH69: 予定収入額： | QMK69: 収入項目名： | QMP69: 予定収入額： | QMS69: 収入項目名： | QMX69: 予定収入額： | QNA69: 収入項目名： | QNF69: 予定収入額： | QNI69: 収入項目名： | QNN69: 予定収入額： | QNQ69: 収入項目名： | QNV69: 予定収入額： | QNY69: 収入項目名： | QOD69: 予定収入額： | QOG69: 収入項目名： | QOL69: 予定収入額： | QOO69: 収入項目名： | QOT69: 予定収入額： | QOW69: 収入項目名： | QPB69: 予定収入額： | QPE69: 収入項目名： | QPJ69: 予定収入額： | QPM69: 収入項目名： | QPR69: 予定収入額： | QPU69: 収入項目名： | QPZ69: 予定収入額： | QQC69: 収入項目名： | QQH69: 予定収入額： | QQK69: 収入項目名： | QQP69: 予定収入額： | QQS69: 収入項目名： | QQX69: 予定収入額： | QRA69: 収入項目名： | QRF69: 予定収入額： | QRI69: 収入項目名： | QRN69: 予定収入額： | QRQ69: 収入項目名： | QRV69: 予定収入額： | QRY69: 収入項目名： | QSD69: 予定収入額： | QSG69: 収入項目名： | QSL69: 予定収入額： | QSO69: 収入項目名： | QST69: 予定収入額： | QSW69: 収入項目名： | QTB69: 予定収入額： | QTE69: 収入項目名： | QTJ69: 予定収入額： | QTM69: 収入項目名： | QTR69: 予定収入額： | QTU69: 収入項目名： | QTZ69: 予定収入額： | QUC69: 収入項目名： | QUH69: 予定収入額： | QUK69: 収入項目名： | QUP69: 予定収入額： | QUS69: 収入項目名： | QUX69: 予定収入額： | QVA69: 収入項目名： | QVF69: 予定収入額： | QVI69: 収入項目名： | QVN69: 予定収入額： | QVQ69: 収入項目名： | QVV69: 予定収入額： | QVY69: 収入項目名： | QWD69: 予定収入額： | QWG69: 収入項目名： | QWL69: 予定収入額： | QWO69: 収入項目名： | QWT69: 予定収入額： | QWW69: 収入項目名： | QXB69: 予定収入額： | QXE69: 収入項目名： | QXJ69: 予定収入額： | QXM69: 収入項目名： | QXR69: 予定収入額： | QXU69: 収入項目名： | QXZ69: 予定収入額： | QYC69: 収入項目名： | QYH69: 予定収入額： | QYK69: 収入項目名： | QYP69: 予定収入額： | QYS69: 収入項目名： | QYX69: 予定収入額： | QZA69: 収入項目名： | QZF69: 予定収入額： | QZI69: 収入項目名： | QZN69: 予定収入額： | QZQ69: 収入項目名： | QZV69: 予定収入額： | QZY69: 収入項目名： | RAD69: 予定収入額： | RAG69: 収入項目名： | RAL69: 予定収入額： | RAO69: 収入項目名： | RAT69: 予定収入額： | RAW69: 収入項目名： | RBB69: 予定収入額： | RBE69: 収入項目名： | RBJ69: 予定収入額： | RBM69: 収入項目名： | RBR69: 予定収入額： | RBU69: 収入項目名： | RBZ69: 予定収入額： | RCC69: 収入項目名： | RCH69: 予定収入額： | RCK69: 収入項目名： | RCP69: 予定収入額： | RCS69: 収入項目名： | RCX69: 予定収入額： | RDA69: 収入項目名： | RDF69: 予定収入額： | RDI69: 収入項目名： | RDN69: 予定収入額： | RDQ69: 収入項目名： | RDV69: 予定収入額： | RDY69: 収入項目名： | RED69: 予定収入額： | REG69: 収入項目名： | REL69: 予定収入額： | REO69: 収入項目名： | RET69: 予定収入額： | REW69: 収入項目名： | RFB69: 予定収入額： | RFE69: 収入項目名： | RFJ69: 予定収入額： | RFM69: 収入項目名： | RFR69: 予定収入額： | RFU69: 収入項目名： | RFZ69: 予定収入額： | RGC69: 収入項目名： | RGH69: 予定収入額： | RGK69: 収入項目名： | RGP69: 予定収入額： | RGS69: 収入項目名： | RGX69: 予定収入額： | RHA69: 収入項目名： | RHF69: 予定収入額： | RHI69: 収入項目名： | RHN69: 予定収入額： | RHQ69: 収入項目名： | RHV69: 予定収入額： | RHY69: 収入項目名： | RID69: 予定収入額： | RIG69: 収入項目名： | RIL69: 予定収入額： | RIO69: 収入項目名： | RIT69: 予定収入額： | RIW69: 収入項目名： | RJB69: 予定収入額： | RJE69: 収入項目名： | RJJ69: 予定収入額： | RJM69: 収入項目名： | RJR69: 予定収入額： | RJU69: 収入項目名： | RJZ69: 予定収入額： | RKC69: 収入項目名： | RKH69: 予定収入額： | RKK69: 収入項目名： | RKP69: 予定収入額： | RKS69: 収入項目名： | RKX69: 予定収入額： | RLA69: 収入項目名： | RLF69: 予定収入額： | RLI69: 収入項目名： | RLN69: 予定収入額： | RLQ69: 収入項目名： | RLV69: 予定収入額： | RLY69: 収入項目名： | RMD69: 予定収入額： | RMG69: 収入項目名： | RML69: 予定収入額： | RMO69: 収入項目名： | RMT69: 予定収入額： | RMW69: 収入項目名： | RNB69: 予定収入額： | RNE69: 収入項目名： | RNJ69: 予定収入額： | RNM69: 収入項目名： | RNR69: 予定収入額： | RNU69: 収入項目名： | RNZ69: 予定収入額： | ROC69: 収入項目名： | ROH69: 予定収入額： | ROK69: 収入項目名： | ROP69: 予定収入額： | ROS69: 収入項目名： | ROX69: 予定収入額： | RPA69: 収入項目名： | RPF69: 予定収入額： | RPI69: 収入項目名： | RPN69: 予定収入額： | RPQ69: 収入項目名： | RPV69: 予定収入額： | RPY69: 収入項目名： | RQD69: 予定収入額： | RQG69: 収入項目名： | RQL69: 予定収入額： | RQO69: 収入項目名： | RQT69: 予定収入額： | RQW69: 収入項目名： | RRB69: 予定収入額： | RRE69: 収入項目名： | RRJ69: 予定収入額： | RRM69: 収入項目名： | RRR69: 予定収入額： | RRU69: 収入項目名： | RRZ69: 予定収入額： | RSC69: 収入項目名： | RSH69: 予定収入額： | RSK69: 収入項目名： | RSP69: 予定収入額： | RSS69: 収入項目名： | RSX69: 予定収入額： | RTA69: 収入項目名： | RTF69: 予定収入額： | RTI69: 収入項目名： | RTN69: 予定収入額： | RTQ69: 収入項目名： | RTV69: 予定収入額： | RTY69: 収入項目名： | RUD69: 予定収入額： | RUG69: 収入項目名： | RUL69: 予定収入額： | RUO69: 収入項目名： | RUT69: 予定収入額： | RUW69: 収入項目名： | RVB69: 予定収入額： | RVE69: 収入項目名： | RVJ69: 予定収入額： | RVM69: 収入項目名： | RVR69: 予定収入額： | RVU69: 収入項目名： | RVZ69: 予定収入額： | RWC69: 収入項目名： | RWH69: 予定収入額： | RWK69: 収入項目名： | RWP69: 予定収入額： | RWS69: 収入項目名： | RWX69: 予定収入額： | RXA69: 収入項目名： | RXF69: 予定収入額： | RXI69: 収入項目名： | RXN69: 予定収入額： | RXQ69: 収入項目名： | RXV69: 予定収入額： | RXY69: 収入項目名： | RYD69: 予定収入額： | RYG69: 収入項目名： | RYL69: 予定収入額： | RYO69: 収入項目名： | RYT69: 予定収入額： | RYW69: 収入項目名： | RZB69: 予定収入額： | RZE69: 収入項目名： | RZJ69: 予定収入額： | RZM69: 収入項目名： | RZR69: 予定収入額： | RZU69: 収入項目名： | RZZ69: 予定収入額： | SAC69: 収入項目名： | SAH69: 予定収入額： | SAK69: 収入項目名： | SAP69: 予定収入額： | SAS69: 収入項目名： | SAX69: 予定収入額： | SBA69: 収入項目名： | SBF69: 予定収入額： | SBI69: 収入項目名： | SBN69: 予定収入額： | SBQ69: 収入項目名： | SBV69: 予定収入額： | SBY69: 収入項目名： | SCD69: 予定収入額： | SCG69: 収入項目名： | SCL69: 予定収入額： | SCO69: 収入項目名： | SCT69: 予定収入額： | SCW69: 収入項目名： | SDB69: 予定収入額： | SDE69: 収入項目名： | SDJ69: 予定収入額： | SDM69: 収入項目名： | SDR69: 予定収入額： | SDU69: 収入項目名： | SDZ69: 予定収入額： | SEC69: 収入項目名： | SEH69: 予定収入額： | SEK69: 収入項目名： | SEP69: 予定収入額： | SES69: 収入項目名： | SEX69: 予定収入額： | SFA69: 収入項目名： | SFF69: 予定収入額： | SFI69: 収入項目名： | SFN69: 予定収入額： | SFQ69: 収入項目名： | SFV69: 予定収入額： | SFY69: 収入項目名： | SGD69: 予定収入額： | SGG69: 収入項目名： | SGL69: 予定収入額： | SGO69: 収入項目名： | SGT69: 予定収入額： | SGW69: 収入項目名： | SHB69: 予定収入額： | SHE69: 収入項目名： | SHJ69: 予定収入額： | SHM69: 収入項目名： | SHR69: 予定収入額： | SHU69: 収入項目名： | SHZ69: 予定収入額： | SIC69: 収入項目名： | SIH69: 予定収入額： | SIK69: 収入項目名： | SIP69: 予定収入額： | SIS69: 収入項目名： | SIX69: 予定収入額： | SJA69: 収入項目名： | SJF69: 予定収入額： | SJI69: 収入項目名： | SJN69: 予定収入額： | SJQ69: 収入項目名： | SJV69: 予定収入額： | SJY69: 収入項目名： | SKD69: 予定収入額： | SKG69: 収入項目名： | SKL69: 予定収入額： | SKO69: 収入項目名： | SKT69: 予定収入額： | SKW69: 収入項目名： | SLB69: 予定収入額： | SLE69: 収入項目名： | SLJ69: 予定収入額： | SLM69: 収入項目名： | SLR69: 予定収入額： | SLU69: 収入項目名： | SLZ69: 予定収入額： | SMC69: 収入項目名： | SMH69: 予定収入額： | SMK69: 収入項目名： | SMP69: 予定収入額： | SMS69: 収入項目名： | SMX69: 予定収入額： | SNA69: 収入項目名： | SNF69: 予定収入額： | SNI69: 収入項目名： | SNN69: 予定収入額： | SNQ69: 収入項目名： | SNV69: 予定収入額： | SNY69: 収入項目名： | SOD69: 予定収入額： | SOG69: 収入項目名： | SOL69: 予定収入額： | SOO69: 収入項目名： | SOT69: 予定収入額： | SOW69: 収入項目名： | SPB69: 予定収入額： | SPE69: 収入項目名： | SPJ69: 予定収入額： | SPM69: 収入項目名： | SPR69: 予定収入額： | SPU69: 収入項目名： | SPZ69: 予定収入額： | SQC69: 収入項目名： | SQH69: 予定収入額： | SQK69: 収入項目名： | SQP69: 予定収入額： | SQS69: 収入項目名： | SQX69: 予定収入額： | SRA69: 収入項目名： | SRF69: 予定収入額： | SRI69: 収入項目名： | SRN69: 予定収入額： | SRQ69: 収入項目名： | SRV69: 予定収入額： | SRY69: 収入項目名： | SSD69: 予定収入額： | SSG69: 収入項目名： | SSL69: 予定収入額： | SSO69: 収入項目名： | SST69: 予定収入額： | SSW69: 収入項目名： | STB69: 予定収入額： | STE69: 収入項目名： | STJ69: 予定収入額： | STM69: 収入項目名： | STR69: 予定収入額： | STU69: 収入項目名： | STZ69: 予定収入額： | SUC69: 収入項目名： | SUH69: 予定収入額： | SUK69: 収入項目名： | SUP69: 予定収入額： | SUS69: 収入項目名： | SUX69: 予定収入額： | SVA69: 収入項目名： | SVF69: 予定収入額： | SVI69: 収入項目名： | SVN69: 予定収入額： | SVQ69: 収入項目名： | SVV69: 予定収入額： | SVY69: 収入項目名： | SWD69: 予定収入額： | SWG69: 収入項目名： | SWL69: 予定収入額： | SWO69: 収入項目名： | SWT69: 予定収入額： | SWW69: 収入項目名： | SXB69: 予定収入額： | SXE69: 収入項目名： | SXJ69: 予定収入額： | SXM69: 収入項目名： | SXR69: 予定収入額： | SXU69: 収入項目名： | SXZ69: 予定収入額： | SYC69: 収入項目名： | SYH69: 予定収入額： | SYK69: 収入項目名： | SYP69: 予定収入額： | SYS69: 収入項目名： | SYX69: 予定収入額： | SZA69: 収入項目名： | SZF69: 予定収入額： | SZI69: 収入項目名： | SZN69: 予定収入額： | SZQ69: 収入項目名： | SZV69: 予定収入額： | SZY69: 収入項目名： | TAD69: 予定収入額： | TAG69: 収入項目名： | TAL69: 予定収入額： | TAO69: 収入項目名： | TAT69: 予定収入額： | TAW69: 収入項目名： | TBB69: 予定収入額： | TBE69: 収入項目名： | TBJ69: 予定収入額： | TBM69: 収入項目名： | TBR69: 予定収入額： | TBU69: 収入項目名： | TBZ69: 予定収入額： | TCC69: 収入項目名： | TCH69: 予定収入額： | TCK69: 収入項目名： | TCP69: 予定収入額： | TCS69: 収入項目名： | TCX69: 予定収入額： | TDA69: 収入項目名： | TDF69: 予定収入額： | TDI69: 収入項目名： | TDN69: 予定収入額： | TDQ69: 収入項目名： | TDV69: 予定収入額： | TDY69: 収入項目名： | TED69: 予定収入額： | TEG69: 収入項目名： | TEL69: 予定収入額： | TEO69: 収入項目名： | TET69: 予定収入額： | TEW69: 収入項目名： | TFB69: 予定収入額： | TFE69: 収入項目名： | TFJ69: 予定収入額： | TFM69: 収入項目名： | TFR69: 予定収入額： | TFU69: 収入項目名： | TFZ69: 予定収入額： | TGC69: 収入項目名： | TGH69: 予定収入額： | TGK69: 収入項目名： | TGP69: 予定収入額： | TGS69: 収入項目名： | TGX69: 予定収入額： | THA69: 収入項目名： | THF69: 予定収入額： | THI69: 収入項目名： | THN69: 予定収入額： | THQ69: 収入項目名： | THV69: 予定収入額： | THY69: 収入項目名： | TID69: 予定収入額： | TIG69: 収入項目名： | TIL69: 予定収入額： | TIO69: 収入項目名： | TIT69: 予定収入額： | TIW69: 収入項目名： | TJB69: 予定収入額： | TJE69: 収入項目名： | TJJ69: 予定収入額： | TJM69: 収入項目名： | TJR69: 予定収入額： | TJU69: 収入項目名： | TJZ69: 予定収入額： | TKC69: 収入項目名： | TKH69: 予定収入額： | TKK69: 収入項目名： | TKP69: 予定収入額： | TKS69: 収入項目名： | TKX69: 予定収入額： | TLA69: 収入項目名： | TLF69: 予定収入額： | TLI69: 収入項目名： | TLN69: 予定収入額： | TLQ69: 収入項目名： | TLV69: 予定収入額： | TLY69: 収入項目名： | TMD69: 予定収入額： | TMG69: 収入項目名： | TML69: 予定収入額： | TMO69: 収入項目名： | TMT69: 予定収入額： | TMW69: 収入項目名： | TNB69: 予定収入額： | TNE69: 収入項目名： | TNJ69: 予定収入額： | TNM69: 収入項目名： | TNR69: 予定収入額： | TNU69: 収入項目名： | TNZ69: 予定収入額： | TOC69: 収入項目名： | TOH69: 予定収入額： | TOK69: 収入項目名： | TOP69: 予定収入額： | TOS69: 収入項目名： | TOX69: 予定収入額： | TPA69: 収入項目名： | TPF69: 予定収入額： | TPI69: 収入項目名： | TPN69: 予定収入額： | TPQ69: 収入項目名： | TPV69: 予定収入額： | TPY69: 収入項目名： | TQD69: 予定収入額： | TQG69: 収入項目名： | TQL69: 予定収入額： | TQO69: 収入項目名： | TQT69: 予定収入額： | TQW69: 収入項目名： | TRB69: 予定収入額： | TRE69: 収入項目名： | TRJ69: 予定収入額： | TRM69: 収入項目名： | TRR69: 予定収入額： | TRU69: 収入項目名： | TRZ69: 予定収入額： | TSC69: 収入項目名： | TSH69: 予定収入額： | TSK69: 収入項目名： | TSP69: 予定収入額： | TSS69: 収入項目名： | TSX69: 予定収入額： | TTA69: 収入項目名： | TTF69: 予定収入額： | TTI69: 収入項目名： | TTN69: 予定収入額： | TTQ69: 収入項目名： | TTV69: 予定収入額： | TTY69: 収入項目名： | TUD69: 予定収入額： | TUG69: 収入項目名： | TUL69: 予定収入額： | TUO69: 収入項目名： | TUT69: 予定収入額： | TUW69: 収入項目名： | TVB69: 予定収入額： | TVE69: 収入項目名： | TVJ69: 予定収入額： | TVM69: 収入項目名： | TVR69: 予定収入額： | TVU69: 収入項目名： | TVZ69: 予定収入額： | TWC69: 収入項目名： | TWH69: 予定収入額： | TWK69: 収入項目名： | TWP69: 予定収入額： | TWS69: 収入項目名： | TWX69: 予定収入額： | TXA69: 収入項目名： | TXF69: 予定収入額： | TXI69: 収入項目名： | TXN69: 予定収入額： | TXQ69: 収入項目名： | TXV69: 予定収入額： | TXY69: 収入項目名： | TYD69: 予定収入額： | TYG69: 収入項目名： | TYL69: 予定収入額： | TYO69: 収入項目名： | TYT69: 予定収入額： | TYW69: 収入項目名： | TZB69: 予定収入額： | TZE69: 収入項目名： | TZJ69: 予定収入額： | TZM69: 収入項目名： | TZR69: 予定収入額： | TZU69: 収入項目名： | TZZ69: 予定収入額： | UAC69: 収入項目名： | UAH69: 予定収入額： | UAK69: 収入項目名： | UAP69: 予定収入額： | UAS69: 収入項目名： | UAX69: 予定収入額： | UBA69: 収入項目名： | UBF69: 予定収入額： | UBI69: 収入項目名： | UBN69: 予定収入額： | UBQ69: 収入項目名： | UBV69: 予定収入額： | UBY69: 収入項目名： | UCD69: 予定収入額： | UCG69: 収入項目名： | UCL69: 予定収入額： | UCO69: 収入項目名： | UCT69: 予定収入額： | UCW69: 収入項目名： | UDB69: 予定収入額： | UDE69: 収入項目名： | UDJ69: 予定収入額： | UDM69: 収入項目名： | UDR69: 予定収入額： | UDU69: 収入項目名： | UDZ69: 予定収入額： | UEC69: 収入項目名： | UEH69: 予定収入額： | UEK69: 収入項目名： | UEP69: 予定収入額： | UES69: 収入項目名： | UEX69: 予定収入額： | UFA69: 収入項目名： | UFF69: 予定収入額： | UFI69: 収入項目名： | UFN69: 予定収入額： | UFQ69: 収入項目名： | UFV69: 予定収入額： | UFY69: 収入項目名： | UGD69: 予定収入額： | UGG69: 収入項目名： | UGL69: 予定収入額： | UGO69: 収入項目名： | UGT69: 予定収入額： | UGW69: 収入項目名： | UHB69: 予定収入額： | UHE69: 収入項目名： | UHJ69: 予定収入額： | UHM69: 収入項目名： | UHR69: 予定収入額： | UHU69: 収入項目名： | UHZ69: 予定収入額： | UIC69: 収入項目名： | UIH69: 予定収入額： | UIK69: 収入項目名： | UIP69: 予定収入額： | UIS69: 収入項目名： | UIX69: 予定収入額： | UJA69: 収入項目名： | UJF69: 予定収入額： | UJI69: 収入項目名： | UJN69: 予定収入額： | UJQ69: 収入項目名： | UJV69: 予定収入額： | UJY69: 収入項目名： | UKD69: 予定収入額： | UKG69: 収入項目名： | UKL69: 予定収入額： | UKO69: 収入項目名： | UKT69: 予定収入額： | UKW69: 収入項目名： | ULB69: 予定収入額： | ULE69: 収入項目名： | ULJ69: 予定収入額： | ULM69: 収入項目名： | ULR69: 予定収入額： | ULU69: 収入項目名： | ULZ69: 予定収入額： | UMC69: 収入項目名： | UMH69: 予定収入額： | UMK69: 収入項目名： | UMP69: 予定収入額： | UMS69: 収入項目名： | UMX69: 予定収入額： | UNA69: 収入項目名： | UNF69: 予定収入額： | UNI69: 収入項目名： | UNN69: 予定収入額： | UNQ69: 収入項目名： | UNV69: 予定収入額： | UNY69: 収入項目名： | UOD69: 予定収入額： | UOG69: 収入項目名： | UOL69: 予定収入額： | UOO69: 収入項目名： | UOT69: 予定収入額： | UOW69: 収入項目名： | UPB69: 予定収入額： | UPE69: 収入項目名： | UPJ69: 予定収入額： | UPM69: 収入項目名： | UPR69: 予定収入額： | UPU69: 収入項目名： | UPZ69: 予定収入額： | UQC69: 収入項目名： | UQH69: 予定収入額： | UQK69: 収入項目名： | UQP69: 予定収入額： | UQS69: 収入項目名： | UQX69: 予定収入額： | URA69: 収入項目名： | URF69: 予定収入額： | URI69: 収入項目名： | URN69: 予定収入額： | URQ69: 収入項目名： | URV69: 予定収入額： | URY69: 収入項目名： | USD69: 予定収入額： | USG69: 収入項目名： | USL69: 予定収入額： | USO69: 収入項目名： | UST69: 予定収入額： | USW69: 収入項目名： | UTB69: 予定収入額： | UTE69: 収入項目名： | UTJ69: 予定収入額： | UTM69: 収入項目名： | UTR69: 予定収入額： | UTU69: 収入項目名： | UTZ69: 予定収入額： | UUC69: 収入項目名： | UUH69: 予定収入額： | UUK69: 収入項目名： | UUP69: 予定収入額： | UUS69: 収入項目名： | UUX69: 予定収入額： | UVA69: 収入項目名： | UVF69: 予定収入額： | UVI69: 収入項目名： | UVN69: 予定収入額： | UVQ69: 収入項目名： | UVV69: 予定収入額： | UVY69: 収入項目名： | UWD69: 予定収入額： | UWG69: 収入項目名： | UWL69: 予定収入額： | UWO69: 収入項目名： | UWT69: 予定収入額： | UWW69: 収入項目名： | UXB69: 予定収入額： | UXE69: 収入項目名： | UXJ69: 予定収入額： | UXM69: 収入項目名： | UXR69: 予定収入額： | UXU69: 収入項目名： | UXZ69: 予定収入額： | UYC69: 収入項目名： | UYH69: 予定収入額： | UYK69: 収入項目名： | UYP69: 予定収入額： | UYS69: 収入項目名： | UYX69: 予定収入額： | UZA69: 収入項目名： | UZF69: 予定収入額： | UZI69: 収入項目名： | UZN69: 予定収入額： | UZQ69: 収入項目名： | UZV69: 予定収入額： | UZY69: 収入項目名： | VAD69: 予定収入額： | VAG69: 収入項目名： | VAL69: 予定収入額： | VAO69: 収入項目名： | VAT69: 予定収入額： | VAW69: 収入項目名： | VBB69: 予定収入額： | VBE69: 収入項目名： | VBJ69: 予定収入額： | VBM69: 収入項目名： | VBR69: 予定収入額： | VBU69: 収入項目名： | VBZ69: 予定収入額： | VCC69: 収入項目名： | VCH69: 予定収入額： | VCK69: 収入項目名： | VCP69: 予定収入額： | VCS69: 収入項目名： | VCX69: 予定収入額： | VDA69: 収入項目名： | VDF69: 予定収入額： | VDI69: 収入項目名： | VDN69: 予定収入額： | VDQ69: 収入項目名： | VDV69: 予定収入額： | VDY69: 収入項目名： | VED69: 予定収入額： | VEG69: 収入項目名： | VEL69: 予定収入額： | VEO69: 収入項目名： | VET69: 予定収入額： | VEW69: 収入項目名： | VFB69: 予定収入額： | VFE69: 収入項目名： | VFJ69: 予定収入額： | VFM69: 収入項目名： | VFR69: 予定収入額： | VFU69: 収入項目名： | VFZ69: 予定収入額： | VGC69: 収入項目名： | VGH69: 予定収入額： | VGK69: 収入項目名： | VGP69: 予定収入額： | VGS69: 収入項目名： | VGX69: 予定収入額： | VHA69: 収入項目名： | VHF69: 予定収入額： | VHI69: 収入項目名： | VHN69: 予定収入額： | VHQ69: 収入項目名： | VHV69: 予定収入額： | VHY69: 収入項目名： | VID69: 予定収入額： | VIG69: 収入項目名： | VIL69: 予定収入額： | VIO69: 収入項目名： | VIT69: 予定収入額： | VIW69: 収入項目名： | VJB69: 予定収入額： | VJE69: 収入項目名： | VJJ69: 予定収入額： | VJM69: 収入項目名： | VJR69: 予定収入額： | VJU69: 収入項目名： | VJZ69: 予定収入額： | VKC69: 収入項目名： | VKH69: 予定収入額： | VKK69: 収入項目名： | VKP69: 予定収入額： | VKS69: 収入項目名： | VKX69: 予定収入額： | VLA69: 収入項目名： | VLF69: 予定収入額： | VLI69: 収入項目名： | VLN69: 予定収入額： | VLQ69: 収入項目名： | VLV69: 予定収入額： | VLY69: 収入項目名： | VMD69: 予定収入額： | VMG69: 収入項目名： | VML69: 予定収入額： | VMO69: 収入項目名： | VMT69: 予定収入額： | VMW69: 収入項目名： | VNB69: 予定収入額： | VNE69: 収入項目名： | VNJ69: 予定収入額： | VNM69: 収入項目名： | VNR69: 予定収入額： | VNU69: 収入項目名： | VNZ69: 予定収入額： | VOC69: 収入項目名： | VOH69: 予定収入額： | VOK69: 収入項目名： | VOP69: 予定収入額： | VOS69: 収入項目名： | VOX69: 予定収入額： | VPA69: 収入項目名： | VPF69: 予定収入額： | VPI69: 収入項目名： | VPN69: 予定収入額： | VPQ69: 収入項目名： | VPV69: 予定収入額： | VPY69: 収入項目名： | VQD69: 予定収入額： | VQG69: 収入項目名： | VQL69: 予定収入額： | VQO69: 収入項目名： | VQT69: 予定収入額： | VQW69: 収入項目名： | VRB69: 予定収入額： | VRE69: 収入項目名： | VRJ69: 予定収入額： | VRM69: 収入項目名： | VRR69: 予定収入額： | VRU69: 収入項目名： | VRZ69: 予定収入額： | VSC69: 収入項目名： | VSH69: 予定収入額： | VSK69: 収入項目名： | VSP69: 予定収入額： | VSS69: 収入項目名： | VSX69: 予定収入額： | VTA69: 収入項目名： | VTF69: 予定収入額： | VTI69: 収入項目名： | VTN69: 予定収入額： | VTQ69: 収入項目名： | VTV69: 予定収入額： | VTY69: 収入項目名： | VUD69: 予定収入額： | VUG69: 収入項目名： | VUL69: 予定収入額： | VUO69: 収入項目名： | VUT69: 予定収入額： | VUW69: 収入項目名： | VVB69: 予定収入額： | VVE69: 収入項目名： | VVJ69: 予定収入額： | VVM69: 収入項目名： | VVR69: 予定収入額： | VVU69: 収入項目名： | VVZ69: 予定収入額： | VWC69: 収入項目名： | VWH69: 予定収入額： | VWK69: 収入項目名： | VWP69: 予定収入額： | VWS69: 収入項目名： | VWX69: 予定収入額： | VXA69: 収入項目名： | VXF69: 予定収入額： | VXI69: 収入項目名： | VXN69: 予定収入額： | VXQ69: 収入項目名： | VXV69: 予定収入額： | VXY69: 収入項目名： | VYD69: 予定収入額： | VYG69: 収入項目名： | VYL69: 予定収入額： | VYO69: 収入項目名： | VYT69: 予定収入額： | VYW69: 収入項目名： | VZB69: 予定収入額： | VZE69: 収入項目名： | VZJ69: 予定収入額： | VZM69: 収入項目名： | VZR69: 予定収入額： | VZU69: 収入項目名： | VZZ69: 予定収入額： | WAC69: 収入項目名： | WAH69: 予定収入額： | WAK69: 収入項目名： | WAP69: 予定収入額： | WAS69: 収入項目名： | WAX69: 予定収入額： | WBA69: 収入項目名： | WBF69: 予定収入額： | WBI69: 収入項目名： | WBN69: 予定収入額： | WBQ69: 収入項目名： | WBV69: 予定収入額： | WBY69: 収入項目名： | WCD69: 予定収入額： | WCG69: 収入項目名： | WCL69: 予定収入額： | WCO69: 収入項目名： | WCT69: 予定収入額： | WCW69: 収入項目名： | WDB69: 予定収入額： | WDE69: 収入項目名： | WDJ69: 予定収入額： | WDM69: 収入項目名： | WDR69: 予定収入額： | WDU69: 収入項目名： | WDZ69: 予定収入額： | WEC69: 収入項目名： | WEH69: 予定収入額： | WEK69: 収入項目名： | WEP69: 予定収入額： | WES69: 収入項目名： | WEX69: 予定収入額： | WFA69: 収入項目名： | WFF69: 予定収入額： | WFI69: 収入項目名： | WFN69: 予定収入額： | WFQ69: 収入項目名： | WFV69: 予定収入額： | WFY69: 収入項目名： | WGD69: 予定収入額： | WGG69: 収入項目名： | WGL69: 予定収入額： | WGO69: 収入項目名： | WGT69: 予定収入額： | WGW69: 収入項目名： | WHB69: 予定収入額： | WHE69: 収入項目名： | WHJ69: 予定収入額： | WHM69: 収入項目名： | WHR69: 予定収入額： | WHU69: 収入項目名： | WHZ69: 予定収入額： | WIC69: 収入項目名： | WIH69: 予定収入額： | WIK69: 収入項目名： | WIP69: 予定収入額： | WIS69: 収入項目名： | WIX69: 予定収入額： | WJA69: 収入項目名： | WJF69: 予定収入額： | WJI69: 収入項目名： | WJN69: 予定収入額： | WJQ69: 収入項目名： | WJV69: 予定収入額： | WJY69: 収入項目名： | WKD69: 予定収入額： | WKG69: 収入項目名： | WKL69: 予定収入額： | WKO69: 収入項目名： | WKT69: 予定収入額： | WKW69: 収入項目名： | WLB69: 予定収入額： | WLE69: 収入項目名： | WLJ69: 予定収入額： | WLM69: 収入項目名： | WLR69: 予定収入額： | WLU69: 収入項目名： | WLZ69: 予定収入額： | WMC69: 収入項目名： | WMH69: 予定収入額： | WMK69: 収入項目名： | WMP69: 予定収入額： | WMS69: 収入項目名： | WMX69: 予定収入額： | WNA69: 収入項目名： | WNF69: 予定収入額： | WNI69: 収入項目名： | WNN69: 予定収入額： | WNQ69: 収入項目名： | WNV69: 予定収入額： | WNY69: 収入項目名： | WOD69: 予定収入額： | WOG69: 収入項目名： | WOL69: 予定収入額： | WOO69: 収入項目名： | WOT69: 予定収入額： | WOW69: 収入項目名： | WPB69: 予定収入額： | WPE69: 収入項目名： | WPJ69: 予定収入額： | WPM69: 収入項目名： | WPR69: 予定収入額： | WPU69: 収入項目名： | WPZ69: 予定収入額： | WQC69: 収入項目名： | WQH69: 予定収入額： | WQK69: 収入項目名： | WQP69: 予定収入額： | WQS69: 収入項目名： | WQX69: 予定収入額： | WRA69: 収入項目名： | WRF69: 予定収入額： | WRI69: 収入項目名： | WRN69: 予定収入額： | WRQ69: 収入項目名： | WRV69: 予定収入額： | WRY69: 収入項目名： | WSD69: 予定収入額： | WSG69: 収入項目名： | WSL69: 予定収入額： | WSO69: 収入項目名： | WST69: 予定収入額： | WSW69: 収入項目名： | WTB69: 予定収入額： | WTE69: 収入項目名： | WTJ69: 予定収入額： | WTM69: 収入項目名： | WTR69: 予定収入額： | WTU69: 収入項目名： | WTZ69: 予定収入額： | WUC69: 収入項目名： | WUH69: 予定収入額： | WUK69: 収入項目名： | WUP69: 予定収入額： | WUS69: 収入項目名： | WUX69: 予定収入額： | WVA69: 収入項目名： | WVF69: 予定収入額： | WVI69: 収入項目名： | WVN69: 予定収入額： | WVQ69: 収入項目名： | WVV69: 予定収入額： | WVY69: 収入項目名： | WWD69: 予定収入額： | WWG69: 収入項目名： | WWL69: 予定収入額： | WWO69: 収入項目名： | WWT69: 予定収入額： | WWW69: 収入項目名： | WXB69: 予定収入額： | WXE69: 収入項目名： | WXJ69: 予定収入額： | WXM69: 収入項目名： | WXR69: 予定収入額： | WXU69: 収入項目名： | WXZ69: 予定収入額： | WYC69: 収入項目名： | WYH69: 予定収入額： | WYK69: 収入項目名： | WYP69: 予定収入額： | WYS69: 収入項目名： | WYX69: 予定収入額： | WZA69: 収入項目名： | WZF69: 予定収入額： | WZI69: 収入項目名： | WZN69: 予定収入額： | WZQ69: 収入項目名： | WZV69: 予定収入額： | WZY69: 収入項目名： | XAD69: 予定収入額： | XAG69: 収入項目名： | XAL69: 予定収入額： | XAO69: 収入項目名： | XAT69: 予定収入額： | XAW69: 収入項目名： | XBB69: 予定収入額： | XBE69: 収入項目名： | XBJ69: 予定収入額： | XBM69: 収入項目名： | XBR69: 予定収入額： | XBU69: 収入項目名： | XBZ69: 予定収入額： | XCC69: 収入項目名： | XCH69: 予定収入額： | XCK69: 収入項目名： | XCP69: 予定収入額： | XCS69: 収入項目名： | XCX69: 予定収入額： | XDA69: 収入項目名： | XDF69: 予定収入額： | XDI69: 収入項目名： | XDN69: 予定収入額： | XDQ69: 収入項目名： | XDV69: 予定収入額： | XDY69: 収入項目名： | XED69: 予定収入額： | XEG69: 収入項目名： | XEL69: 予定収入額： | XEO69: 収入項目名： | XET69: 予定収入額： | XEW69: 収入項目名： | XFB69: 予定収入額：
